Workbook

Sheet Emp.1
D1: Mois | E1: SemFin | F1: di | G1: lu | H1: ma | I1: me | J1: je | K1: ve | L1: sa | M1: Rég | N1: hr | O1: HrCCQ | P1: Sal. Brut | Q1: Vacanc | R1: Total rén | S1: Av.impos | T1: Total | U1: R.R.Q. | V1: Cumul. | W1: AssEmploi | X1: Gainsass | Y1: RQAP | Z1: PrélCCQ | AA1: cotis.synd | AB1: Avant.Soc | AC1: Sal/admféd | AD1: Impôt féd | AE1: Sal/admpr | AF1: Impôt prov. | AG1: Vacanc | AH1: Déduction | AI1: TOTAL | AJ1: Équip | AK1: Sal. net | AL1: RQAPempl | AM1: Av.soc.empl | AN1: Tx ass | AO1: cont.secto | AQ1: calcul
D2: janvier | E2: 5 | O2: 0 | R2: =SUM(P2,Q2) -> 0 | T2: =SUM(R2,S2) -> 0 | U2: =IF(AQ2<0,0,(T2-67.3)*0.057) -> 0 | Y2: =R2*0.494% -> 0 | AC2: =R2-Z2-AA2-AB2 -> 0 | AD2: =IF(P2=0,0,IF(VLOOKUP(AC2,'Table 52'!$A$2:$B$384,2,TRUE)>=VLOOKUP(Emp.1!AC2,'Table 52'!$C$2:$D$384,2,TRUE),MAX(VLOOKUP(Emp.1!AC2,'Table 52'!$A$2:$B$384,2,TRUE),VLOOKUP(Emp.1!AC2,'Table 52'!$C$2:$D$384,2,TRUE)),0)+55) -> 0 | AE2: =T2-AB2 -> 0 | AF2: =IF(P2=0,0,IF(VLOOKUP(AE2,'Table 52'!$E$2:$F$276,2,TRUE)>=VLOOKUP(Emp.1!AE2,'Table 52'!$G$2:$H$276,2,TRUE),MAX(VLOOKUP(Emp.1!AE2,'Table 52'!$E$2:$F$276,2,TRUE),VLOOKUP(Emp.1!AE2,'Table 52'!$G$2:$H$276,2,TRUE)),0)+100) -> 0 | AG2: =Q2 -> 0 | AH2: =SUM(U2,W2,Y2,Z2,AA2,AB2,AD2,AF2,AG2) -> 0 | AI2: =R2-AH2 -> 0 | AJ2: =O2*0.6 -> 0 | AK2: =AI2+AJ2 -> 0 | AL2: =R2*0.692% -> 0 | AQ2: =(T2-67.3)*0.057 -> -3.8361
D3: janvier | E3: 14 | R3: =SUM(P3,Q3) -> 0 | T3: =SUM(R3,S3) -> 0 | U3: =IF(AQ3<0,0,(T3-67.3)*0.057) -> 0 | Y3: =R3*0.494% -> 0 | AC3: =R3-Z3-AA3-AB3 -> 0 | AD3: =IF(P3=0,0,IF(VLOOKUP(AC3,'Table 52'!$A$2:$B$384,2,TRUE)>=VLOOKUP(Emp.1!AC3,'Table 52'!$C$2:$D$384,2,TRUE),MAX(VLOOKUP(Emp.1!AC3,'Table 52'!$A$2:$B$384,2,TRUE),VLOOKUP(Emp.1!AC3,'Table 52'!$C$2:$D$384,2,TRUE)),0)+55) -> 0 | AE3: =T3-AB3 -> 0 | AF3: =IF(P3=0,0,IF(VLOOKUP(AE3,'Table 52'!$E$2:$F$276,2,TRUE)>=VLOOKUP(Emp.1!AE3,'Table 52'!$G$2:$H$276,2,TRUE),MAX(VLOOKUP(Emp.1!AE3,'Table 52'!$E$2:$F$276,2,TRUE),VLOOKUP(Emp.1!AE3,'Table 52'!$G$2:$H$276,2,TRUE)),0)+100) -> 0 | AG3: =Q3 -> 0 | AH3: =SUM(U3,W3,Y3,Z3,AA3,AB3,AD3,AF3,AG3) -> 0 | AI3: =R3-AH3 -> 0 | AJ3: =O3*0.6 -> 0 | AK3: =AI3+AJ3 -> 0 | AL3: =R3*0.692% -> 0 | AQ3: =(T3-67.3)*0.057 -> -3.8361
D4: janvier | E4: 18 | R4: =SUM(P4,Q4) -> 0 | T4: =SUM(R4,S4) -> 0 | U4: =IF(AQ4<0,0,(T4-67.3)*0.057) -> 0 | Y4: =R4*0.494% -> 0 | AC4: =R4-Z4-AA4-AB4 -> 0 | AD4: =IF(P4=0,0,IF(VLOOKUP(AC4,'Table 52'!$A$2:$B$384,2,TRUE)>=VLOOKUP(Emp.1!AC4,'Table 52'!$C$2:$D$384,2,TRUE),MAX(VLOOKUP(Emp.1!AC4,'Table 52'!$A$2:$B$384,2,TRUE),VLOOKUP(Emp.1!AC4,'Table 52'!$C$2:$D$384,2,TRUE)),0)+55) -> 0 | AE4: =T4-AB4 -> 0 | AF4: =IF(P4=0,0,IF(VLOOKUP(AE4,'Table 52'!$E$2:$F$276,2,TRUE)>=VLOOKUP(Emp.1!AE4,'Table 52'!$G$2:$H$276,2,TRUE),MAX(VLOOKUP(Emp.1!AE4,'Table 52'!$E$2:$F$276,2,TRUE),VLOOKUP(Emp.1!AE4,'Table 52'!$G$2:$H$276,2,TRUE)),0)+100) -> 0 | AG4: =Q4 -> 0 | AH4: =SUM(U4,W4,Y4,Z4,AA4,AB4,AD4,AF4,AG4) -> 0 | AI4: =R4-AH4 -> 0 | AJ4: =O4*0.6 -> 0 | AK4: =AI4+AJ4 -> 0 | AL4: =R4*0.692% -> 0 | AQ4: =(T4-67.3)*0.057 -> -3.8361
D5: janvier | E5: 22 | R5: =SUM(P5,Q5) -> 0 | T5: =SUM(R5,S5) -> 0 | U5: =IF(AQ5<0,0,(T5-67.3)*0.057) -> 0 | Y5: =R5*0.494% -> 0 | AC5: =R5-Z5-AA5-AB5 -> 0 | AD5: =IF(P5=0,0,IF(VLOOKUP(AC5,'Table 52'!$A$2:$B$384,2,TRUE)>=VLOOKUP(Emp.1!AC5,'Table 52'!$C$2:$D$384,2,TRUE),MAX(VLOOKUP(Emp.1!AC5,'Table 52'!$A$2:$B$384,2,TRUE),VLOOKUP(Emp.1!AC5,'Table 52'!$C$2:$D$384,2,TRUE)),0)+55) -> 0 | AE5: =T5-AB5 -> 0 | AF5: =IF(P5=0,0,IF(VLOOKUP(AE5,'Table 52'!$E$2:$F$276,2,TRUE)>=VLOOKUP(Emp.1!AE5,'Table 52'!$G$2:$H$276,2,TRUE),MAX(VLOOKUP(Emp.1!AE5,'Table 52'!$E$2:$F$276,2,TRUE),VLOOKUP(Emp.1!AE5,'Table 52'!$G$2:$H$276,2,TRUE)),0)+100) -> 0 | AG5: =Q5 -> 0 | AH5: =SUM(U5,W5,Y5,Z5,AA5,AB5,AD5,AF5,AG5) -> 0 | AI5: =R5-AH5 -> 0 | AJ5: =O5*0.6 -> 0 | AK5: =AI5+AJ5 -> 0 | AL5: =R5*0.692% -> 0 | AQ5: =(T5-67.3)*0.057 -> -3.8361
D6: janvier | E6: 25 | O6: 0 | R6: =SUM(P6,Q6) -> 0 | T6: =SUM(R6,S6) -> 0 | U6: =IF(AQ6<0,0,(T6-67.3)*0.057) -> 0 | W6: 0 | Y6: =R6*0.494% -> 0 | AC6: =R6-Z6-AA6-AB6 -> 0 | AD6: =IF(P6=0,0,IF(VLOOKUP(AC6,'Table 52'!$A$2:$B$384,2,TRUE)>=VLOOKUP(Emp.1!AC6,'Table 52'!$C$2:$D$384,2,TRUE),MAX(VLOOKUP(Emp.1!AC6,'Table 52'!$A$2:$B$384,2,TRUE),VLOOKUP(Emp.1!AC6,'Table 52'!$C$2:$D$384,2,TRUE)),0)+55) -> 0 | AE6: =T6-AB6 -> 0 | AF6: =IF(P6=0,0,IF(VLOOKUP(AE6,'Table 52'!$E$2:$F$276,2,TRUE)>=VLOOKUP(Emp.1!AE6,'Table 52'!$G$2:$H$276,2,TRUE),MAX(VLOOKUP(Emp.1!AE6,'Table 52'!$E$2:$F$276,2,TRUE),VLOOKUP(Emp.1!AE6,'Table 52'!$G$2:$H$276,2,TRUE)),0)+100) -> 0 | AG6: =Q6 -> 0 | AH6: =SUM(AD6+AF6+U6+W6+Y6+Z6+AA6+AB6+AG6) -> 0 | AI6: =R6-AH6 -> 0 | AJ6: =O6*0.6 -> 0 | AK6: =AI6+AJ6 -> 0 | AL6: =R6*0.692% -> 0 | AQ6: =(T6-67.3)*0.057 -> -3.8361
D7: Total mois | O7: =SUM(O2:O6) -> 0 | P7: =SUM(P2:P6) -> 0 | Q7: =SUM(Q2:Q6) -> 0 | R7: =SUM(R2:R6) -> 0 | S7: =SUM(S2:S6) -> 0 | T7: =SUM(T2:T6) -> 0 | U7: =SUM(U2:U6) -> 0 | V7: =SUM(V2:V6) -> 0 | ... AP7: =SUM(AP2:AP6) -> 0
R8: =P8+Q8 -> 0 | T8: =R8+S8 -> 0 | Y8: =R8*0.559% -> 0 | Z8: =R8*0.75% -> 0 | AL8: =R8*0.752% -> 0 | AM8: =O8*5.335 -> 0 | AN8: =2*O8 -> 0
D9: Février | E9: 28 | O9: 0 | R9: =SUM(P9,Q9) -> 0 | T9: =SUM(R9,S9) -> 0 | U9: =IF(AQ9<0,0,(T9-67.3)*0.057) -> 0 | Y9: =R9*0.494% -> 0 | AC9: =R9-Z9-AA9-AB9 -> 0 | AD9: =IF(P9=0,0,IF(VLOOKUP(AC9,'Table 52'!$A$2:$B$384,2,TRUE)>=VLOOKUP(Emp.1!AC9,'Table 52'!$C$2:$D$384,2,TRUE),MAX(VLOOKUP(Emp.1!AC9,'Table 52'!$A$2:$B$384,2,TRUE),VLOOKUP(Emp.1!AC9,'Table 52'!$C$2:$D$384,2,TRUE)),0)+55) -> 0 | AE9: =T9-AB9 -> 0 | AF9: =IF(P9=0,0,IF(VLOOKUP(AE9,'Table 52'!$E$2:$F$276,2,TRUE)>=VLOOKUP(Emp.1!AE9,'Table 52'!$G$2:$H$276,2,TRUE),MAX(VLOOKUP(Emp.1!AE9,'Table 52'!$E$2:$F$276,2,TRUE),VLOOKUP(Emp.1!AE9,'Table 52'!$G$2:$H$276,2,TRUE)),0)+100) -> 0 | AG9: =Q9 -> 0 | AH9: =SUM(U9,W9,Y9,Z9,AA9,AB9,AD9,AF9,AG9) -> 0 | AI9: =R9-AH9 -> 0 | AJ9: =O9*0.6 -> 0 | AK9: =AI9+AJ9 -> 0 | AL9: =R9*0.692% -> 0 | AQ9: =(T9-67.3)*0.057 -> -3.8361
D10: Février | R10: =SUM(P10,Q10) -> 0 | T10: =SUM(R10,S10) -> 0 | U10: =IF(AQ10<0,0,(T10-67.3)*0.057) -> 0 | Y10: =R10*0.494% -> 0 | AC10: =R10-Z10-AA10-AB10 -> 0 | AD10: =IF(P10=0,0,IF(VLOOKUP(AC10,'Table 52'!$A$2:$B$384,2,TRUE)>=VLOOKUP(Emp.1!AC10,'Table 52'!$C$2:$D$384,2,TRUE),MAX(VLOOKUP(Emp.1!AC10,'Table 52'!$A$2:$B$384,2,TRUE),VLOOKUP(Emp.1!AC10,'Table 52'!$C$2:$D$384,2,TRUE)),0)+55) -> 0 | AE10: =T10-AB10 -> 0 | AF10: =IF(P10=0,0,IF(VLOOKUP(AE10,'Table 52'!$E$2:$F$276,2,TRUE)>=VLOOKUP(Emp.1!AE10,'Table 52'!$G$2:$H$276,2,TRUE),MAX(VLOOKUP(Emp.1!AE10,'Table 52'!$E$2:$F$276,2,TRUE),VLOOKUP(Emp.1!AE10,'Table 52'!$G$2:$H$276,2,TRUE)),0)+100) -> 0 | AG10: =Q10 -> 0 | AH10: =SUM(U10,W10,Y10,Z10,AA10,AB10,AD10,AF10,AG10) -> 0 | AI10: =R10-AH10 -> 0 | AJ10: =O10*0.6 -> 0 | AK10: =AI10+AJ10 -> 0 | AL10: =R10*0.692% -> 0 | AQ10: =(T10-67.3)*0.057 -> -3.8361
D11: Février | R11: =SUM(P11,Q11) -> 0 | T11: =SUM(R11,S11) -> 0 | U11: =IF(AQ11<0,0,(T11-67.3)*0.057) -> 0 | Y11: =R11*0.494% -> 0 | AC11: =R11-Z11-AA11-AB11 -> 0 | AD11: =IF(P11=0,0,IF(VLOOKUP(AC11,'Table 52'!$A$2:$B$384,2,TRUE)>=VLOOKUP(Emp.1!AC11,'Table 52'!$C$2:$D$384,2,TRUE),MAX(VLOOKUP(Emp.1!AC11,'Table 52'!$A$2:$B$384,2,TRUE),VLOOKUP(Emp.1!AC11,'Table 52'!$C$2:$D$384,2,TRUE)),0)+55) -> 0 | AE11: =T11-AB11 -> 0 | AF11: =IF(P11=0,0,IF(VLOOKUP(AE11,'Table 52'!$E$2:$F$276,2,TRUE)>=VLOOKUP(Emp.1!AE11,'Table 52'!$G$2:$H$276,2,TRUE),MAX(VLOOKUP(Emp.1!AE11,'Table 52'!$E$2:$F$276,2,TRUE),VLOOKUP(Emp.1!AE11,'Table 52'!$G$2:$H$276,2,TRUE)),0)+100) -> 0 | AG11: =Q11 -> 0 | AH11: =SUM(U11,W11,Y11,Z11,AA11,AB11,AD11,AF11,AG11) -> 0 | AI11: =R11-AH11 -> 0 | AJ11: =O11*0.6 -> 0 | AK11: =AI11+AJ11 -> 0 | AL11: =R11*0.692% -> 0 | AQ11: =(T11-67.3)*0.057 -> -3.8361
D12: Février | E12: 11 | R12: =SUM(P12,Q12) -> 0 | T12: =SUM(R12,S12) -> 0 | U12: =IF(AQ12<0,0,(T12-67.3)*0.057) -> 0 | Y12: =R12*0.494% -> 0 | AC12: =R12-Z12-AA12-AB12 -> 0 | AD12: =IF(P12=0,0,IF(VLOOKUP(AC12,'Table 52'!$A$2:$B$384,2,TRUE)>=VLOOKUP(Emp.1!AC12,'Table 52'!$C$2:$D$384,2,TRUE),MAX(VLOOKUP(Emp.1!AC12,'Table 52'!$A$2:$B$384,2,TRUE),VLOOKUP(Emp.1!AC12,'Table 52'!$C$2:$D$384,2,TRUE)),0)+55) -> 0 | AE12: =T12-AB12 -> 0 | AF12: =IF(P12=0,0,IF(VLOOKUP(AE12,'Table 52'!$E$2:$F$276,2,TRUE)>=VLOOKUP(Emp.1!AE12,'Table 52'!$G$2:$H$276,2,TRUE),MAX(VLOOKUP(Emp.1!AE12,'Table 52'!$E$2:$F$276,2,TRUE),VLOOKUP(Emp.1!AE12,'Table 52'!$G$2:$H$276,2,TRUE)),0)+100) -> 0 | AG12: =Q12 -> 0 | AH12: =SUM(U12,W12,Y12,Z12,AA12,AB12,AD12,AF12,AG12) -> 0 | AI12: =R12-AH12 -> 0 | AJ12: =O12*0.6 -> 0 | AK12: =AI12+AJ12 -> 0 | AL12: =R12*0.692% -> 0 | AQ12: =(T12-67.3)*0.057 -> -3.8361
D14: Total mois | O14: =SUM(O10:O12) -> 0 | P14: =SUM(P9:P13) -> 0 | Q14: =SUM(Q9:Q13) -> 0 | R14: =SUM(R9:R13) -> 0 | S14: =SUM(S9:S13) -> 0 | T14: =SUM(T9:T13) -> 0 | U14: =SUM(U9:U13) -> 0 | V14: =SUM(V9:V13) -> 0 | W14: =SUM(W9:W13) -> 0 | ... AL14: =SUM(AL9:AL13) -> 0 | AM14: =SUM(AM8:AM12) -> 0 | AN14: =SUM(AN9:AN12) -> 0 | AO14: =SUM(AO9:AO12) -> 0
R15: =P15+Q15 -> 0 | T15: =R15+S15 -> 0 | Y15: =R15*0.559% -> 0 | Z15: =R15*0.75% -> 0 | AB15: =0.8*O15 -> 0 | AL15: =R15*0.752% -> 0 | AM15: =O15*5.335 -> 0 | AN15: =2*O15 -> 0
D16: Mars | E16: 8 | R16: =SUM(P16,Q16) -> 0 | T16: =SUM(R16,S16) -> 0 | U16: =IF(AQ16<0,0,(T16-67.3)*0.057) -> 0 | Y16: =R16*0.494% -> 0 | AC16: =R16-Z16-AA16-AB16 -> 0 | AD16: =IF(P16=0,0,IF(VLOOKUP(AC16,'Table 52'!$A$2:$B$384,2,TRUE)>=VLOOKUP(Emp.1!AC16,'Table 52'!$C$2:$D$384,2,TRUE),MAX(VLOOKUP(Emp.1!AC16,'Table 52'!$A$2:$B$384,2,TRUE),VLOOKUP(Emp.1!AC16,'Table 52'!$C$2:$D$384,2,TRUE)),0)+55) -> 0 | AE16: =T16-AB16 -> 0 | AF16: =IF(P16=0,0,IF(VLOOKUP(AE16,'Table 52'!$E$2:$F$276,2,TRUE)>=VLOOKUP(Emp.1!AE16,'Table 52'!$G$2:$H$276,2,TRUE),MAX(VLOOKUP(Emp.1!AE16,'Table 52'!$E$2:$F$276,2,TRUE),VLOOKUP(Emp.1!AE16,'Table 52'!$G$2:$H$276,2,TRUE)),0)+100) -> 0 | AG16: =Q16 -> 0 | AH16: =SUM(U16,W16,Y16,Z16,AA16,AB16,AD16,AF16,AG16) -> 0 | AI16: =R16-AH16 -> 0 | AJ16: =O16*0.6 -> 0 | AK16: =AI16+AJ16 -> 0 | AL16: =R16*0.692% -> 0 | AQ16: =(T16-67.3)*0.057 -> -3.8361
D17: Mars | E17: 12 | R17: =SUM(P17,Q17) -> 0 | T17: =SUM(R17,S17) -> 0 | U17: =IF(AQ17<0,0,(T17-67.3)*0.057) -> 0 | Y17: =R17*0.494% -> 0 | AC17: =R17-Z17-AA17-AB17 -> 0 | AD17: =IF(P17=0,0,IF(VLOOKUP(AC17,'Table 52'!$A$2:$B$384,2,TRUE)>=VLOOKUP(Emp.1!AC17,'Table 52'!$C$2:$D$384,2,TRUE),MAX(VLOOKUP(Emp.1!AC17,'Table 52'!$A$2:$B$384,2,TRUE),VLOOKUP(Emp.1!AC17,'Table 52'!$C$2:$D$384,2,TRUE)),0)+55) -> 0 | AE17: =T17-AB17 -> 0 | AF17: =IF(P17=0,0,IF(VLOOKUP(AE17,'Table 52'!$E$2:$F$276,2,TRUE)>=VLOOKUP(Emp.1!AE17,'Table 52'!$G$2:$H$276,2,TRUE),MAX(VLOOKUP(Emp.1!AE17,'Table 52'!$E$2:$F$276,2,TRUE),VLOOKUP(Emp.1!AE17,'Table 52'!$G$2:$H$276,2,TRUE)),0)+100) -> 0 | AG17: =Q17 -> 0 | AH17: =SUM(U17,W17,Y17,Z17,AA17,AB17,AD17,AF17,AG17) -> 0 | AI17: =R17-AH17 -> 0 | AJ17: =O17*0.6 -> 0 | AK17: =AI17+AJ17 -> 0 | AL17: =R17*0.692% -> 0 | AQ17: =(T17-67.3)*0.057 -> -3.8361
D18: Mars | R18: =SUM(P18,Q18) -> 0 | T18: =SUM(R18,S18) -> 0 | U18: =IF(AQ18<0,0,(T18-67.3)*0.057) -> 0 | Y18: =R18*0.494% -> 0 | AC18: =R18-Z18-AA18-AB18 -> 0 | AD18: =IF(P18=0,0,IF(VLOOKUP(AC18,'Table 52'!$A$2:$B$384,2,TRUE)>=VLOOKUP(Emp.1!AC18,'Table 52'!$C$2:$D$384,2,TRUE),MAX(VLOOKUP(Emp.1!AC18,'Table 52'!$A$2:$B$384,2,TRUE),VLOOKUP(Emp.1!AC18,'Table 52'!$C$2:$D$384,2,TRUE)),0)+55) -> 0 | AE18: =T18-AB18 -> 0 | AF18: =IF(P18=0,0,IF(VLOOKUP(AE18,'Table 52'!$E$2:$F$276,2,TRUE)>=VLOOKUP(Emp.1!AE18,'Table 52'!$G$2:$H$276,2,TRUE),MAX(VLOOKUP(Emp.1!AE18,'Table 52'!$E$2:$F$276,2,TRUE),VLOOKUP(Emp.1!AE18,'Table 52'!$G$2:$H$276,2,TRUE)),0)+100) -> 0 | AG18: =Q18 -> 0 | AH18: =SUM(U18,W18,Y18,Z18,AA18,AB18,AD18,AF18,AG18) -> 0 | AI18: =R18-AH18 -> 0 | AJ18: =O18*0.6 -> 0 | AK18: =AI18+AJ18 -> 0 | AL18: =R18*0.692% -> 0 | AQ18: =(T18-67.3)*0.057 -> -3.8361
D19: Mars | R19: =SUM(P19,Q19) -> 0 | T19: =SUM(R19,S19) -> 0 | U19: =IF(AQ19<0,0,(T19-67.3)*0.057) -> 0 | Y19: =R19*0.494% -> 0 | AC19: =R19-Z19-AA19-AB19 -> 0 | AD19: =IF(P19=0,0,IF(VLOOKUP(AC19,'Table 52'!$A$2:$B$384,2,TRUE)>=VLOOKUP(Emp.1!AC19,'Table 52'!$C$2:$D$384,2,TRUE),MAX(VLOOKUP(Emp.1!AC19,'Table 52'!$A$2:$B$384,2,TRUE),VLOOKUP(Emp.1!AC19,'Table 52'!$C$2:$D$384,2,TRUE)),0)+55) -> 0 | AE19: =T19-AB19 -> 0 | AF19: =IF(P19=0,0,IF(VLOOKUP(AE19,'Table 52'!$E$2:$F$276,2,TRUE)>=VLOOKUP(Emp.1!AE19,'Table 52'!$G$2:$H$276,2,TRUE),MAX(VLOOKUP(Emp.1!AE19,'Table 52'!$E$2:$F$276,2,TRUE),VLOOKUP(Emp.1!AE19,'Table 52'!$G$2:$H$276,2,TRUE)),0)+100) -> 0 | AG19: =Q19 -> 0 | AH19: =SUM(U19,W19,Y19,Z19,AA19,AB19,AD19,AF19,AG19) -> 0 | AI19: =R19-AH19 -> 0 | AJ19: =O19*0.6 -> 0 | AK19: =AI19+AJ19 -> 0 | AL19: =R19*0.692% -> 0 | AQ19: =(T19-67.3)*0.057 -> -3.8361
D20: Mars | Q20: =P20*13% -> 0 | R20: =SUM(P20,Q20) -> 0 | T20: =SUM(R20,S20) -> 0 | U20: =IF(AQ20<0,0,(T20-67.3)*0.057) -> 0 | W20: 0 | Y20: =R20*0.494% -> 0 | Z20: =R20*0.75% -> 0 | AC20: =R20-Z20-AA20-AB20 -> 0 | AD20: =IF(P20=0,0,IF(VLOOKUP(AC20,'Table 52'!$A$2:$B$384,2,TRUE)>=VLOOKUP(Emp.1!AC20,'Table 52'!$C$2:$D$384,2,TRUE),MAX(VLOOKUP(Emp.1!AC20,'Table 52'!$A$2:$B$384,2,TRUE),VLOOKUP(Emp.1!AC20,'Table 52'!$C$2:$D$384,2,TRUE)),0)+55) -> 0 | AE20: =T20-AB20 -> 0 | AF20: =IF(P20=0,0,IF(VLOOKUP(AE20,'Table 52'!$E$2:$F$276,2,TRUE)>=VLOOKUP(Emp.1!AE20,'Table 52'!$G$2:$H$276,2,TRUE),MAX(VLOOKUP(Emp.1!AE20,'Table 52'!$E$2:$F$276,2,TRUE),VLOOKUP(Emp.1!AE20,'Table 52'!$G$2:$H$276,2,TRUE)),0)+100) -> 0 | AL20: =R20*0.692% -> 0 | AQ20: =(T20-67.3)*0.057 -> -3.8361
D21: Total mois | P21: =SUM(P16:P20) -> 0 | Q21: =SUM(Q16:Q20) -> 0 | R21: =SUM(R16:R20) -> 0 | S21: =SUM(S16:S20) -> 0 | T21: =SUM(T16:T20) -> 0 | U21: =SUM(U16:U20) -> 0 | V21: =SUM(V16:V20) -> 0 | W21: =SUM(W16:W20) -> 0 | ... AO21: =SUM(AO16:AO20) -> 0
Q22: =P22*13% -> 0 | R22: =P22+Q22 -> 0 | T22: =R22+S22 -> 0 | Y22: =R22*0.559% -> 0 | AC22: =R22-Z22-AA22-AB22 -> 0 | AL22: =R22*0.752% -> 0 | AM22: =O22*5.335 -> 0 | AN22: =2*O22 -> 0
D23: Avril | R23: =SUM(P23,Q23) -> 0 | T23: =SUM(R23,S23) -> 0 | U23: =IF(AQ23<0,0,(T23-67.3)*0.057) -> 0 | Y23: =R23*0.494% -> 0 | AC23: =R23-Z23-AA23-AB23 -> 0 | AD23: =IF(P23=0,0,IF(VLOOKUP(AC23,'Table 52'!$A$2:$B$384,2,TRUE)>=VLOOKUP(Emp.1!AC23,'Table 52'!$C$2:$D$384,2,TRUE),MAX(VLOOKUP(Emp.1!AC23,'Table 52'!$A$2:$B$384,2,TRUE),VLOOKUP(Emp.1!AC23,'Table 52'!$C$2:$D$384,2,TRUE)),0)+55) -> 0 | AE23: =T23-AB23 -> 0 | AF23: =IF(P23=0,0,IF(VLOOKUP(AE23,'Table 52'!$E$2:$F$276,2,TRUE)>=VLOOKUP(Emp.1!AE23,'Table 52'!$G$2:$H$276,2,TRUE),MAX(VLOOKUP(Emp.1!AE23,'Table 52'!$E$2:$F$276,2,TRUE),VLOOKUP(Emp.1!AE23,'Table 52'!$G$2:$H$276,2,TRUE)),0)+100) -> 0 | AG23: =Q23 -> 0 | AH23: =SUM(U23,W23,Y23,Z23,AA23,AB23,AD23,AF23,AG23) -> 0 | AI23: =R23-AH23 -> 0 | AJ23: =O23*0.6 -> 0 | AK23: =AI23+AJ23 -> 0 | AL23: =R23*0.692% -> 0 | AQ23: =(T23-67.3)*0.057 -> -3.8361
D24: Avril | E24: 12 | R24: =SUM(P24,Q24) -> 0 | T24: =SUM(R24,S24) -> 0 | U24: =IF(AQ24<0,0,(T24-67.3)*0.057) -> 0 | Y24: =R24*0.494% -> 0 | AC24: =R24-Z24-AA24-AB24 -> 0 | AD24: =IF(P24=0,0,IF(VLOOKUP(AC24,'Table 52'!$A$2:$B$384,2,TRUE)>=VLOOKUP(Emp.1!AC24,'Table 52'!$C$2:$D$384,2,TRUE),MAX(VLOOKUP(Emp.1!AC24,'Table 52'!$A$2:$B$384,2,TRUE),VLOOKUP(Emp.1!AC24,'Table 52'!$C$2:$D$384,2,TRUE)),0)+55) -> 0 | AE24: =T24-AB24 -> 0 | AF24: =IF(P24=0,0,IF(VLOOKUP(AE24,'Table 52'!$E$2:$F$276,2,TRUE)>=VLOOKUP(Emp.1!AE24,'Table 52'!$G$2:$H$276,2,TRUE),MAX(VLOOKUP(Emp.1!AE24,'Table 52'!$E$2:$F$276,2,TRUE),VLOOKUP(Emp.1!AE24,'Table 52'!$G$2:$H$276,2,TRUE)),0)+100) -> 0 | AG24: =Q24 -> 0 | AH24: =SUM(U24,W24,Y24,Z24,AA24,AB24,AD24,AF24,AG24) -> 0 | AI24: =R24-AH24 -> 0 | AJ24: =O24*0.6 -> 0 | AK24: =AI24+AJ24 -> 0 | AL24: =R24*0.692% -> 0 | AQ24: =(T24-67.3)*0.057 -> -3.8361
D25: Avril | R25: =SUM(P25,Q25) -> 0 | T25: =SUM(R25,S25) -> 0 | U25: =IF(AQ25<0,0,(T25-67.3)*0.057) -> 0 | Y25: =R25*0.494% -> 0 | AC25: =R25-Z25-AA25-AB25 -> 0 | AD25: =IF(P25=0,0,IF(VLOOKUP(AC25,'Table 52'!$A$2:$B$384,2,TRUE)>=VLOOKUP(Emp.1!AC25,'Table 52'!$C$2:$D$384,2,TRUE),MAX(VLOOKUP(Emp.1!AC25,'Table 52'!$A$2:$B$384,2,TRUE),VLOOKUP(Emp.1!AC25,'Table 52'!$C$2:$D$384,2,TRUE)),0)+55) -> 0 | AE25: =T25-AB25 -> 0 | AF25: =IF(P25=0,0,IF(VLOOKUP(AE25,'Table 52'!$E$2:$F$276,2,TRUE)>=VLOOKUP(Emp.1!AE25,'Table 52'!$G$2:$H$276,2,TRUE),MAX(VLOOKUP(Emp.1!AE25,'Table 52'!$E$2:$F$276,2,TRUE),VLOOKUP(Emp.1!AE25,'Table 52'!$G$2:$H$276,2,TRUE)),0)+100) -> 0 | AG25: =Q25 -> 0 | AH25: =SUM(U25,W25,Y25,Z25,AA25,AB25,AD25,AF25,AG25) -> 0 | AI25: =R25-AH25 -> 0 | AJ25: =O25*0.6 -> 0 | AK25: =AI25+AJ25 -> 0 | AL25: =R25*0.692% -> 0 | AQ25: =(T25-67.3)*0.057 -> -3.8361
D26: Avril | R26: =SUM(P26,Q26) -> 0 | T26: =SUM(R26,S26) -> 0 | U26: =IF(AQ26<0,0,(T26-67.3)*0.057) -> 0 | Y26: =R26*0.494% -> 0 | AC26: =R26-Z26-AA26-AB26 -> 0 | AD26: =IF(P26=0,0,IF(VLOOKUP(AC26,'Table 52'!$A$2:$B$384,2,TRUE)>=VLOOKUP(Emp.1!AC26,'Table 52'!$C$2:$D$384,2,TRUE),MAX(VLOOKUP(Emp.1!AC26,'Table 52'!$A$2:$B$384,2,TRUE),VLOOKUP(Emp.1!AC26,'Table 52'!$C$2:$D$384,2,TRUE)),0)+55) -> 0 | AE26: =T26-AB26 -> 0 | AF26: =IF(P26=0,0,IF(VLOOKUP(AE26,'Table 52'!$E$2:$F$276,2,TRUE)>=VLOOKUP(Emp.1!AE26,'Table 52'!$G$2:$H$276,2,TRUE),MAX(VLOOKUP(Emp.1!AE26,'Table 52'!$E$2:$F$276,2,TRUE),VLOOKUP(Emp.1!AE26,'Table 52'!$G$2:$H$276,2,TRUE)),0)+100) -> 0 | AG26: =Q26 -> 0 | AH26: =SUM(U26,W26,Y26,Z26,AA26,AB26,AD26,AF26,AG26) -> 0 | AI26: =R26-AH26 -> 0 | AJ26: =O26*0.6 -> 0 | AK26: =AI26+AJ26 -> 0 | AL26: =R26*0.692% -> 0 | AQ26: =(T26-67.3)*0.057 -> -3.8361
D27: Avril | R27: =SUM(P27,Q27) -> 0 | T27: =SUM(R27,S27) -> 0 | U27: =IF(AQ27<0,0,(T27-67.3)*0.057) -> 0 | W27: 0 | Y27: =R27*0.494% -> 0 | AC27: =R27-Z27-AA27-AB27 -> 0 | AD27: =IF(P27=0,0,IF(VLOOKUP(AC27,'Table 52'!$A$2:$B$384,2,TRUE)>=VLOOKUP(Emp.1!AC27,'Table 52'!$C$2:$D$384,2,TRUE),MAX(VLOOKUP(Emp.1!AC27,'Table 52'!$A$2:$B$384,2,TRUE),VLOOKUP(Emp.1!AC27,'Table 52'!$C$2:$D$384,2,TRUE)),0)+55) -> 0 | AE27: =T27-AB27 -> 0 | AF27: =IF(P27=0,0,IF(VLOOKUP(AE27,'Table 52'!$E$2:$F$276,2,TRUE)>=VLOOKUP(Emp.1!AE27,'Table 52'!$G$2:$H$276,2,TRUE),MAX(VLOOKUP(Emp.1!AE27,'Table 52'!$E$2:$F$276,2,TRUE),VLOOKUP(Emp.1!AE27,'Table 52'!$G$2:$H$276,2,TRUE)),0)+100) -> 0 | AG27: =Q27 -> 0 | AH27: =SUM(U27,W27,Y27,Z27,AA27,AB27,AD27,AF27,AG27) -> 0 | AI27: =R27-AH27 -> 0 | AJ27: =O27*0.6 -> 0 | AK27: =AI27+AJ27 -> 0 | AL27: =R27*0.692% -> 0 | AQ27: =(T27-67.3)*0.057 -> -3.8361
D28: total mois | O28: =SUM(O23:O27) -> 0 | P28: =SUM(P23:P27) -> 0 | Q28: =SUM(Q23:Q27) -> 0 | R28: =SUM(R23:R27) -> 0 | S28: =SUM(S23:S27) -> 0 | T28: =SUM(T23:T27) -> 0 | U28: =SUM(U23:U27) -> 0 | V28: =SUM(V23:V27) -> 0 | ... AO28: =SUM(AO23:AO27) -> 0
Q29: =P29*13% -> 0 | R29: =P29+Q29 -> 0 | T29: =R29+S29 -> 0 | Y29: =R29*0.559% -> 0 | AC29: =R29-Z29-AA29-AB29 -> 0 | AL29: =R29*0.752% -> 0 | AM29: =O29*5.335 -> 0 | AN29: =2*O29 -> 0
D30: Mai | O30: 0 | R30: =SUM(P30,Q30) -> 0 | T30: =SUM(R30,S30) -> 0 | U30: =IF(AQ30<0,0,(T30-67.3)*0.057) -> 0 | Y30: =R30*0.494% -> 0 | AC30: =R30-Z30-AA30-AB30 -> 0 | AD30: =IF(P30=0,0,IF(VLOOKUP(AC30,'Table 52'!$A$2:$B$384,2,TRUE)>=VLOOKUP(Emp.1!AC30,'Table 52'!$C$2:$D$384,2,TRUE),MAX(VLOOKUP(Emp.1!AC30,'Table 52'!$A$2:$B$384,2,TRUE),VLOOKUP(Emp.1!AC30,'Table 52'!$C$2:$D$384,2,TRUE)),0)+55) -> 0 | AE30: =T30-AB30 -> 0 | AF30: =IF(P30=0,0,IF(VLOOKUP(AE30,'Table 52'!$E$2:$F$276,2,TRUE)>=VLOOKUP(Emp.1!AE30,'Table 52'!$G$2:$H$276,2,TRUE),MAX(VLOOKUP(Emp.1!AE30,'Table 52'!$E$2:$F$276,2,TRUE),VLOOKUP(Emp.1!AE30,'Table 52'!$G$2:$H$276,2,TRUE)),0)+100) -> 0 | AG30: =Q30 -> 0 | AH30: =SUM(U30,W30,Y30,Z30,AA30,AB30,AD30,AF30,AG30) -> 0 | AI30: =R30-AH30 -> 0 | AJ30: =O30*0.6 -> 0 | AK30: =AI30+AJ30 -> 0 | AL30: =R30*0.692% -> 0 | AQ30: =(T30-67.3)*0.057 -> -3.8361
D31: Mai | E31: 17 | R31: =SUM(P31,Q31) -> 0 | T31: =SUM(R31,S31) -> 0 | U31: =IF(AQ31<0,0,(T31-67.3)*0.057) -> 0 | Y31: =R31*0.494% -> 0 | AC31: =R31-Z31-AA31-AB31 -> 0 | AD31: =IF(P31=0,0,IF(VLOOKUP(AC31,'Table 52'!$A$2:$B$384,2,TRUE)>=VLOOKUP(Emp.1!AC31,'Table 52'!$C$2:$D$384,2,TRUE),MAX(VLOOKUP(Emp.1!AC31,'Table 52'!$A$2:$B$384,2,TRUE),VLOOKUP(Emp.1!AC31,'Table 52'!$C$2:$D$384,2,TRUE)),0)+55) -> 0 | AE31: =T31-AB31 -> 0 | AF31: =IF(P31=0,0,IF(VLOOKUP(AE31,'Table 52'!$E$2:$F$276,2,TRUE)>=VLOOKUP(Emp.1!AE31,'Table 52'!$G$2:$H$276,2,TRUE),MAX(VLOOKUP(Emp.1!AE31,'Table 52'!$E$2:$F$276,2,TRUE),VLOOKUP(Emp.1!AE31,'Table 52'!$G$2:$H$276,2,TRUE)),0)+100) -> 0 | AG31: =Q31 -> 0 | AH31: =SUM(U31,W31,Y31,Z31,AA31,AB31,AD31,AF31,AG31) -> 0 | AI31: =R31-AH31 -> 0 | AJ31: =O31*0.6 -> 0 | AK31: =AI31+AJ31 -> 0 | AL31: =R31*0.692% -> 0 | AQ31: =(T31-67.3)*0.057 -> -3.8361
D32: Mai | R32: =SUM(P32,Q32) -> 0 | T32: =SUM(R32,S32) -> 0 | U32: =IF(AQ32<0,0,(T32-67.3)*0.057) -> 0 | Y32: =R32*0.494% -> 0 | AC32: =R32-Z32-AA32-AB32 -> 0 | AD32: =IF(P32=0,0,IF(VLOOKUP(AC32,'Table 52'!$A$2:$B$384,2,TRUE)>=VLOOKUP(Emp.1!AC32,'Table 52'!$C$2:$D$384,2,TRUE),MAX(VLOOKUP(Emp.1!AC32,'Table 52'!$A$2:$B$384,2,TRUE),VLOOKUP(Emp.1!AC32,'Table 52'!$C$2:$D$384,2,TRUE)),0)+55) -> 0 | AE32: =T32-AB32 -> 0 | AF32: =IF(P32=0,0,IF(VLOOKUP(AE32,'Table 52'!$E$2:$F$276,2,TRUE)>=VLOOKUP(Emp.1!AE32,'Table 52'!$G$2:$H$276,2,TRUE),MAX(VLOOKUP(Emp.1!AE32,'Table 52'!$E$2:$F$276,2,TRUE),VLOOKUP(Emp.1!AE32,'Table 52'!$G$2:$H$276,2,TRUE)),0)+100) -> 0 | AG32: =Q32 -> 0 | AH32: =SUM(U32,W32,Y32,Z32,AA32,AB32,AD32,AF32,AG32) -> 0 | AI32: =R32-AH32 -> 0 | AJ32: =O32*0.6 -> 0 | AK32: =AI32+AJ32 -> 0 | AL32: =R32*0.692% -> 0 | AQ32: =(T32-67.3)*0.057 -> -3.8361
D33: Mai | R33: =SUM(P33,Q33) -> 0 | T33: =SUM(R33,S33) -> 0 | U33: =IF(AQ33<0,0,(T33-67.3)*0.057) -> 0 | Y33: =R33*0.494% -> 0 | AC33: =R33-Z33-AA33-AB33 -> 0 | AD33: =IF(P33=0,0,IF(VLOOKUP(AC33,'Table 52'!$A$2:$B$384,2,TRUE)>=VLOOKUP(Emp.1!AC33,'Table 52'!$C$2:$D$384,2,TRUE),MAX(VLOOKUP(Emp.1!AC33,'Table 52'!$A$2:$B$384,2,TRUE),VLOOKUP(Emp.1!AC33,'Table 52'!$C$2:$D$384,2,TRUE)),0)+55) -> 0 | AE33: =T33-AB33 -> 0 | AF33: =IF(P33=0,0,IF(VLOOKUP(AE33,'Table 52'!$E$2:$F$276,2,TRUE)>=VLOOKUP(Emp.1!AE33,'Table 52'!$G$2:$H$276,2,TRUE),MAX(VLOOKUP(Emp.1!AE33,'Table 52'!$E$2:$F$276,2,TRUE),VLOOKUP(Emp.1!AE33,'Table 52'!$G$2:$H$276,2,TRUE)),0)+100) -> 0 | AG33: =Q33 -> 0 | AH33: =SUM(U33,W33,Y33,Z33,AA33,AB33,AD33,AF33,AG33) -> 0 | AI33: =R33-AH33 -> 0 | AJ33: =O33*0.6 -> 0 | AK33: =AI33+AJ33 -> 0 | AL33: =R33*0.692% -> 0 | AQ33: =(T33-67.3)*0.057 -> -3.8361
D34: Mai | R34: =SUM(P34,Q34) -> 0 | T34: =SUM(R34,S34) -> 0 | U34: =IF(AQ34<0,0,(T34-67.3)*0.057) -> 0 | W34: 0 | Y34: =R34*0.494% -> 0 | AC34: =R34-Z34-AA34-AB34 -> 0 | AD34: =IF(P34=0,0,IF(VLOOKUP(AC34,'Table 52'!$A$2:$B$384,2,TRUE)>=VLOOKUP(Emp.1!AC34,'Table 52'!$C$2:$D$384,2,TRUE),MAX(VLOOKUP(Emp.1!AC34,'Table 52'!$A$2:$B$384,2,TRUE),VLOOKUP(Emp.1!AC34,'Table 52'!$C$2:$D$384,2,TRUE)),0)+55) -> 0 | AE34: =T34-AB34 -> 0 | AF34: =IF(P34=0,0,IF(VLOOKUP(AE34,'Table 52'!$E$2:$F$276,2,TRUE)>=VLOOKUP(Emp.1!AE34,'Table 52'!$G$2:$H$276,2,TRUE),MAX(VLOOKUP(Emp.1!AE34,'Table 52'!$E$2:$F$276,2,TRUE),VLOOKUP(Emp.1!AE34,'Table 52'!$G$2:$H$276,2,TRUE)),0)+100) -> 0 | AL34: =R34*0.692% -> 0 | AQ34: =(T34-67.3)*0.057 -> -3.8361
D35: total mois | O35: =SUM(O30:O34) -> 0 | P35: =SUM(P30:P34) -> 0 | Q35: =SUM(Q30:Q34) -> 0 | R35: =SUM(R30:R34) -> 0 | S35: =SUM(S30:S34) -> 0 | T35: =SUM(T30:T34) -> 0 | U35: =SUM(U30:U34) -> 0 | V35: =SUM(V30:V34) -> 0 | ... AO35: =SUM(AO30:AO34) -> 0
R36: =P36+Q36 -> 0 | T36: =R36+S36 -> 0 | Y36: =R36*0.559% -> 0 | AB36: =0.8*O36 -> 0 | AC36: =R36-Z36-AA36-AB36 -> 0 | AL36: =R36*0.752% -> 0 | AM36: =O36*5.335 -> 0 | AN36: =2*O36 -> 0
D37: Juin | R37: =SUM(P37,Q37) -> 0 | T37: =SUM(R37,S37) -> 0 | U37: =IF(AQ37<0,0,(T37-67.3)*0.057) -> 0 | Y37: =R37*0.494% -> 0 | AC37: =R37-Z37-AA37-AB37 -> 0 | AD37: =IF(P37=0,0,IF(VLOOKUP(AC37,'Table 52'!$A$2:$B$384,2,TRUE)>=VLOOKUP(Emp.1!AC37,'Table 52'!$C$2:$D$384,2,TRUE),MAX(VLOOKUP(Emp.1!AC37,'Table 52'!$A$2:$B$384,2,TRUE),VLOOKUP(Emp.1!AC37,'Table 52'!$C$2:$D$384,2,TRUE)),0)+55) -> 0 | AE37: =T37-AB37 -> 0 | AF37: =IF(P37=0,0,IF(VLOOKUP(AE37,'Table 52'!$E$2:$F$276,2,TRUE)>=VLOOKUP(Emp.1!AE37,'Table 52'!$G$2:$H$276,2,TRUE),MAX(VLOOKUP(Emp.1!AE37,'Table 52'!$E$2:$F$276,2,TRUE),VLOOKUP(Emp.1!AE37,'Table 52'!$G$2:$H$276,2,TRUE)),0)+100) -> 0 | AG37: =Q37 -> 0 | AH37: =SUM(U37,W37,Y37,Z37,AA37,AB37,AD37,AF37,AG37) -> 0 | AI37: =R37-AH37 -> 0 | AJ37: =O37*0.6 -> 0 | AK37: =AI37+AJ37 -> 0 | AL37: =R37*0.692% -> 0 | AQ37: =(T37-67.3)*0.057 -> -3.8361
D38: Juin | E38: 21 | R38: =SUM(P38,Q38) -> 0 | T38: =SUM(R38,S38) -> 0 | U38: =IF(AQ38<0,0,(T38-67.3)*0.057) -> 0 | Y38: =R38*0.494% -> 0 | AC38: =R38-Z38-AA38-AB38 -> 0 | AD38: =IF(P38=0,0,IF(VLOOKUP(AC38,'Table 52'!$A$2:$B$384,2,TRUE)>=VLOOKUP(Emp.1!AC38,'Table 52'!$C$2:$D$384,2,TRUE),MAX(VLOOKUP(Emp.1!AC38,'Table 52'!$A$2:$B$384,2,TRUE),VLOOKUP(Emp.1!AC38,'Table 52'!$C$2:$D$384,2,TRUE)),0)+55) -> 0 | AE38: =T38-AB38 -> 0 | AF38: =IF(P38=0,0,IF(VLOOKUP(AE38,'Table 52'!$E$2:$F$276,2,TRUE)>=VLOOKUP(Emp.1!AE38,'Table 52'!$G$2:$H$276,2,TRUE),MAX(VLOOKUP(Emp.1!AE38,'Table 52'!$E$2:$F$276,2,TRUE),VLOOKUP(Emp.1!AE38,'Table 52'!$G$2:$H$276,2,TRUE)),0)+100) -> 0 | AG38: =Q38 -> 0 | AH38: =SUM(U38,W38,Y38,Z38,AA38,AB38,AD38,AF38,AG38) -> 0 | AI38: =R38-AH38 -> 0 | AJ38: =O38*0.6 -> 0 | AK38: =AI38+AJ38 -> 0 | AL38: =R38*0.692% -> 0 | AQ38: =(T38-67.3)*0.057 -> -3.8361
D39: Juin | R39: =SUM(P39,Q39) -> 0 | T39: =SUM(R39,S39) -> 0 | U39: =IF(AQ39<0,0,(T39-67.3)*0.057) -> 0 | Y39: =R39*0.494% -> 0 | AC39: =R39-Z39-AA39-AB39 -> 0 | AD39: =IF(P39=0,0,IF(VLOOKUP(AC39,'Table 52'!$A$2:$B$384,2,TRUE)>=VLOOKUP(Emp.1!AC39,'Table 52'!$C$2:$D$384,2,TRUE),MAX(VLOOKUP(Emp.1!AC39,'Table 52'!$A$2:$B$384,2,TRUE),VLOOKUP(Emp.1!AC39,'Table 52'!$C$2:$D$384,2,TRUE)),0)+55) -> 0 | AE39: =T39-AB39 -> 0 | AF39: =IF(P39=0,0,IF(VLOOKUP(AE39,'Table 52'!$E$2:$F$276,2,TRUE)>=VLOOKUP(Emp.1!AE39,'Table 52'!$G$2:$H$276,2,TRUE),MAX(VLOOKUP(Emp.1!AE39,'Table 52'!$E$2:$F$276,2,TRUE),VLOOKUP(Emp.1!AE39,'Table 52'!$G$2:$H$276,2,TRUE)),0)+100) -> 0 | AG39: =Q39 -> 0 | AH39: =SUM(U39,W39,Y39,Z39,AA39,AB39,AD39,AF39,AG39) -> 0 | AI39: =R39-AH39 -> 0 | AJ39: =O39*0.6 -> 0 | AK39: =AI39+AJ39 -> 0 | AL39: =R39*0.692% -> 0 | AQ39: =(T39-67.3)*0.057 -> -3.8361
D40: Juin | R40: =SUM(P40,Q40) -> 0 | T40: =SUM(R40,S40) -> 0 | U40: =IF(AQ40<0,0,(T40-67.3)*0.057) -> 0 | Y40: =R40*0.494% -> 0 | AC40: =R40-Z40-AA40-AB40 -> 0 | AD40: =IF(P40=0,0,IF(VLOOKUP(AC40,'Table 52'!$A$2:$B$384,2,TRUE)>=VLOOKUP(Emp.1!AC40,'Table 52'!$C$2:$D$384,2,TRUE),MAX(VLOOKUP(Emp.1!AC40,'Table 52'!$A$2:$B$384,2,TRUE),VLOOKUP(Emp.1!AC40,'Table 52'!$C$2:$D$384,2,TRUE)),0)+55) -> 0 | AE40: =T40-AB40 -> 0 | AF40: =IF(P40=0,0,IF(VLOOKUP(AE40,'Table 52'!$E$2:$F$276,2,TRUE)>=VLOOKUP(Emp.1!AE40,'Table 52'!$G$2:$H$276,2,TRUE),MAX(VLOOKUP(Emp.1!AE40,'Table 52'!$E$2:$F$276,2,TRUE),VLOOKUP(Emp.1!AE40,'Table 52'!$G$2:$H$276,2,TRUE)),0)+100) -> 0 | AG40: =Q40 -> 0 | AH40: =SUM(U40,W40,Y40,Z40,AA40,AB40,AD40,AF40,AG40) -> 0 | AI40: =R40-AH40 -> 0 | AJ40: =O40*0.6 -> 0 | AK40: =AI40+AJ40 -> 0 | AL40: =R40*0.692% -> 0 | AQ40: =(T40-67.3)*0.057 -> -3.8361
D41: Juin | Q41: =P41*13% -> 0 | R41: =SUM(P41,Q41) -> 0 | T41: =SUM(R41,S41) -> 0 | U41: =IF(AQ41<0,0,(T41-67.3)*0.057) -> 0 | W41: 0 | Y41: =R41*0.494% -> 0 | AC41: =R41-Z41-AA41-AB41 -> 0 | AD41: =IF(P41=0,0,IF(VLOOKUP(AC41,'Table 52'!$A$2:$B$384,2,TRUE)>=VLOOKUP(Emp.1!AC41,'Table 52'!$C$2:$D$384,2,TRUE),MAX(VLOOKUP(Emp.1!AC41,'Table 52'!$A$2:$B$384,2,TRUE),VLOOKUP(Emp.1!AC41,'Table 52'!$C$2:$D$384,2,TRUE)),0)+55) -> 0 | AE41: =T41-AB41 -> 0 | AF41: =IF(P41=0,0,IF(VLOOKUP(AE41,'Table 52'!$E$2:$F$276,2,TRUE)>=VLOOKUP(Emp.1!AE41,'Table 52'!$G$2:$H$276,2,TRUE),MAX(VLOOKUP(Emp.1!AE41,'Table 52'!$E$2:$F$276,2,TRUE),VLOOKUP(Emp.1!AE41,'Table 52'!$G$2:$H$276,2,TRUE)),0)+100) -> 0 | AL41: =R41*0.692% -> 0 | AQ41: =(T41-67.3)*0.057 -> -3.8361
D42: total mois | O42: =SUM(O37:O41) -> 0 | P42: =SUM(P37:P41) -> 0 | Q42: =SUM(Q37:Q41) -> 0 | R42: =SUM(R37:R41) -> 0 | S42: =SUM(S37:S41) -> 0 | T42: =SUM(T37:T41) -> 0 | U42: =SUM(U37:U41) -> 0 | V42: =SUM(V37:V41) -> 0 | ... AO42: =SUM(AO37:AO41) -> 0
R43: =P43+Q43 -> 0 | T43: =R43+S43 -> 0 | Y43: =R43*0.559% -> 0 | AC43: =R43-Z43-AA43-AB43 -> 0 | AL43: =R43*0.752% -> 0 | AM43: =O43*5.335 -> 0 | AN43: =2*O43 -> 0
D44: Juillet | O44: 0 | R44: =SUM(P44,Q44) -> 0 | T44: =SUM(R44,S44) -> 0 | U44: =IF(AQ44<0,0,(T44-67.3)*0.057) -> 0 | Y44: =R44*0.494% -> 0 | AC44: =R44-Z44-AA44-AB44 -> 0 | AD44: =IF(P44=0,0,IF(VLOOKUP(AC44,'Table 52'!$A$2:$B$384,2,TRUE)>=VLOOKUP(Emp.1!AC44,'Table 52'!$C$2:$D$384,2,TRUE),MAX(VLOOKUP(Emp.1!AC44,'Table 52'!$A$2:$B$384,2,TRUE),VLOOKUP(Emp.1!AC44,'Table 52'!$C$2:$D$384,2,TRUE)),0)+55) -> 0 | AE44: =T44-AB44 -> 0 | AF44: =IF(P44=0,0,IF(VLOOKUP(AE44,'Table 52'!$E$2:$F$276,2,TRUE)>=VLOOKUP(Emp.1!AE44,'Table 52'!$G$2:$H$276,2,TRUE),MAX(VLOOKUP(Emp.1!AE44,'Table 52'!$E$2:$F$276,2,TRUE),VLOOKUP(Emp.1!AE44,'Table 52'!$G$2:$H$276,2,TRUE)),0)+100) -> 0 | AG44: =Q44 -> 0 | AH44: =SUM(U44,W44,Y44,Z44,AA44,AB44,AD44,AF44,AG44) -> 0 | AI44: =R44-AH44 -> 0 | AJ44: =O44*0.6 -> 0 | AK44: =AI44+AJ44 -> 0 | AL44: =R44*0.692% -> 0 | AQ44: =(T44-67.3)*0.057 -> -3.8361
D45: Juillet | E45: 21 | R45: =SUM(P45,Q45) -> 0 | T45: =SUM(R45,S45) -> 0 | U45: =IF(AQ45<0,0,(T45-67.3)*0.057) -> 0 | Y45: =R45*0.494% -> 0 | AC45: =R45-Z45-AA45-AB45 -> 0 | AD45: =IF(P45=0,0,IF(VLOOKUP(AC45,'Table 52'!$A$2:$B$384,2,TRUE)>=VLOOKUP(Emp.1!AC45,'Table 52'!$C$2:$D$384,2,TRUE),MAX(VLOOKUP(Emp.1!AC45,'Table 52'!$A$2:$B$384,2,TRUE),VLOOKUP(Emp.1!AC45,'Table 52'!$C$2:$D$384,2,TRUE)),0)+55) -> 0 | AE45: =T45-AB45 -> 0 | AF45: =IF(P45=0,0,IF(VLOOKUP(AE45,'Table 52'!$E$2:$F$276,2,TRUE)>=VLOOKUP(Emp.1!AE45,'Table 52'!$G$2:$H$276,2,TRUE),MAX(VLOOKUP(Emp.1!AE45,'Table 52'!$E$2:$F$276,2,TRUE),VLOOKUP(Emp.1!AE45,'Table 52'!$G$2:$H$276,2,TRUE)),0)+100) -> 0 | AG45: =Q45 -> 0 | AH45: =SUM(U45,W45,Y45,Z45,AA45,AB45,AD45,AF45,AG45) -> 0 | AI45: =R45-AH45 -> 0 | AJ45: =O45*0.6 -> 0 | AK45: =AI45+AJ45 -> 0 | AL45: =R45*0.692% -> 0 | AQ45: =(T45-67.3)*0.057 -> -3.8361
D46: Juillet | R46: =SUM(P46,Q46) -> 0 | T46: =SUM(R46,S46) -> 0 | U46: =IF(AQ46<0,0,(T46-67.3)*0.057) -> 0 | Y46: =R46*0.494% -> 0 | AC46: =R46-Z46-AA46-AB46 -> 0 | AD46: =IF(P46=0,0,IF(VLOOKUP(AC46,'Table 52'!$A$2:$B$384,2,TRUE)>=VLOOKUP(Emp.1!AC46,'Table 52'!$C$2:$D$384,2,TRUE),MAX(VLOOKUP(Emp.1!AC46,'Table 52'!$A$2:$B$384,2,TRUE),VLOOKUP(Emp.1!AC46,'Table 52'!$C$2:$D$384,2,TRUE)),0)+55) -> 0 | AE46: =T46-AB46 -> 0 | AF46: =IF(P46=0,0,IF(VLOOKUP(AE46,'Table 52'!$E$2:$F$276,2,TRUE)>=VLOOKUP(Emp.1!AE46,'Table 52'!$G$2:$H$276,2,TRUE),MAX(VLOOKUP(Emp.1!AE46,'Table 52'!$E$2:$F$276,2,TRUE),VLOOKUP(Emp.1!AE46,'Table 52'!$G$2:$H$276,2,TRUE)),0)+100) -> 0 | AG46: =Q46 -> 0 | AH46: =SUM(U46,W46,Y46,Z46,AA46,AB46,AD46,AF46,AG46) -> 0 | AI46: =R46-AH46 -> 0 | AJ46: =O46*0.6 -> 0 | AK46: =AI46+AJ46 -> 0 | AL46: =R46*0.692% -> 0 | AQ46: =(T46-67.3)*0.057 -> -3.8361
D47: Juillet | R47: =SUM(P47,Q47) -> 0 | T47: =SUM(R47,S47) -> 0 | U47: =IF(AQ47<0,0,(T47-67.3)*0.057) -> 0 | Y47: =R47*0.494% -> 0 | AC47: =R47-Z47-AA47-AB47 -> 0 | AD47: =IF(P47=0,0,IF(VLOOKUP(AC47,'Table 52'!$A$2:$B$384,2,TRUE)>=VLOOKUP(Emp.1!AC47,'Table 52'!$C$2:$D$384,2,TRUE),MAX(VLOOKUP(Emp.1!AC47,'Table 52'!$A$2:$B$384,2,TRUE),VLOOKUP(Emp.1!AC47,'Table 52'!$C$2:$D$384,2,TRUE)),0)+55) -> 0 | AE47: =T47-AB47 -> 0 | AF47: =IF(P47=0,0,IF(VLOOKUP(AE47,'Table 52'!$E$2:$F$276,2,TRUE)>=VLOOKUP(Emp.1!AE47,'Table 52'!$G$2:$H$276,2,TRUE),MAX(VLOOKUP(Emp.1!AE47,'Table 52'!$E$2:$F$276,2,TRUE),VLOOKUP(Emp.1!AE47,'Table 52'!$G$2:$H$276,2,TRUE)),0)+100) -> 0 | AG47: =Q47 -> 0 | AH47: =SUM(U47,W47,Y47,Z47,AA47,AB47,AD47,AF47,AG47) -> 0 | AI47: =R47-AH47 -> 0 | AJ47: =O47*0.6 -> 0 | AK47: =AI47+AJ47 -> 0 | AL47: =R47*0.692% -> 0 | AQ47: =(T47-67.3)*0.057 -> -3.8361
D48: juillet | R48: =SUM(P48,Q48) -> 0 | T48: =SUM(R48,S48) -> 0 | U48: =IF(AQ48<0,0,(T48-67.3)*0.057) -> 0 | W48: 0 | Y48: =R48*0.494% -> 0 | AC48: =R48-Z48-AA48-AB48 -> 0 | AD48: =IF(P48=0,0,IF(VLOOKUP(AC48,'Table 52'!$A$2:$B$384,2,TRUE)>=VLOOKUP(Emp.1!AC48,'Table 52'!$C$2:$D$384,2,TRUE),MAX(VLOOKUP(Emp.1!AC48,'Table 52'!$A$2:$B$384,2,TRUE),VLOOKUP(Emp.1!AC48,'Table 52'!$C$2:$D$384,2,TRUE)),0)+55) -> 0 | AE48: =T48-AB48 -> 0 | AF48: =IF(P48=0,0,IF(VLOOKUP(AE48,'Table 52'!$E$2:$F$276,2,TRUE)>=VLOOKUP(Emp.1!AE48,'Table 52'!$G$2:$H$276,2,TRUE),MAX(VLOOKUP(Emp.1!AE48,'Table 52'!$E$2:$F$276,2,TRUE),VLOOKUP(Emp.1!AE48,'Table 52'!$G$2:$H$276,2,TRUE)),0)+100) -> 0 | AG48: =Q48 -> 0 | AH48: =SUM(U48,W48,Y48,Z48,AA48,AB48,AD48,AF48,AG48) -> 0 | AI48: =R48-AH48 -> 0 | AJ48: =O48*0.6 -> 0 | AK48: =AI48+AJ48 -> 0 | AL48: =R48*0.692% -> 0 | AQ48: =(T48-67.3)*0.057 -> -3.8361
D49: total mois | O49: =SUM(O44:O48) -> 0 | P49: =SUM(P44:P48) -> 0 | Q49: =SUM(Q44:Q48) -> 0 | R49: =SUM(R44:R48) -> 0 | S49: =SUM(S44:S48) -> 0 | T49: =SUM(T44:T48) -> 0 | U49: =SUM(U44:U48) -> 0 | V49: =SUM(V44:V48) -> 0 | ... AP49: =SUM(AP44:AP48) -> 0
R50: =P50+Q50 -> 0 | T50: =R50+S50 -> 0 | Y50: =R50*0.559% -> 0 | AC50: =R50-Z50-AA50-AB50 -> 0 | AL50: =R50*0.752% -> 0 | AM50: =O50*5.335 -> 0 | AN50: =2*O50 -> 0
D51: Août | R51: =SUM(P51,Q51) -> 0 | T51: =SUM(R51,S51) -> 0 | U51: =IF(AQ51<0,0,(T51-67.3)*0.057) -> 0 | Y51: =R51*0.494% -> 0 | AC51: =R51-Z51-AA51-AB51 -> 0 | AD51: =IF(P51=0,0,IF(VLOOKUP(AC51,'Table 52'!$A$2:$B$384,2,TRUE)>=VLOOKUP(Emp.1!AC51,'Table 52'!$C$2:$D$384,2,TRUE),MAX(VLOOKUP(Emp.1!AC51,'Table 52'!$A$2:$B$384,2,TRUE),VLOOKUP(Emp.1!AC51,'Table 52'!$C$2:$D$384,2,TRUE)),0)+55) -> 0 | AE51: =T51-AB51 -> 0 | AF51: =IF(P51=0,0,IF(VLOOKUP(AE51,'Table 52'!$E$2:$F$276,2,TRUE)>=VLOOKUP(Emp.1!AE51,'Table 52'!$G$2:$H$276,2,TRUE),MAX(VLOOKUP(Emp.1!AE51,'Table 52'!$E$2:$F$276,2,TRUE),VLOOKUP(Emp.1!AE51,'Table 52'!$G$2:$H$276,2,TRUE)),0)+100) -> 0 | AG51: =Q51 -> 0 | AH51: =SUM(U51,W51,Y51,Z51,AA51,AB51,AD51,AF51,AG51) -> 0 | AI51: =R51-AH51 -> 0 | AJ51: =O51*0.6 -> 0 | AK51: =AI51+AJ51 -> 0 | AL51: =R51*0.692% -> 0 | AQ51: =(T51-67.3)*0.057 -> -3.8361
D52: Août | E52: 22 | R52: =SUM(P52,Q52) -> 0 | T52: =SUM(R52,S52) -> 0 | U52: =IF(AQ52<0,0,(T52-67.3)*0.057) -> 0 | Y52: =R52*0.494% -> 0 | AC52: =R52-Z52-AA52-AB52 -> 0 | AD52: =IF(P52=0,0,IF(VLOOKUP(AC52,'Table 52'!$A$2:$B$384,2,TRUE)>=VLOOKUP(Emp.1!AC52,'Table 52'!$C$2:$D$384,2,TRUE),MAX(VLOOKUP(Emp.1!AC52,'Table 52'!$A$2:$B$384,2,TRUE),VLOOKUP(Emp.1!AC52,'Table 52'!$C$2:$D$384,2,TRUE)),0)+55) -> 0 | AE52: =T52-AB52 -> 0 | AF52: =IF(P52=0,0,IF(VLOOKUP(AE52,'Table 52'!$E$2:$F$276,2,TRUE)>=VLOOKUP(Emp.1!AE52,'Table 52'!$G$2:$H$276,2,TRUE),MAX(VLOOKUP(Emp.1!AE52,'Table 52'!$E$2:$F$276,2,TRUE),VLOOKUP(Emp.1!AE52,'Table 52'!$G$2:$H$276,2,TRUE)),0)+100) -> 0 | AG52: =Q52 -> 0 | AH52: =SUM(U52,W52,Y52,Z52,AA52,AB52,AD52,AF52,AG52) -> 0 | AI52: =R52-AH52 -> 0 | AJ52: =O52*0.6 -> 0 | AK52: =AI52+AJ52 -> 0 | AL52: =R52*0.692% -> 0 | AQ52: =(T52-67.3)*0.057 -> -3.8361
D53: Août | R53: =SUM(P53,Q53) -> 0 | T53: =SUM(R53,S53) -> 0 | U53: =IF(AQ53<0,0,(T53-67.3)*0.057) -> 0 | Y53: =R53*0.494% -> 0 | AC53: =R53-Z53-AA53-AB53 -> 0 | AD53: =IF(P53=0,0,IF(VLOOKUP(AC53,'Table 52'!$A$2:$B$384,2,TRUE)>=VLOOKUP(Emp.1!AC53,'Table 52'!$C$2:$D$384,2,TRUE),MAX(VLOOKUP(Emp.1!AC53,'Table 52'!$A$2:$B$384,2,TRUE),VLOOKUP(Emp.1!AC53,'Table 52'!$C$2:$D$384,2,TRUE)),0)+55) -> 0 | AE53: =T53-AB53 -> 0 | AF53: =IF(P53=0,0,IF(VLOOKUP(AE53,'Table 52'!$E$2:$F$276,2,TRUE)>=VLOOKUP(Emp.1!AE53,'Table 52'!$G$2:$H$276,2,TRUE),MAX(VLOOKUP(Emp.1!AE53,'Table 52'!$E$2:$F$276,2,TRUE),VLOOKUP(Emp.1!AE53,'Table 52'!$G$2:$H$276,2,TRUE)),0)+100) -> 0 | AG53: =Q53 -> 0 | AH53: =SUM(U53,W53,Y53,Z53,AA53,AB53,AD53,AF53,AG53) -> 0 | AI53: =R53-AH53 -> 0 | AJ53: =O53*0.6 -> 0 | AK53: =AI53+AJ53 -> 0 | AL53: =R53*0.692% -> 0 | AQ53: =(T53-67.3)*0.057 -> -3.8361
D54: Août | R54: =SUM(P54,Q54) -> 0 | T54: =SUM(R54,S54) -> 0 | U54: =IF(AQ54<0,0,(T54-67.3)*0.057) -> 0 | Y54: =R54*0.494% -> 0 | AC54: =R54-Z54-AA54-AB54 -> 0 | AD54: =IF(P54=0,0,IF(VLOOKUP(AC54,'Table 52'!$A$2:$B$384,2,TRUE)>=VLOOKUP(Emp.1!AC54,'Table 52'!$C$2:$D$384,2,TRUE),MAX(VLOOKUP(Emp.1!AC54,'Table 52'!$A$2:$B$384,2,TRUE),VLOOKUP(Emp.1!AC54,'Table 52'!$C$2:$D$384,2,TRUE)),0)+55) -> 0 | AE54: =T54-AB54 -> 0 | AF54: =IF(P54=0,0,IF(VLOOKUP(AE54,'Table 52'!$E$2:$F$276,2,TRUE)>=VLOOKUP(Emp.1!AE54,'Table 52'!$G$2:$H$276,2,TRUE),MAX(VLOOKUP(Emp.1!AE54,'Table 52'!$E$2:$F$276,2,TRUE),VLOOKUP(Emp.1!AE54,'Table 52'!$G$2:$H$276,2,TRUE)),0)+100) -> 0 | AG54: =Q54 -> 0 | AH54: =SUM(U54,W54,Y54,Z54,AA54,AB54,AD54,AF54,AG54) -> 0 | AI54: =R54-AH54 -> 0 | AJ54: =O54*0.6 -> 0 | AK54: =AI54+AJ54 -> 0 | AL54: =R54*0.692% -> 0 | AQ54: =(T54-67.3)*0.057 -> -3.8361
D55: Août | Q55: =P55*13% -> 0 | R55: =SUM(P55,Q55) -> 0 | T55: =SUM(R55,S55) -> 0 | U55: =IF(AQ55<0,0,(T55-67.3)*0.057) -> 0 | W55: 0 | Y55: =R55*0.494% -> 0 | Z55: =R55*0.75% -> 0 | AC55: =R55-Z55-AA55-AB55 -> 0 | AD55: =IF(P55=0,0,IF(VLOOKUP(AC55,'Table 52'!$A$2:$B$384,2,TRUE)>=VLOOKUP(Emp.1!AC55,'Table 52'!$C$2:$D$384,2,TRUE),MAX(VLOOKUP(Emp.1!AC55,'Table 52'!$A$2:$B$384,2,TRUE),VLOOKUP(Emp.1!AC55,'Table 52'!$C$2:$D$384,2,TRUE)),0)+55) -> 0 | AE55: =T55-AB55 -> 0 | AF55: =IF(P55=0,0,IF(VLOOKUP(AE55,'Table 52'!$E$2:$F$276,2,TRUE)>=VLOOKUP(Emp.1!AE55,'Table 52'!$G$2:$H$276,2,TRUE),MAX(VLOOKUP(Emp.1!AE55,'Table 52'!$E$2:$F$276,2,TRUE),VLOOKUP(Emp.1!AE55,'Table 52'!$G$2:$H$276,2,TRUE)),0)+100) -> 0 | AL55: =R55*0.692% -> 0 | AQ55: =(T55-67.3)*0.057 -> -3.8361
D56: total mois | O56: =SUM(O51:O55) -> 0 | P56: =SUM(P51:P55) -> 0 | Q56: =SUM(Q51:Q55) -> 0 | R56: =SUM(R51:R55) -> 0 | S56: =SUM(S51:S55) -> 0 | T56: =SUM(T51:T55) -> 0 | U56: =SUM(U51:U55) -> 0 | V56: =SUM(V51:V55) -> 0 | ... AO56: =SUM(AO51:AO55) -> 0
R57: =P57+Q57 -> 0 | T57: =R57+S57 -> 0 | Y57: =R57*0.559% -> 0 | AC57: =R57-Z57-AA57-AB57 -> 0 | AL57: =R57*0.752% -> 0 | AM57: =O57*5.335 -> 0 | AN57: =2*O57 -> 0
D58: Septembre | R58: =SUM(P58,Q58) -> 0 | T58: =SUM(R58,S58) -> 0 | U58: =IF(AQ58<0,0,(T58-67.3)*0.057) -> 0 | Y58: =R58*0.494% -> 0 | AC58: =R58-Z58-AA58-AB58 -> 0 | AD58: =IF(P58=0,0,IF(VLOOKUP(AC58,'Table 52'!$A$2:$B$384,2,TRUE)>=VLOOKUP(Emp.1!AC58,'Table 52'!$C$2:$D$384,2,TRUE),MAX(VLOOKUP(Emp.1!AC58,'Table 52'!$A$2:$B$384,2,TRUE),VLOOKUP(Emp.1!AC58,'Table 52'!$C$2:$D$384,2,TRUE)),0)+55) -> 0 | AE58: =T58-AB58 -> 0 | AF58: =IF(P58=0,0,IF(VLOOKUP(AE58,'Table 52'!$E$2:$F$276,2,TRUE)>=VLOOKUP(Emp.1!AE58,'Table 52'!$G$2:$H$276,2,TRUE),MAX(VLOOKUP(Emp.1!AE58,'Table 52'!$E$2:$F$276,2,TRUE),VLOOKUP(Emp.1!AE58,'Table 52'!$G$2:$H$276,2,TRUE)),0)+100) -> 0 | AG58: =Q58 -> 0 | AH58: =SUM(U58,W58,Y58,Z58,AA58,AB58,AD58,AF58,AG58) -> 0 | AI58: =R58-AH58 -> 0 | AJ58: =O58*0.6 -> 0 | AK58: =AI58+AJ58 -> 0 | AL58: =R58*0.692% -> 0 | AQ58: =(T58-67.3)*0.057 -> -3.8361
D59: Septembre | E59: 12 | R59: =SUM(P59,Q59) -> 0 | T59: =SUM(R59,S59) -> 0 | U59: =IF(AQ59<0,0,(T59-67.3)*0.057) -> 0 | Y59: =R59*0.494% -> 0 | AC59: =R59-Z59-AA59-AB59 -> 0 | AD59: =IF(P59=0,0,IF(VLOOKUP(AC59,'Table 52'!$A$2:$B$384,2,TRUE)>=VLOOKUP(Emp.1!AC59,'Table 52'!$C$2:$D$384,2,TRUE),MAX(VLOOKUP(Emp.1!AC59,'Table 52'!$A$2:$B$384,2,TRUE),VLOOKUP(Emp.1!AC59,'Table 52'!$C$2:$D$384,2,TRUE)),0)+55) -> 0 | AE59: =T59-AB59 -> 0 | AF59: =IF(P59=0,0,IF(VLOOKUP(AE59,'Table 52'!$E$2:$F$276,2,TRUE)>=VLOOKUP(Emp.1!AE59,'Table 52'!$G$2:$H$276,2,TRUE),MAX(VLOOKUP(Emp.1!AE59,'Table 52'!$E$2:$F$276,2,TRUE),VLOOKUP(Emp.1!AE59,'Table 52'!$G$2:$H$276,2,TRUE)),0)+100) -> 0 | AG59: =Q59 -> 0 | AH59: =SUM(U59,W59,Y59,Z59,AA59,AB59,AD59,AF59,AG59) -> 0 | AI59: =R59-AH59 -> 0 | AJ59: =O59*0.6 -> 0 | AK59: =AI59+AJ59 -> 0 | AL59: =R59*0.692% -> 0 | AQ59: =(T59-67.3)*0.057 -> -3.8361
D60: Septembre | E60: 19 | R60: =SUM(P60,Q60) -> 0 | T60: =SUM(R60,S60) -> 0 | U60: =IF(AQ60<0,0,(T60-67.3)*0.057) -> 0 | Y60: =R60*0.494% -> 0 | AC60: =R60-Z60-AA60-AB60 -> 0 | AD60: =IF(P60=0,0,IF(VLOOKUP(AC60,'Table 52'!$A$2:$B$384,2,TRUE)>=VLOOKUP(Emp.1!AC60,'Table 52'!$C$2:$D$384,2,TRUE),MAX(VLOOKUP(Emp.1!AC60,'Table 52'!$A$2:$B$384,2,TRUE),VLOOKUP(Emp.1!AC60,'Table 52'!$C$2:$D$384,2,TRUE)),0)+55) -> 0 | AE60: =T60-AB60 -> 0 | AF60: =IF(P60=0,0,IF(VLOOKUP(AE60,'Table 52'!$E$2:$F$276,2,TRUE)>=VLOOKUP(Emp.1!AE60,'Table 52'!$G$2:$H$276,2,TRUE),MAX(VLOOKUP(Emp.1!AE60,'Table 52'!$E$2:$F$276,2,TRUE),VLOOKUP(Emp.1!AE60,'Table 52'!$G$2:$H$276,2,TRUE)),0)+100) -> 0 | AG60: =Q60 -> 0 | AH60: =SUM(U60,W60,Y60,Z60,AA60,AB60,AD60,AF60,AG60) -> 0 | AI60: =R60-AH60 -> 0 | AJ60: =O60*0.6 -> 0 | AK60: =AI60+AJ60 -> 0 | AL60: =R60*0.692% -> 0 | AQ60: =(T60-67.3)*0.057 -> -3.8361
D61: Septembre | E61: 26 | R61: =SUM(P61,Q61) -> 0 | T61: =SUM(R61,S61) -> 0 | U61: =IF(AQ61<0,0,(T61-67.3)*0.057) -> 0 | Y61: =R61*0.494% -> 0 | AC61: =R61-Z61-AA61-AB61 -> 0 | AD61: =IF(P61=0,0,IF(VLOOKUP(AC61,'Table 52'!$A$2:$B$384,2,TRUE)>=VLOOKUP(Emp.1!AC61,'Table 52'!$C$2:$D$384,2,TRUE),MAX(VLOOKUP(Emp.1!AC61,'Table 52'!$A$2:$B$384,2,TRUE),VLOOKUP(Emp.1!AC61,'Table 52'!$C$2:$D$384,2,TRUE)),0)+55) -> 0 | AE61: =T61-AB61 -> 0 | AF61: =IF(P61=0,0,IF(VLOOKUP(AE61,'Table 52'!$E$2:$F$276,2,TRUE)>=VLOOKUP(Emp.1!AE61,'Table 52'!$G$2:$H$276,2,TRUE),MAX(VLOOKUP(Emp.1!AE61,'Table 52'!$E$2:$F$276,2,TRUE),VLOOKUP(Emp.1!AE61,'Table 52'!$G$2:$H$276,2,TRUE)),0)+100) -> 0 | AG61: =Q61 -> 0 | AH61: =SUM(U61,W61,Y61,Z61,AA61,AB61,AD61,AF61,AG61) -> 0 | AI61: =R61-AH61 -> 0 | AJ61: =O61*0.6 -> 0 | AK61: =AI61+AJ61 -> 0 | AL61: =R61*0.692% -> 0 | AQ61: =(T61-67.3)*0.057 -> -3.8361
D62: Septembre | R62: =SUM(P62,Q62) -> 0 | T62: =SUM(R62,S62) -> 0 | U62: =IF(AQ62<0,0,(T62-67.3)*0.057) -> 0 | W62: 0 | Y62: =R62*0.494% -> 0 | AC62: =R62-Z62-AA62-AB62 -> 0 | AD62: =IF(P62=0,0,IF(VLOOKUP(AC62,'Table 52'!$A$2:$B$384,2,TRUE)>=VLOOKUP(Emp.1!AC62,'Table 52'!$C$2:$D$384,2,TRUE),MAX(VLOOKUP(Emp.1!AC62,'Table 52'!$A$2:$B$384,2,TRUE),VLOOKUP(Emp.1!AC62,'Table 52'!$C$2:$D$384,2,TRUE)),0)+55) -> 0 | AE62: =T62-AB62 -> 0 | AF62: =IF(P62=0,0,IF(VLOOKUP(AE62,'Table 52'!$E$2:$F$276,2,TRUE)>=VLOOKUP(Emp.1!AE62,'Table 52'!$G$2:$H$276,2,TRUE),MAX(VLOOKUP(Emp.1!AE62,'Table 52'!$E$2:$F$276,2,TRUE),VLOOKUP(Emp.1!AE62,'Table 52'!$G$2:$H$276,2,TRUE)),0)+100) -> 0 | AG62: =Q62 -> 0 | AH62: =SUM(U62,W62,Y62,Z62,AA62,AB62,AD62,AF62,AG62) -> 0 | AI62: =R62-AH62 -> 0 | AJ62: =O62*0.6 -> 0 | AK62: =AI62+AJ62 -> 0 | AL62: =R62*0.692% -> 0 | AQ62: =(T62-67.3)*0.057 -> -3.8361
D63: total mois | O63: =SUM(O58:O62) -> 0 | P63: =SUM(P58:P62) -> 0 | Q63: =SUM(Q58:Q62) -> 0 | R63: =SUM(R58:R62) -> 0 | S63: =SUM(S58:S62) -> 0 | T63: =SUM(T58:T62) -> 0 | U63: =SUM(U58:U62) -> 0 | V63: =SUM(V58:V62) -> 0 | ... AP63: =SUM(AP58:AP62) -> 0
R64: =P64+Q64 -> 0 | T64: =R64+S64 -> 0 | Y64: =R64*0.559% -> 0 | AC64: =R64-Z64-AA64-AB64 -> 0 | AL64: =R64*0.752% -> 0 | AM64: =O64*5.335 -> 0 | AN64: =2*O64 -> 0
D65: Octobre | R65: =SUM(P65,Q65) -> 0 | T65: =SUM(R65,S65) -> 0 | U65: =IF(AQ65<0,0,(T65-67.3)*0.057) -> 0 | Y65: =R65*0.494% -> 0 | AC65: =R65-Z65-AA65-AB65 -> 0 | AD65: =IF(P65=0,0,IF(VLOOKUP(AC65,'Table 52'!$A$2:$B$384,2,TRUE)>=VLOOKUP(Emp.1!AC65,'Table 52'!$C$2:$D$384,2,TRUE),MAX(VLOOKUP(Emp.1!AC65,'Table 52'!$A$2:$B$384,2,TRUE),VLOOKUP(Emp.1!AC65,'Table 52'!$C$2:$D$384,2,TRUE)),0)+55) -> 0 | AE65: =T65-AB65 -> 0 | AF65: =IF(P65=0,0,IF(VLOOKUP(AE65,'Table 52'!$E$2:$F$276,2,TRUE)>=VLOOKUP(Emp.1!AE65,'Table 52'!$G$2:$H$276,2,TRUE),MAX(VLOOKUP(Emp.1!AE65,'Table 52'!$E$2:$F$276,2,TRUE),VLOOKUP(Emp.1!AE65,'Table 52'!$G$2:$H$276,2,TRUE)),0)+100) -> 0 | AG65: =Q65 -> 0 | AH65: =SUM(U65,W65,Y65,Z65,AA65,AB65,AD65,AF65,AG65) -> 0 | AI65: =R65-AH65 -> 0 | AJ65: =O65*0.6 -> 0 | AK65: =AI65+AJ65 -> 0 | AL65: =R65*0.692% -> 0 | AQ65: =(T65-67.3)*0.057 -> -3.8361
D66: Octobre | E66: 10 | R66: =SUM(P66,Q66) -> 0 | T66: =SUM(R66,S66) -> 0 | U66: =IF(AQ66<0,0,(T66-67.3)*0.057) -> 0 | Y66: =R66*0.494% -> 0 | AC66: =R66-Z66-AA66-AB66 -> 0 | AD66: =IF(P66=0,0,IF(VLOOKUP(AC66,'Table 52'!$A$2:$B$384,2,TRUE)>=VLOOKUP(Emp.1!AC66,'Table 52'!$C$2:$D$384,2,TRUE),MAX(VLOOKUP(Emp.1!AC66,'Table 52'!$A$2:$B$384,2,TRUE),VLOOKUP(Emp.1!AC66,'Table 52'!$C$2:$D$384,2,TRUE)),0)+55) -> 0 | AE66: =T66-AB66 -> 0 | AF66: =IF(P66=0,0,IF(VLOOKUP(AE66,'Table 52'!$E$2:$F$276,2,TRUE)>=VLOOKUP(Emp.1!AE66,'Table 52'!$G$2:$H$276,2,TRUE),MAX(VLOOKUP(Emp.1!AE66,'Table 52'!$E$2:$F$276,2,TRUE),VLOOKUP(Emp.1!AE66,'Table 52'!$G$2:$H$276,2,TRUE)),0)+100) -> 0 | AG66: =Q66 -> 0 | AH66: =SUM(U66,W66,Y66,Z66,AA66,AB66,AD66,AF66,AG66) -> 0 | AI66: =R66-AH66 -> 0 | AJ66: =O66*0.6 -> 0 | AK66: =AI66+AJ66 -> 0 | AL66: =R66*0.692% -> 0 | AQ66: =(T66-67.3)*0.057 -> -3.8361
D67: Octobre | E67: 24 | R67: =SUM(P67,Q67) -> 0 | T67: =SUM(R67,S67) -> 0 | U67: =IF(AQ67<0,0,(T67-67.3)*0.057) -> 0 | Y67: =R67*0.494% -> 0 | AC67: =R67-Z67-AA67-AB67 -> 0 | AD67: =IF(P67=0,0,IF(VLOOKUP(AC67,'Table 52'!$A$2:$B$384,2,TRUE)>=VLOOKUP(Emp.1!AC67,'Table 52'!$C$2:$D$384,2,TRUE),MAX(VLOOKUP(Emp.1!AC67,'Table 52'!$A$2:$B$384,2,TRUE),VLOOKUP(Emp.1!AC67,'Table 52'!$C$2:$D$384,2,TRUE)),0)+55) -> 0 | AE67: =T67-AB67 -> 0 | AF67: =IF(P67=0,0,IF(VLOOKUP(AE67,'Table 52'!$E$2:$F$276,2,TRUE)>=VLOOKUP(Emp.1!AE67,'Table 52'!$G$2:$H$276,2,TRUE),MAX(VLOOKUP(Emp.1!AE67,'Table 52'!$E$2:$F$276,2,TRUE),VLOOKUP(Emp.1!AE67,'Table 52'!$G$2:$H$276,2,TRUE)),0)+100) -> 0 | AG67: =Q67 -> 0 | AH67: =SUM(U67,W67,Y67,Z67,AA67,AB67,AD67,AF67,AG67) -> 0 | AI67: =R67-AH67 -> 0 | AJ67: =O67*0.6 -> 0 | AK67: =AI67+AJ67 -> 0 | AL67: =R67*0.692% -> 0 | AQ67: =(T67-67.3)*0.057 -> -3.8361
D68: Octobre | E68: 31 | R68: =SUM(P68,Q68) -> 0 | T68: =SUM(R68,S68) -> 0 | U68: =IF(AQ68<0,0,(T68-67.3)*0.057) -> 0 | Y68: =R68*0.494% -> 0 | AC68: =R68-Z68-AA68-AB68 -> 0 | AD68: =IF(P68=0,0,IF(VLOOKUP(AC68,'Table 52'!$A$2:$B$384,2,TRUE)>=VLOOKUP(Emp.1!AC68,'Table 52'!$C$2:$D$384,2,TRUE),MAX(VLOOKUP(Emp.1!AC68,'Table 52'!$A$2:$B$384,2,TRUE),VLOOKUP(Emp.1!AC68,'Table 52'!$C$2:$D$384,2,TRUE)),0)+55) -> 0 | AE68: =T68-AB68 -> 0 | AF68: =IF(P68=0,0,IF(VLOOKUP(AE68,'Table 52'!$E$2:$F$276,2,TRUE)>=VLOOKUP(Emp.1!AE68,'Table 52'!$G$2:$H$276,2,TRUE),MAX(VLOOKUP(Emp.1!AE68,'Table 52'!$E$2:$F$276,2,TRUE),VLOOKUP(Emp.1!AE68,'Table 52'!$G$2:$H$276,2,TRUE)),0)+100) -> 0 | AG68: =Q68 -> 0 | AH68: =SUM(U68,W68,Y68,Z68,AA68,AB68,AD68,AF68,AG68) -> 0 | AI68: =R68-AH68 -> 0 | AJ68: =O68*0.6 -> 0 | AK68: =AI68+AJ68 -> 0 | AL68: =R68*0.692% -> 0 | AQ68: =(T68-67.3)*0.057 -> -3.8361
D69: Octobre | Q69: =P69*13% -> 0 | R69: =SUM(P69,Q69) -> 0 | T69: =SUM(R69,S69) -> 0 | U69: =IF(AQ69<0,0,(T69-67.3)*0.057) -> 0 | W69: 0 | Y69: =R69*0.494% -> 0 | Z69: =R69*0.75% -> 0 | AC69: =R69-Z69-AA69-AB69 -> 0 | AD69: =IF(P69=0,0,IF(VLOOKUP(AC69,'Table 52'!$A$2:$B$384,2,TRUE)>=VLOOKUP(Emp.1!AC69,'Table 52'!$C$2:$D$384,2,TRUE),MAX(VLOOKUP(Emp.1!AC69,'Table 52'!$A$2:$B$384,2,TRUE),VLOOKUP(Emp.1!AC69,'Table 52'!$C$2:$D$384,2,TRUE)),0)+55) -> 0 | AE69: =T69-AB69 -> 0 | AF69: =IF(P69=0,0,IF(VLOOKUP(AE69,'Table 52'!$E$2:$F$276,2,TRUE)>=VLOOKUP(Emp.1!AE69,'Table 52'!$G$2:$H$276,2,TRUE),MAX(VLOOKUP(Emp.1!AE69,'Table 52'!$E$2:$F$276,2,TRUE),VLOOKUP(Emp.1!AE69,'Table 52'!$G$2:$H$276,2,TRUE)),0)+100) -> 0 | AL69: =R69*0.692% -> 0 | AO69: =0.04*O69 -> 0 | AQ69: =(T69-67.3)*0.057 -> -3.8361
D70: total mois | O70: =SUM(O65:O69) -> 0 | P70: =SUM(P65:P69) -> 0 | Q70: =SUM(Q65:Q69) -> 0 | R70: =SUM(R65:R69) -> 0 | S70: =SUM(S65:S69) -> 0 | T70: =SUM(T65:T69) -> 0 | U70: =SUM(U65:U69) -> 0 | V70: =SUM(V65:V69) -> 0 | ... AP70: =SUM(AP65:AP69) -> 0
R71: =P71+Q71 -> 0 | T71: =R71+S71 -> 0 | Y71: =R71*0.559% -> 0 | AC71: =R71-Z71-AA71-AB71 -> 0 | AL71: =R71*0.752% -> 0 | AM71: =O71*5.335 -> 0 | AN71: =2*O71 -> 0
D72: Novembre | R72: =SUM(P72,Q72) -> 0 | T72: =SUM(R72,S72) -> 0 | U72: =IF(AQ72<0,0,(T72-67.3)*0.057) -> 0 | Y72: =R72*0.494% -> 0 | AC72: =R72-Z72-AA72-AB72 -> 0 | AD72: =IF(P72=0,0,IF(VLOOKUP(AC72,'Table 52'!$A$2:$B$384,2,TRUE)>=VLOOKUP(Emp.1!AC72,'Table 52'!$C$2:$D$384,2,TRUE),MAX(VLOOKUP(Emp.1!AC72,'Table 52'!$A$2:$B$384,2,TRUE),VLOOKUP(Emp.1!AC72,'Table 52'!$C$2:$D$384,2,TRUE)),0)+55) -> 0 | AE72: =T72-AB72 -> 0 | AF72: =IF(P72=0,0,IF(VLOOKUP(AE72,'Table 52'!$E$2:$F$276,2,TRUE)>=VLOOKUP(Emp.1!AE72,'Table 52'!$G$2:$H$276,2,TRUE),MAX(VLOOKUP(Emp.1!AE72,'Table 52'!$E$2:$F$276,2,TRUE),VLOOKUP(Emp.1!AE72,'Table 52'!$G$2:$H$276,2,TRUE)),0)+100) -> 0 | AG72: =Q72 -> 0 | AH72: =SUM(U72,W72,Y72,Z72,AA72,AB72,AD72,AF72,AG72) -> 0 | AI72: =R72-AH72 -> 0 | AJ72: =O72*0.6 -> 0 | AK72: =AI72+AJ72 -> 0 | AL72: =R72*0.692% -> 0 | AQ72: =(T72-67.3)*0.057 -> -3.8361
D73: Novembre | E73: 7 | R73: =SUM(P73,Q73) -> 0 | T73: =SUM(R73,S73) -> 0 | U73: =IF(AQ73<0,0,(T73-67.3)*0.057) -> 0 | Y73: =R73*0.494% -> 0 | AC73: =R73-Z73-AA73-AB73 -> 0 | AD73: =IF(P73=0,0,IF(VLOOKUP(AC73,'Table 52'!$A$2:$B$384,2,TRUE)>=VLOOKUP(Emp.1!AC73,'Table 52'!$C$2:$D$384,2,TRUE),MAX(VLOOKUP(Emp.1!AC73,'Table 52'!$A$2:$B$384,2,TRUE),VLOOKUP(Emp.1!AC73,'Table 52'!$C$2:$D$384,2,TRUE)),0)+55) -> 0 | AE73: =T73-AB73 -> 0 | AF73: =IF(P73=0,0,IF(VLOOKUP(AE73,'Table 52'!$E$2:$F$276,2,TRUE)>=VLOOKUP(Emp.1!AE73,'Table 52'!$G$2:$H$276,2,TRUE),MAX(VLOOKUP(Emp.1!AE73,'Table 52'!$E$2:$F$276,2,TRUE),VLOOKUP(Emp.1!AE73,'Table 52'!$G$2:$H$276,2,TRUE)),0)+100) -> 0 | AG73: =Q73 -> 0 | AH73: =SUM(U73,W73,Y73,Z73,AA73,AB73,AD73,AF73,AG73) -> 0 | AI73: =R73-AH73 -> 0 | AJ73: =O73*0.6 -> 0 | AK73: =AI73+AJ73 -> 0 | AL73: =R73*0.692% -> 0 | AQ73: =(T73-67.3)*0.057 -> -3.8361
D74: Novembre | E74: 14 | R74: =SUM(P74,Q74) -> 0 | T74: =SUM(R74,S74) -> 0 | U74: =IF(AQ74<0,0,(T74-67.3)*0.057) -> 0 | Y74: =R74*0.494% -> 0 | AC74: =R74-Z74-AA74-AB74 -> 0 | AD74: =IF(P74=0,0,IF(VLOOKUP(AC74,'Table 52'!$A$2:$B$384,2,TRUE)>=VLOOKUP(Emp.1!AC74,'Table 52'!$C$2:$D$384,2,TRUE),MAX(VLOOKUP(Emp.1!AC74,'Table 52'!$A$2:$B$384,2,TRUE),VLOOKUP(Emp.1!AC74,'Table 52'!$C$2:$D$384,2,TRUE)),0)+55) -> 0 | AE74: =T74-AB74 -> 0 | AF74: =IF(P74=0,0,IF(VLOOKUP(AE74,'Table 52'!$E$2:$F$276,2,TRUE)>=VLOOKUP(Emp.1!AE74,'Table 52'!$G$2:$H$276,2,TRUE),MAX(VLOOKUP(Emp.1!AE74,'Table 52'!$E$2:$F$276,2,TRUE),VLOOKUP(Emp.1!AE74,'Table 52'!$G$2:$H$276,2,TRUE)),0)+100) -> 0 | AG74: =Q74 -> 0 | AH74: =SUM(U74,W74,Y74,Z74,AA74,AB74,AD74,AF74,AG74) -> 0 | AI74: =R74-AH74 -> 0 | AJ74: =O74*0.6 -> 0 | AK74: =AI74+AJ74 -> 0 | AL74: =R74*0.692% -> 0 | AQ74: =(T74-67.3)*0.057 -> -3.8361
D75: Novembre | E75: 21 | R75: =SUM(P75,Q75) -> 0 | T75: =SUM(R75,S75) -> 0 | U75: =IF(AQ75<0,0,(T75-67.3)*0.057) -> 0 | Y75: =R75*0.494% -> 0 | AC75: =R75-Z75-AA75-AB75 -> 0 | AD75: =IF(P75=0,0,IF(VLOOKUP(AC75,'Table 52'!$A$2:$B$384,2,TRUE)>=VLOOKUP(Emp.1!AC75,'Table 52'!$C$2:$D$384,2,TRUE),MAX(VLOOKUP(Emp.1!AC75,'Table 52'!$A$2:$B$384,2,TRUE),VLOOKUP(Emp.1!AC75,'Table 52'!$C$2:$D$384,2,TRUE)),0)+55) -> 0 | AE75: =T75-AB75 -> 0 | AF75: =IF(P75=0,0,IF(VLOOKUP(AE75,'Table 52'!$E$2:$F$276,2,TRUE)>=VLOOKUP(Emp.1!AE75,'Table 52'!$G$2:$H$276,2,TRUE),MAX(VLOOKUP(Emp.1!AE75,'Table 52'!$E$2:$F$276,2,TRUE),VLOOKUP(Emp.1!AE75,'Table 52'!$G$2:$H$276,2,TRUE)),0)+100) -> 0 | AG75: =Q75 -> 0 | AH75: =SUM(U75,W75,Y75,Z75,AA75,AB75,AD75,AF75,AG75) -> 0 | AI75: =R75-AH75 -> 0 | AJ75: =O75*0.6 -> 0 | AK75: =AI75+AJ75 -> 0 | AL75: =R75*0.692% -> 0 | AQ75: =(T75-67.3)*0.057 -> -3.8361
D76: Novembre | Q76: =P76*13% -> 0 | R76: =SUM(P76,Q76) -> 0 | T76: =SUM(R76,S76) -> 0 | U76: =IF(AQ76<0,0,(T76-67.3)*0.057) -> 0 | W76: 0 | Y76: =R76*0.494% -> 0 | Z76: =R76*0.75% -> 0 | AB76: =1.7*O76 -> 0 | AC76: =R76-Z76-AA76-AB76 -> 0 | AD76: =IF(P76=0,0,IF(VLOOKUP(AC76,'Table 52'!$A$2:$B$384,2,TRUE)>=VLOOKUP(Emp.1!AC76,'Table 52'!$C$2:$D$384,2,TRUE),MAX(VLOOKUP(Emp.1!AC76,'Table 52'!$A$2:$B$384,2,TRUE),VLOOKUP(Emp.1!AC76,'Table 52'!$C$2:$D$384,2,TRUE)),0)+55) -> 0 | AE76: =T76-AB76 -> 0 | AF76: =IF(P76=0,0,IF(VLOOKUP(AE76,'Table 52'!$E$2:$F$276,2,TRUE)>=VLOOKUP(Emp.1!AE76,'Table 52'!$G$2:$H$276,2,TRUE),MAX(VLOOKUP(Emp.1!AE76,'Table 52'!$E$2:$F$276,2,TRUE),VLOOKUP(Emp.1!AE76,'Table 52'!$G$2:$H$276,2,TRUE)),0)+100) -> 0 | AG76: =Q76 -> 0 | AH76: =SUM(U76+W76+Y76+Z76+AA76+AB76+AD76+AF76+AG76) -> 0 | AI76: =R76-AH76 -> 0 | AJ76: =O76*0.6 -> 0 | AK76: =AI76+AJ76 -> 0 | AL76: =R76*0.692% -> 0 | AO76: =0.04*O76 -> 0 | AQ76: =(T76-67.3)*0.057 -> -3.8361
D77: total mois | O77: =SUM(O72:O76) -> 0 | P77: =SUM(P72:P76) -> 0 | Q77: =SUM(Q72:Q76) -> 0 | R77: =SUM(R72:R76) -> 0 | S77: =SUM(S72:S76) -> 0 | T77: =SUM(T72:T76) -> 0 | U77: =SUM(U72:U76) -> 0 | V77: =SUM(V72:V76) -> 0 | ... AO77: =SUM(AO72:AO76) -> 0
R78: =P78+Q78 -> 0 | T78: =R78+S78 -> 0 | Y78: =R78*0.559% -> 0 | AC78: =R78-Z78-AA78-AB78 -> 0 | AL78: =R78*0.752% -> 0 | AM78: =O78*5.335 -> 0 | AN78: =2*O78 -> 0
D79: Décembre | O79: 0 | R79: =SUM(P79,Q79) -> 0 | T79: =SUM(R79,S79) -> 0 | U79: =IF(AQ79<0,0,(T79-67.3)*0.057) -> 0 | Y79: =R79*0.494% -> 0 | AC79: =R79-Z79-AA79-AB79 -> 0 | AD79: =IF(P79=0,0,IF(VLOOKUP(AC79,'Table 52'!$A$2:$B$384,2,TRUE)>=VLOOKUP(Emp.1!AC79,'Table 52'!$C$2:$D$384,2,TRUE),MAX(VLOOKUP(Emp.1!AC79,'Table 52'!$A$2:$B$384,2,TRUE),VLOOKUP(Emp.1!AC79,'Table 52'!$C$2:$D$384,2,TRUE)),0)+55) -> 0 | AE79: =T79-AB79 -> 0 | AF79: =IF(P79=0,0,IF(VLOOKUP(AE79,'Table 52'!$E$2:$F$276,2,TRUE)>=VLOOKUP(Emp.1!AE79,'Table 52'!$G$2:$H$276,2,TRUE),MAX(VLOOKUP(Emp.1!AE79,'Table 52'!$E$2:$F$276,2,TRUE),VLOOKUP(Emp.1!AE79,'Table 52'!$G$2:$H$276,2,TRUE)),0)+100) -> 0 | AG79: =Q79 -> 0 | AH79: =SUM(U79,W79,Y79,Z79,AA79,AB79,AD79,AF79,AG79) -> 0 | AI79: =R79-AH79 -> 0 | AJ79: =O79*0.6 -> 0 | AK79: =AI79+AJ79 -> 0 | AL79: =R79*0.692% -> 0 | AM79: =R79*0.767% -> 0 | AQ79: =(T79-67.3)*0.057 -> -3.8361
D80: Décembre | E80: 4 | R80: =SUM(P80,Q80) -> 0 | T80: =SUM(R80,S80) -> 0 | U80: =IF(AQ80<0,0,(T80-67.3)*0.057) -> 0 | Y80: =R80*0.494% -> 0 | AC80: =R80-Z80-AA80-AB80 -> 0 | AD80: =IF(P80=0,0,IF(VLOOKUP(AC80,'Table 52'!$A$2:$B$384,2,TRUE)>=VLOOKUP(Emp.1!AC80,'Table 52'!$C$2:$D$384,2,TRUE),MAX(VLOOKUP(Emp.1!AC80,'Table 52'!$A$2:$B$384,2,TRUE),VLOOKUP(Emp.1!AC80,'Table 52'!$C$2:$D$384,2,TRUE)),0)+55) -> 0 | AE80: =T80-AB80 -> 0 | AF80: =IF(P80=0,0,IF(VLOOKUP(AE80,'Table 52'!$E$2:$F$276,2,TRUE)>=VLOOKUP(Emp.1!AE80,'Table 52'!$G$2:$H$276,2,TRUE),MAX(VLOOKUP(Emp.1!AE80,'Table 52'!$E$2:$F$276,2,TRUE),VLOOKUP(Emp.1!AE80,'Table 52'!$G$2:$H$276,2,TRUE)),0)+100) -> 0 | AG80: =Q80 -> 0 | AH80: =SUM(U80,W80,Y80,Z80,AA80,AB80,AD80,AF80,AG80) -> 0 | AI80: =R80-AH80 -> 0 | AJ80: =O80*0.6 -> 0 | AK80: =AI80+AJ80 -> 0 | AL80: =R80*0.692% -> 0 | AM80: =R80*0.767% -> 0 | AQ80: =(T80-67.3)*0.057 -> -3.8361
D81: Décembre | E81: 16 | R81: =SUM(P81,Q81) -> 0 | T81: =SUM(R81,S81) -> 0 | U81: =IF(AQ81<0,0,(T81-67.3)*0.057) -> 0 | Y81: =R81*0.494% -> 0 | AC81: =R81-Z81-AA81-AB81 -> 0 | AD81: =IF(P81=0,0,IF(VLOOKUP(AC81,'Table 52'!$A$2:$B$384,2,TRUE)>=VLOOKUP(Emp.1!AC81,'Table 52'!$C$2:$D$384,2,TRUE),MAX(VLOOKUP(Emp.1!AC81,'Table 52'!$A$2:$B$384,2,TRUE),VLOOKUP(Emp.1!AC81,'Table 52'!$C$2:$D$384,2,TRUE)),0)+55) -> 0 | AE81: =T81-AB81 -> 0 | AF81: =IF(P81=0,0,IF(VLOOKUP(AE81,'Table 52'!$E$2:$F$276,2,TRUE)>=VLOOKUP(Emp.1!AE81,'Table 52'!$G$2:$H$276,2,TRUE),MAX(VLOOKUP(Emp.1!AE81,'Table 52'!$E$2:$F$276,2,TRUE),VLOOKUP(Emp.1!AE81,'Table 52'!$G$2:$H$276,2,TRUE)),0)+100) -> 0 | AG81: =Q81 -> 0 | AH81: =SUM(U81,W81,Y81,Z81,AA81,AB81,AD81,AF81,AG81) -> 0 | AI81: =R81-AH81 -> 0 | AJ81: =O81*0.6 -> 0 | AK81: =AI81+AJ81 -> 0 | AL81: =R81*0.692% -> 0 | AM81: =R81*0.767% -> 0 | AQ81: =(T81-67.3)*0.057 -> -3.8361
D82: Décembre | E82: 23 | R82: =SUM(P82,Q82) -> 0 | T82: =SUM(R82,S82) -> 0 | U82: =IF(AQ82<0,0,(T82-67.3)*0.057) -> 0 | Y82: =R82*0.494% -> 0 | AC82: =R82-Z82-AA82-AB82 -> 0 | AD82: =IF(P82=0,0,IF(VLOOKUP(AC82,'Table 52'!$A$2:$B$384,2,TRUE)>=VLOOKUP(Emp.1!AC82,'Table 52'!$C$2:$D$384,2,TRUE),MAX(VLOOKUP(Emp.1!AC82,'Table 52'!$A$2:$B$384,2,TRUE),VLOOKUP(Emp.1!AC82,'Table 52'!$C$2:$D$384,2,TRUE)),0)+55) -> 0 | AE82: =T82-AB82 -> 0 | AF82: =IF(P82=0,0,IF(VLOOKUP(AE82,'Table 52'!$E$2:$F$276,2,TRUE)>=VLOOKUP(Emp.1!AE82,'Table 52'!$G$2:$H$276,2,TRUE),MAX(VLOOKUP(Emp.1!AE82,'Table 52'!$E$2:$F$276,2,TRUE),VLOOKUP(Emp.1!AE82,'Table 52'!$G$2:$H$276,2,TRUE)),0)+100) -> 0 | AG82: =Q82 -> 0 | AH82: =SUM(U82,W82,Y82,Z82,AA82,AB82,AD82,AF82,AG82) -> 0 | AI82: =R82-AH82 -> 0 | AJ82: =O82*0.6 -> 0 | AK82: =AI82+AJ82 -> 0 | AL82: =R82*0.692% -> 0 | AM82: =R82*0.767% -> 0 | AQ82: =(T82-67.3)*0.057 -> -3.8361
D83: Décembre | O83: 0 | R83: =SUM(P83,Q83) -> 0 | T83: =SUM(R83,S83) -> 0 | U83: =IF(AQ83<0,0,(T83-67.3)*0.057) -> 0 | W83: 0 | Y83: =R83*0.494% -> 0 | AC83: =R83-Z83-AA83-AB83 -> 0 | AD83: =IF(P83=0,0,IF(VLOOKUP(AC83,'Table 52'!$A$2:$B$384,2,TRUE)>=VLOOKUP(Emp.1!AC83,'Table 52'!$C$2:$D$384,2,TRUE),MAX(VLOOKUP(Emp.1!AC83,'Table 52'!$A$2:$B$384,2,TRUE),VLOOKUP(Emp.1!AC83,'Table 52'!$C$2:$D$384,2,TRUE)),0)+55) -> 0 | AE83: =T83-AB83 -> 0 | AF83: =IF(P83=0,0,IF(VLOOKUP(AE83,'Table 52'!$E$2:$F$276,2,TRUE)>=VLOOKUP(Emp.1!AE83,'Table 52'!$G$2:$H$276,2,TRUE),MAX(VLOOKUP(Emp.1!AE83,'Table 52'!$E$2:$F$276,2,TRUE),VLOOKUP(Emp.1!AE83,'Table 52'!$G$2:$H$276,2,TRUE)),0)+100) -> 0 | AG83: =Q83 -> 0 | AH83: =SUM(U83,W83,Y83,Z83,AA83,AB83,AD83,AF83,AG83) -> 0 | AI83: =R83-AH83 -> 0 | AJ83: =O83*0.6 -> 0 | AK83: =AI83+AJ83 -> 0 | AL83: =R83*0.692% -> 0 | AM83: =R83*0.767% -> 0 | AQ83: =(T83-67.3)*0.057 -> -3.8361
D84: total mois | O84: =SUM(O79:O83) -> 0 | P84: =SUM(P79:P83) -> 0 | Q84: =SUM(Q79:Q83) -> 0 | R84: =SUM(R79:R83) -> 0 | S84: =SUM(S79:S83) -> 0 | T84: =SUM(T79:T83) -> 0 | U84: =SUM(U79:U83) -> 0 | V84: =SUM(V79:V83) -> 0 | ... AP84: =SUM(AP79:AP83) -> 0
D86: total année | N86: =N7+N14+N21+N28+N35+N42+N49+N56+N63+N70+N77+N84 -> 0 | O86: =O7+O14+O21+O28+O35+O42+O49+O56+O63+O70+O77+O84 -> 0 | P86: =P7+P14+P21+P28+P35+P42+P49+P56+P63+P70+P77+P84 -> 0 | Q86: =Q7+Q14+Q21+Q28+Q35+Q42+Q49+Q56+Q63+Q70+Q77+Q84 -> 0 | R86: =R7+R14+R21+R28+R35+R42+R49+R56+R63+R70+R77+R84 -> 0 | S86: =S7+S14+S21+S28+S35+S42+S49+S56+S63+S70+S77+S84 -> 0 | T86: =T7+T14+T21+T28+T35+T42+T49+T56+T63+T70+T77+T84 -> 0 | U86: =U7+U14+U21+U28+U35+U42+U49+U56+U63+U70+U77+U84 -> 0 | ... AO86: =AO7+AO14+AO21+AO28+AO35+AO42+AO49+AO56+AO63+AO70+AO77+AO84 -> 0

Sheet Empl.2
D1: Mois | E1: SemFin | F1: di | G1: lu | H1: ma | I1: me | J1: je | K1: ve | L1: sa | M1: Rég | N1: hr | O1: HrCCQ | P1: Nbr h. | Q1: S. sem | R1: h. pér | S1: S. pér | T1: Sal. Brut | U1: Vacanc | V1: Total rén | W1: Av.impos | X1: Total | Y1: R.R.Q. | Z1: Cumul. | AA1: AssEmploi | AB1: Gainsass | AC1: RQAP | AD1: PrélCCQ | AE1: cotis.synd | AF1: Avant.Soc | AG1: Sal/admféd | AH1: Impôt féd | AI1: Sal/admpr | AJ1: Impôt prov. | AK1: Vacanc | AL1: Déduction | AM1: TOTAL | AN1: Équip | AO1: Remb. Km | AP1: Sal. net | AQ1: RQAPempl | AR1: av. emp | AS1: txass | AT1: cont sec | AW1: Vac. à payer
C2: 1 | D2: 2 | E2: 3 | F2: 4 | G2: 5 | H2: 6 | I2: 7 | J2: 8 | K2: 9 | L2: 10 | M2: 11 | N2: 12 | O2: 13 | P2: 14 | Q2: 15 | R2: 16 | S2: 17 | T2: 18 | U2: 19 | V2: 20 | W2: 21 | X2: 22 | Y2: 23 | Z2: 24 | AA2: 25 | AB2: 26 | AC2: 27 | AD2: 28 | AE2: 29 | AF2: 30 | AG2: 31 | AH2: 32 | AI2: 33 | AJ2: 34 | AK2: 35 | AL2: 36 | AM2: 37 | AN2: 38 | AO2: 39 | AP2: 40 | AQ2: 41 | AR2: 42 | AS2: 43 | AT2: 44 | AU2: 45 | AV2: 46 | AW2: 47
D4: janvier | M4: 0 | O4: 0 | V4: =T4+U4 -> 0 | W4: =1.879*O4 -> 0 | X4: =V4+W4 -> 0 | Y4: =IF(AV4<0,0,(X4-134.62)*0.057) -> 0 | AA4: =V4*1.2% -> 0 | AC4: =V4*0.494% -> 0 | AG4: =V4-AD4-AE4-AF4 -> 0 | AH4: =IF(VLOOKUP(AG4,'Table 26'!$A$2:$C$438,2,TRUE)>=VLOOKUP(AG4,'Table 26'!$C$2:$D$438,2,TRUE),MAX(VLOOKUP(AG4,'Table 26'!$A$2:$B$438,2,TRUE),VLOOKUP(AG4,'Table 26'!$C$2:$D$438,2,TRUE)),0) -> 0 | AI4: =X4-AF4 -> 0 | AJ4: =IF(VLOOKUP(AI4,'Table 26'!$E$2:$F$306,2,TRUE)>=VLOOKUP(AI4,'Table 26'!$G$2:$H$306,2,TRUE),MAX(VLOOKUP(AI4,'Table 26'!$E$2:$F$306,2,TRUE),VLOOKUP(AI4,'Table 26'!$G$2:$H$306,2,TRUE)),0) -> 0 | AL4: =Y4+AA4+AC4+AD4+AE4+AF4+AH4+AJ4+AK4 -> 0 | AM4: =V4-AL4 -> 0 | AP4: =AM4+AN4+AO4 -> 0 | AQ4: =V4*0.692% -> 0 | AV4: =(X4-134.62)*0.057 -> -7.67334 | AW4: =T4*0.04 -> 0
D5: janvier | M5: 0 | V5: =T5+U5 -> 0 | W5: =O5*1.998 -> 0 | X5: =V5+W5 -> 0 | Y5: =IF(AV5<0,0,(X5-134.62)*0.057) -> 0 | AA5: =V5*1.2% -> 0 | AC5: =V5*0.494% -> 0 | AG5: =V5-AD5-AE5-AF5 -> 0 | AH5: =IF(VLOOKUP(AG5,'Table 26'!$A$2:$C$438,2,TRUE)>=VLOOKUP(AG5,'Table 26'!$C$2:$D$438,2,TRUE),MAX(VLOOKUP(AG5,'Table 26'!$A$2:$B$438,2,TRUE),VLOOKUP(AG5,'Table 26'!$C$2:$D$438,2,TRUE)),0) -> 0 | AI5: =X5-AF5 -> 0 | AJ5: =IF(VLOOKUP(AI5,'Table 26'!$E$2:$F$306,2,TRUE)>=VLOOKUP(AI5,'Table 26'!$G$2:$H$306,2,TRUE),MAX(VLOOKUP(AI5,'Table 26'!$E$2:$F$306,2,TRUE),VLOOKUP(AI5,'Table 26'!$G$2:$H$306,2,TRUE)),0) -> 0 | AL5: =Y5+AA5+AC5+AD5+AE5+AF5+AH5+AJ5+AK5 -> 0 | AM5: =V5-AL5 -> 0 | AP5: =AM5+AN5+AO5 -> 0 | AQ5: =V5*0.692% -> 0 | AR5: =O5*5.335 -> 0 | AS5: =2*O5 -> 0 | AT5: =0.04*O5 -> 0 | AV5: =(X5-134.62)*0.057 -> -7.67334 | AW5: =T5*0.04 -> 0
D6: janvier | M6: 0 | V6: =T6+U6 -> 0 | W6: =O6*1.998 -> 0 | X6: =V6+W6 -> 0 | Y6: =IF(AV6<0,0,(X6-134.62)*0.057) -> 0 | AA6: =V6*1.2% -> 0 | AC6: =V6*0.494% -> 0 | AG6: =V6-AD6-AE6-AF6 -> 0 | AH6: =IF(VLOOKUP(AG6,'Table 26'!$A$2:$C$438,2,TRUE)>=VLOOKUP(AG6,'Table 26'!$C$2:$D$438,2,TRUE),MAX(VLOOKUP(AG6,'Table 26'!$A$2:$B$438,2,TRUE),VLOOKUP(AG6,'Table 26'!$C$2:$D$438,2,TRUE)),0) -> 0 | AI6: =X6-AF6 -> 0 | AJ6: =IF(VLOOKUP(AI6,'Table 26'!$E$2:$F$306,2,TRUE)>=VLOOKUP(AI6,'Table 26'!$G$2:$H$306,2,TRUE),MAX(VLOOKUP(AI6,'Table 26'!$E$2:$F$306,2,TRUE),VLOOKUP(AI6,'Table 26'!$G$2:$H$306,2,TRUE)),0) -> 0 | AL6: =Y6+AA6+AC6+AD6+AE6+AF6+AH6+AJ6+AK6 -> 0 | AM6: =V6-AL6 -> 0 | AP6: =AM6+AN6+AO6 -> 0 | AQ6: =V6*0.692% -> 0 | AR6: =O6*5.335 -> 0 | AS6: =2*O6 -> 0 | AT6: =0.04*O6 -> 0 | AV6: =(X6-134.62)*0.057 -> -7.67334 | AW6: =T6*0.04 -> 0
D7: janvier | M7: 0 | V7: =T7+U7 -> 0 | W7: =O7*1.998 -> 0 | X7: =V7+W7 -> 0 | Y7: =IF(AV7<0,0,(X7-134.62)*0.057) -> 0 | AA7: =V7*1.2% -> 0 | AC7: =V7*0.494% -> 0 | AG7: =V7-AD7-AE7-AF7 -> 0 | AH7: =IF(VLOOKUP(AG7,'Table 26'!$A$2:$C$438,2,TRUE)>=VLOOKUP(AG7,'Table 26'!$C$2:$D$438,2,TRUE),MAX(VLOOKUP(AG7,'Table 26'!$A$2:$B$438,2,TRUE),VLOOKUP(AG7,'Table 26'!$C$2:$D$438,2,TRUE)),0) -> 0 | AI7: =X7-AF7 -> 0 | AJ7: =IF(VLOOKUP(AI7,'Table 26'!$E$2:$F$306,2,TRUE)>=VLOOKUP(AI7,'Table 26'!$G$2:$H$306,2,TRUE),MAX(VLOOKUP(AI7,'Table 26'!$E$2:$F$306,2,TRUE),VLOOKUP(AI7,'Table 26'!$G$2:$H$306,2,TRUE)),0) -> 0 | AL7: =Y7+AA7+AC7+AD7+AE7+AF7+AH7+AJ7+AK7 -> 0 | AM7: =V7-AL7 -> 0 | AP7: =AM7+AN7+AO7 -> 0 | AQ7: =V7*0.692% -> 0 | AR7: =O7*5.335 -> 0 | AS7: =2*O7 -> 0 | AT7: =0.04*O7 -> 0 | AV7: =(X7-134.62)*0.057 -> -7.67334 | AW7: =T7*0.04 -> 0
D8: janvier | V8: =T8+U8 -> 0 | W8: =O8*1.998 -> 0 | X8: =V8+W8 -> 0 | Y8: =IF(AV8<0,0,(X8-134.62)*0.057) -> 0 | AA8: =V8*1.2% -> 0 | AC8: =V8*0.494% -> 0 | AG8: =V8-AD8-AE8-AF8 -> 0 | AH8: =IF(VLOOKUP(AG8,'Table 26'!$A$2:$C$438,2,TRUE)>=VLOOKUP(AG8,'Table 26'!$C$2:$D$438,2,TRUE),MAX(VLOOKUP(AG8,'Table 26'!$A$2:$B$438,2,TRUE),VLOOKUP(AG8,'Table 26'!$C$2:$D$438,2,TRUE)),0) -> 0 | AI8: =X8-AF8 -> 0 | AJ8: =IF(VLOOKUP(AI8,'Table 26'!$E$2:$F$306,2,TRUE)>=VLOOKUP(AI8,'Table 26'!$G$2:$H$306,2,TRUE),MAX(VLOOKUP(AI8,'Table 26'!$E$2:$F$306,2,TRUE),VLOOKUP(AI8,'Table 26'!$G$2:$H$306,2,TRUE)),0) -> 0 | AL8: =Y8+AA8+AC8+AD8+AE8+AF8+AH8+AJ8+AK8 -> 0 | AM8: =V8-AL8 -> 0 | AP8: =AM8+AN8+AO8 -> 0 | AQ8: =V8*0.692% -> 0 | AR8: =O8*5.335 -> 0 | AS8: =2*O8 -> 0 | AT8: =0.04*O8 -> 0 | AV8: =(X8-134.62)*0.057 -> -7.67334 | AW8: =T8*0.04 -> 0
D9: Total mois | M9: 0 | N9: 0 | O9: =SUM(O4:O8) -> 0 | T9: =SUM(T4:T8) -> 0 | U9: =SUM(U4:U8) -> 0 | V9: =SUM(V4:V8) -> 0 | W9: =SUM(W4:W8) -> 0 | X9: =SUM(X4:X8) -> 0 | Y9: =SUM(Y4:Y8) -> 0 | Z9: =SUM(Z4:Z8) -> 0 | AA9: =SUM(AA4:AA8) -> 0 | ... AU9: =SUM(AU4:AU8) -> 0 | AW9: =SUM(AW4:AW8) -> 0
AR10: =O10*5.335 -> 0 | AS10: =2*O10 -> 0 | AT10: =0.04*O10 -> 0
D11: Février | E11: 1 | M11: 0 | P11: 15 | Q11: 375 | V11: =T11+U11 -> 0 | W11: =O11*1.998 -> 0 | X11: =V11+W11 -> 0 | Y11: =IF(AV11<0,0,(X11-134.62)*0.057) -> 0 | AA11: =V11*1.2% -> 0 | AC11: =V11*0.494% -> 0 | AG11: =V11-AD11-AE11-AF11 -> 0 | AH11: =IF(VLOOKUP(AG11,'Table 26'!$A$2:$C$438,2,TRUE)>=VLOOKUP(AG11,'Table 26'!$C$2:$D$438,2,TRUE),MAX(VLOOKUP(AG11,'Table 26'!$A$2:$B$438,2,TRUE),VLOOKUP(AG11,'Table 26'!$C$2:$D$438,2,TRUE)),0) -> 0 | AI11: =X11-AF11 -> 0 | AJ11: =IF(VLOOKUP(AI11,'Table 26'!$E$2:$F$306,2,TRUE)>=VLOOKUP(AI11,'Table 26'!$G$2:$H$306,2,TRUE),MAX(VLOOKUP(AI11,'Table 26'!$E$2:$F$306,2,TRUE),VLOOKUP(AI11,'Table 26'!$G$2:$H$306,2,TRUE)),0) -> 0 | AL11: =Y11+AA11+AC11+AD11+AE11+AF11+AH11+AJ11+AK11 -> 0 | AM11: =V11-AL11 -> 0 | AP11: =AM11+AN11+AO11 -> 0 | AQ11: =V11*0.692% -> 0 | AR11: =O11*5.335 -> 0 | AS11: =2*O11 -> 0 | AT11: =0.04*O11 -> 0 | AV11: =(X11-134.62)*0.057 -> -7.67334 | AW11: =T11*0.04 -> 0
C12: 3 | D12: Février | E12: 8 | M12: 0 | P12: 15 | Q12: 375 | R12: =P11+P12 -> 30 | S12: =Q11+Q12 -> 750 | T12: 750 | V12: =T12+U12 -> 750 | W12: =O12*1.998 -> 0 | X12: =V12+W12 -> 750 | Y12: =IF(AV12<0,0,(X12-134.62)*0.057) -> 35.07666 | AA12: =V12*1.2% -> 9 | AC12: =V12*0.494% -> 3.705 | AG12: =V12-AD12-AE12-AF12 -> 750 | AH12: =IF(VLOOKUP(AG12,'Table 26'!$A$2:$C$438,2,TRUE)>=VLOOKUP(AG12,'Table 26'!$C$2:$D$438,2,TRUE),MAX(VLOOKUP(AG12,'Table 26'!$A$2:$B$438,2,TRUE),VLOOKUP(AG12,'Table 26'!$C$2:$D$438,2,TRUE)),0) -> 22.6 | AI12: =X12-AF12 -> 750 | AJ12: =IF(VLOOKUP(AI12,'Table 26'!$E$2:$F$306,2,TRUE)>=VLOOKUP(AI12,'Table 26'!$G$2:$H$306,2,TRUE),MAX(VLOOKUP(AI12,'Table 26'!$E$2:$F$306,2,TRUE),VLOOKUP(AI12,'Table 26'!$G$2:$H$306,2,TRUE)),0) -> 16.85 | AL12: =Y12+AA12+AC12+AD12+AE12+AF12+AH12+AJ12+AK12 -> 87.23166 | AM12: =V12-AL12 -> 662.76834 | AO12: 54 | AP12: =AM12+AN12+AO12 -> 716.76834 | AQ12: =V12*0.692% -> 5.19 | AR12: =O12*5.335 -> 0 | AS12: =2*O12 -> 0 | AT12: =0.04*O12 -> 0 | AV12: =(X12-134.62)*0.057 -> 35.07666 | AW12: =T12*0.04 -> 30
D13: Février | E13: 15 | M13: 0 | P13: 15 | Q13: 500 | V13: =T13+U13 -> 0 | W13: =O13*1.998 -> 0 | X13: =V13+W13 -> 0 | Y13: =IF(AV13<0,0,(X13-134.62)*0.057) -> 0 | AA13: =V13*1.2% -> 0 | AC13: =V13*0.494% -> 0 | AG13: =V13-AD13-AE13-AF13 -> 0 | AH13: =IF(VLOOKUP(AG13,'Table 26'!$A$2:$C$438,2,TRUE)>=VLOOKUP(AG13,'Table 26'!$C$2:$D$438,2,TRUE),MAX(VLOOKUP(AG13,'Table 26'!$A$2:$B$438,2,TRUE),VLOOKUP(AG13,'Table 26'!$C$2:$D$438,2,TRUE)),0) -> 0 | AI13: =X13-AF13 -> 0 | AJ13: =IF(VLOOKUP(AI13,'Table 26'!$E$2:$F$306,2,TRUE)>=VLOOKUP(AI13,'Table 26'!$G$2:$H$306,2,TRUE),MAX(VLOOKUP(AI13,'Table 26'!$E$2:$F$306,2,TRUE),VLOOKUP(AI13,'Table 26'!$G$2:$H$306,2,TRUE)),0) -> 0 | AL13: =Y13+AA13+AC13+AD13+AE13+AF13+AH13+AJ13+AK13 -> 0 | AM13: =V13-AL13 -> 0 | AP13: =AM13+AN13+AO13 -> 0 | AQ13: =V13*0.692% -> 0 | AR13: =O13*5.335 -> 0 | AS13: =2*O13 -> 0 | AT13: =0.04*O13 -> 0 | AV13: =(X13-134.62)*0.057 -> -7.67334 | AW13: =T13*0.04 -> 0
C14: 4 | D14: Février | E14: 22 | M14: 0 | P14: 15 | Q14: 500 | R14: =P13+P14 -> 30 | S14: =Q13+Q14 -> 1000 | T14: 1000 | V14: =T14+U14 -> 1000 | W14: =O14*1.998 -> 0 | X14: =V14+W14 -> 1000 | Y14: =IF(AV14<0,0,(X14-134.62)*0.057) -> 49.32666 | AA14: =V14*1.2% -> 12 | AC14: =V14*0.494% -> 4.94 | AG14: =V14-AD14-AE14-AF14 -> 1000 | AH14: =IF(VLOOKUP(AG14,'Table 26'!$A$2:$C$438,2,TRUE)>=VLOOKUP(AG14,'Table 26'!$C$2:$D$438,2,TRUE),MAX(VLOOKUP(AG14,'Table 26'!$A$2:$B$438,2,TRUE),VLOOKUP(AG14,'Table 26'!$C$2:$D$438,2,TRUE)),0) -> 51.6 | AI14: =X14-AF14 -> 1000 | AJ14: =IF(VLOOKUP(AI14,'Table 26'!$E$2:$F$306,2,TRUE)>=VLOOKUP(AI14,'Table 26'!$G$2:$H$306,2,TRUE),MAX(VLOOKUP(AI14,'Table 26'!$E$2:$F$306,2,TRUE),VLOOKUP(AI14,'Table 26'!$G$2:$H$306,2,TRUE)),0) -> 55.03 | AL14: =Y14+AA14+AC14+AD14+AE14+AF14+AH14+AJ14+AK14 -> 172.89666 | AM14: =V14-AL14 -> 827.10334 | AP14: =AM14+AN14+AO14 -> 827.10334 | AQ14: =V14*0.692% -> 6.92 | AR14: =O14*5.335 -> 0 | AS14: =2*O14 -> 0 | AT14: =0.04*O14 -> 0 | AV14: =(X14-134.62)*0.057 -> 49.32666 | AW14: =T14*0.04 -> 40
D15: Février | E15: 29 | AI15: =X15-AF15 -> 0 | AP15: =AM15+AN15+AO15 -> 0
D16: Total mois | M16: 0 | N16: 0 | O16: =SUM(O11:O14) -> 0 | T16: =SUM(T11:U15) -> 1750 | U16: =SUM(U11:V15) -> 1750 | V16: =SUM(V11:W15) -> 1750 | W16: =SUM(W11:X15) -> 1750 | X16: =SUM(X11:Y15) -> 1834.4033 | Y16: =SUM(Y11:Z15) -> 84.40332 | Z16: =SUM(Z11:AA15) -> 21 | AA16: =SUM(AA11:AB15) -> 21 | ... AH16: =SUM(AH11:AI15) -> 1824.2 | AI16: =SUM(AI11:AI15) -> 1750 | AJ16: =SUM(AJ11:AK15) -> 71.88 | AK16: =SUM(AK11:AK15) -> 0 | AL16: =SUM(AL11:AM15) -> 1750 | AM16: =SUM(AM11:AN15) -> 1489.8717 | AN16: =SUM(AN11:AP15) -> 1597.8717 | AO16: =SUM(AO11:AO15) -> 54 | AP16: =SUM(AP11:AP15) -> 1543.8717 | AQ16: =SUM(AQ11:AR15) -> 12.11 | AR16: =SUM(AR11:AS15) -> 0 | AS16: =SUM(AS11:AT15) -> 0 | AT16: =SUM(AT11:AU15) -> 0 | AU16: =SUM(AU11:AV15) -> 69.05664 | AV16: =SUM(AV11:AW15) -> 139.05664 | AW16: =SUM(AW11:AX15) -> 70
AR17: =O17*5.335 -> 0 | AS17: =2*O17 -> 0 | AT17: =0.04*O17 -> 0
C18: 5 | D18: Mars | E18: 7 | R18: =P15+P18 -> 0 | S18: =Q18+Q15 -> 0 | V18: =T18+U18 -> 0 | W18: =O18*1.998 -> 0 | X18: =V18+W18 -> 0 | Y18: =IF(AV18<0,0,(X18-134.62)*0.057) -> 0 | AA18: =V18*1.2% -> 0 | AC18: =V18*0.494% -> 0 | AG18: =V18-AD18-AE18-AF18 -> 0 | AH18: =IF(VLOOKUP(AG18,'Table 26'!$A$2:$C$438,2,TRUE)>=VLOOKUP(AG18,'Table 26'!$C$2:$D$438,2,TRUE),MAX(VLOOKUP(AG18,'Table 26'!$A$2:$B$438,2,TRUE),VLOOKUP(AG18,'Table 26'!$C$2:$D$438,2,TRUE)),0) -> 0 | AI18: =X18-AF18 -> 0 | AJ18: =IF(VLOOKUP(AI18,'Table 26'!$E$2:$F$306,2,TRUE)>=VLOOKUP(AI18,'Table 26'!$G$2:$H$306,2,TRUE),MAX(VLOOKUP(AI18,'Table 26'!$E$2:$F$306,2,TRUE),VLOOKUP(AI18,'Table 26'!$G$2:$H$306,2,TRUE)),0) -> 0 | AL18: =Y18+AA18+AC18+AD18+AE18+AF18+AH18+AJ18+AK18 -> 0 | AM18: =V18-AL18 -> 0 | AP18: =AM18+AN18+AO18 -> 0 | AQ18: =V18*0.692% -> 0 | AV18: =(X18-134.62)*0.057 -> -7.67334 | AW18: =T18*0.04 -> 0
D19: Mars | E19: 14 | V19: =T19+U19 -> 0 | W19: =O19*1.998 -> 0 | X19: =V19+W19 -> 0 | Y19: =IF(AV19<0,0,(X19-134.62)*0.057) -> 0 | AA19: =V19*1.2% -> 0 | AC19: =V19*0.494% -> 0 | AG19: =V19-AD19-AE19-AF19 -> 0 | AH19: =IF(VLOOKUP(AG19,'Table 26'!$A$2:$C$438,2,TRUE)>=VLOOKUP(AG19,'Table 26'!$C$2:$D$438,2,TRUE),MAX(VLOOKUP(AG19,'Table 26'!$A$2:$B$438,2,TRUE),VLOOKUP(AG19,'Table 26'!$C$2:$D$438,2,TRUE)),0) -> 0 | AI19: =X19-AF19 -> 0 | AJ19: =IF(VLOOKUP(AI19,'Table 26'!$E$2:$F$306,2,TRUE)>=VLOOKUP(AI19,'Table 26'!$G$2:$H$306,2,TRUE),MAX(VLOOKUP(AI19,'Table 26'!$E$2:$F$306,2,TRUE),VLOOKUP(AI19,'Table 26'!$G$2:$H$306,2,TRUE)),0) -> 0 | AL19: =Y19+AA19+AC19+AD19+AE19+AF19+AH19+AJ19+AK19 -> 0 | AM19: =V19-AL19 -> 0 | AP19: =AM19+AN19+AO19 -> 0 | AQ19: =V19*0.692% -> 0 | AR19: =O19*5.335 -> 0 | AS19: =2*O19 -> 0 | AT19: =0.04*O19 -> 0 | AV19: =(X19-134.62)*0.057 -> -7.67334 | AW19: =T19*0.04 -> 0
C20: 6 | D20: Mars | E20: 21 | M20: 0 | O20: 0 | R20: =P19+P20 -> 0 | S20: =Q19+Q20 -> 0 | V20: =T20+U20 -> 0 | W20: =O20*1.998 -> 0 | X20: =V20+W20 -> 0 | Y20: =IF(AV20<0,0,(X20-134.62)*0.057) -> 0 | AA20: =V20*1.2% -> 0 | AC20: =V20*0.494% -> 0 | AG20: =V20-AD20-AE20-AF20 -> 0 | AH20: =IF(VLOOKUP(AG20,'Table 26'!$A$2:$C$438,2,TRUE)>=VLOOKUP(AG20,'Table 26'!$C$2:$D$438,2,TRUE),MAX(VLOOKUP(AG20,'Table 26'!$A$2:$B$438,2,TRUE),VLOOKUP(AG20,'Table 26'!$C$2:$D$438,2,TRUE)),0) -> 0 | AI20: =X20-AF20 -> 0 | AJ20: =IF(VLOOKUP(AI20,'Table 26'!$E$2:$F$306,2,TRUE)>=VLOOKUP(AI20,'Table 26'!$G$2:$H$306,2,TRUE),MAX(VLOOKUP(AI20,'Table 26'!$E$2:$F$306,2,TRUE),VLOOKUP(AI20,'Table 26'!$G$2:$H$306,2,TRUE)),0) -> 0 | AL20: =Y20+AA20+AC20+AD20+AE20+AF20+AH20+AJ20+AK20 -> 0 | AM20: =V20-AL20 -> 0 | AP20: =AM20+AN20+AO20 -> 0 | AQ20: =V20*0.692% -> 0 | AR20: =O20*5.335 -> 0 | AS20: =2*O20 -> 0 | AT20: =0.04*O20 -> 0 | AV20: =(X20-134.62)*0.057 -> -7.67334 | AW20: =T20*0.04 -> 0
D21: Mars | E21: 28 | M21: 0 | O21: 0 | V21: =T21+U21 -> 0 | W21: =O21*1.998 -> 0 | X21: =V21+W21 -> 0 | Y21: =IF(AV21<0,0,(X21-134.62)*0.057) -> 0 | AA21: =V21*1.2% -> 0 | AC21: =V21*0.494% -> 0 | AG21: =V21-AD21-AE21-AF21 -> 0 | AH21: =IF(VLOOKUP(AG21,'Table 26'!$A$2:$C$438,2,TRUE)>=VLOOKUP(AG21,'Table 26'!$C$2:$D$438,2,TRUE),MAX(VLOOKUP(AG21,'Table 26'!$A$2:$B$438,2,TRUE),VLOOKUP(AG21,'Table 26'!$C$2:$D$438,2,TRUE)),0) -> 0 | AI21: =X21-AF21 -> 0 | AJ21: =IF(VLOOKUP(AI21,'Table 26'!$E$2:$F$306,2,TRUE)>=VLOOKUP(AI21,'Table 26'!$G$2:$H$306,2,TRUE),MAX(VLOOKUP(AI21,'Table 26'!$E$2:$F$306,2,TRUE),VLOOKUP(AI21,'Table 26'!$G$2:$H$306,2,TRUE)),0) -> 0 | AL21: =Y21+AA21+AC21+AD21+AE21+AF21+AH21+AJ21+AK21 -> 0 | AM21: =V21-AL21 -> 0 | AP21: =AM21+AN21+AO21 -> 0 | AQ21: =V21*0.692% -> 0 | AR21: =O21*5.335 -> 0 | AS21: =2*O21 -> 0 | AT21: =0.04*O21 -> 0 | AV21: =(X21-134.62)*0.057 -> -7.67334 | AW21: =T21*0.04 -> 0
D22: Mars | M22: 0 | O22: 0 | V22: =T22+U22 -> 0 | W22: =O22*1.998 -> 0 | X22: =V22+W22 -> 0 | Y22: =IF(AV22<0,0,(X22-134.62)*0.057) -> 0 | AA22: =V22*1.2% -> 0 | AC22: =V22*0.494% -> 0 | AG22: =V22-AD22-AE22-AF22 -> 0 | AH22: =IF(VLOOKUP(AG22,'Table 26'!$A$2:$C$438,2,TRUE)>=VLOOKUP(AG22,'Table 26'!$C$2:$D$438,2,TRUE),MAX(VLOOKUP(AG22,'Table 26'!$A$2:$B$438,2,TRUE),VLOOKUP(AG22,'Table 26'!$C$2:$D$438,2,TRUE)),0) -> 0 | AI22: =X22-AF22 -> 0 | AJ22: =IF(VLOOKUP(AI22,'Table 26'!$E$2:$F$306,2,TRUE)>=VLOOKUP(AI22,'Table 26'!$G$2:$H$306,2,TRUE),MAX(VLOOKUP(AI22,'Table 26'!$E$2:$F$306,2,TRUE),VLOOKUP(AI22,'Table 26'!$G$2:$H$306,2,TRUE)),0) -> 0 | AL22: =Y22+AA22+AC22+AD22+AE22+AF22+AH22+AJ22+AK22 -> 0 | AM22: =V22-AL22 -> 0 | AP22: =AM22+AN22+AO22 -> 0 | AQ22: =V22*0.692% -> 0 | AR22: =O22*5.335 -> 0 | AS22: =2*O22 -> 0 | AT22: =0.04*O22 -> 0 | AV22: =(X22-134.62)*0.057 -> -7.67334 | AW22: =T22*0.04 -> 0
D23: Total mois | M23: 0 | N23: 0 | O23: =SUM(O18:O22) -> 0 | T23: =SUM(T18:T22) -> 0 | U23: =SUM(U18:U22) -> 0 | V23: =SUM(V18:V22) -> 0 | W23: =SUM(W18:W22) -> 0 | X23: =SUM(X18:X22) -> 0 | Y23: =SUM(Y18:Y22) -> 0 | Z23: =SUM(Z18:Z22) -> 0 | AA23: =SUM(AA18:AA22) -> 0 | ... AU23: =SUM(AU18:AU22) -> 0 | AW23: =SUM(AW18:AW22) -> 0
V24: =T24+U24 -> 0 | W24: =O24*1.998 -> 0 | X24: =V24+W24 -> 0 | AC24: =V24*0.559% -> 0 | AG24: =V24-AD24-AE24-AF24 -> 0 | AI24: =X24-AF24 -> 0 | AL24: =Y24+AA24+AC24+AD24+AE24+AF24+AH24+AJ24+AK24 -> 0 | AQ24: =V24*0.782% -> 0 | AR24: =O24*5.335 -> 0 | AS24: =2*O24 -> 0
C25: 7 | D25: Avril | E25: 4 | M25: 0 | O25: 0 | R25: =P21+P25 -> 0 | S25: =Q21+Q25 -> 0 | V25: =T25+U25 -> 0 | W25: =O25*1.998 -> 0 | X25: =V25+W25 -> 0 | Y25: =IF(AV25<0,0,(X25-134.62)*0.057) -> 0 | AA25: =V25*1.2% -> 0 | AC25: =V25*0.494% -> 0 | AG25: =V25-AD25-AE25-AF25 -> 0 | AH25: =IF(VLOOKUP(AG25,'Table 26'!$A$2:$C$438,2,TRUE)>=VLOOKUP(AG25,'Table 26'!$C$2:$D$438,2,TRUE),MAX(VLOOKUP(AG25,'Table 26'!$A$2:$B$438,2,TRUE),VLOOKUP(AG25,'Table 26'!$C$2:$D$438,2,TRUE)),0) -> 0 | AI25: =X25-AF25 -> 0 | AJ25: =IF(VLOOKUP(AI25,'Table 26'!$E$2:$F$306,2,TRUE)>=VLOOKUP(AI25,'Table 26'!$G$2:$H$306,2,TRUE),MAX(VLOOKUP(AI25,'Table 26'!$E$2:$F$306,2,TRUE),VLOOKUP(AI25,'Table 26'!$G$2:$H$306,2,TRUE)),0) -> 0 | AL25: =Y25+AA25+AC25+AD25+AE25+AF25+AH25+AJ25+AK25 -> 0 | AM25: =V25-AL25 -> 0 | AP25: =AM25+AN25+AO25 -> 0 | AQ25: =V25*0.692% -> 0 | AV25: =(X25-134.62)*0.057 -> -7.67334 | AW25: =T25*0.04 -> 0
D26: Avril | E26: 11 | O26: 0 | V26: =T26+U26 -> 0 | W26: =O26*1.998 -> 0 | X26: =V26+W26 -> 0 | Y26: =IF(AV26<0,0,(X26-134.62)*0.057) -> 0 | AA26: =V26*1.2% -> 0 | AC26: =V26*0.494% -> 0 | AG26: =V26-AD26-AE26-AF26 -> 0 | AH26: =IF(VLOOKUP(AG26,'Table 26'!$A$2:$C$438,2,TRUE)>=VLOOKUP(AG26,'Table 26'!$C$2:$D$438,2,TRUE),MAX(VLOOKUP(AG26,'Table 26'!$A$2:$B$438,2,TRUE),VLOOKUP(AG26,'Table 26'!$C$2:$D$438,2,TRUE)),0) -> 0 | AI26: =X26-AF26 -> 0 | AJ26: =IF(VLOOKUP(AI26,'Table 26'!$E$2:$F$306,2,TRUE)>=VLOOKUP(AI26,'Table 26'!$G$2:$H$306,2,TRUE),MAX(VLOOKUP(AI26,'Table 26'!$E$2:$F$306,2,TRUE),VLOOKUP(AI26,'Table 26'!$G$2:$H$306,2,TRUE)),0) -> 0 | AL26: =Y26+AA26+AC26+AD26+AE26+AF26+AH26+AJ26+AK26 -> 0 | AM26: =V26-AL26 -> 0 | AP26: =AM26+AN26+AO26 -> 0 | AQ26: =V26*0.692% -> 0 | AR26: =O26*5.335 -> 0 | AS26: =2*O26 -> 0 | AT26: =0.04*O26 -> 0 | AV26: =(X26-134.62)*0.057 -> -7.67334 | AW26: =T26*0.04 -> 0
C27: 8 | D27: Avril | E27: 18 | O27: 0 | R27: =P26+P27 -> 0 | S27: =Q26+Q27 -> 0 | V27: =T27+U27 -> 0 | W27: =O27*1.998 -> 0 | X27: =V27+W27 -> 0 | Y27: =IF(AV27<0,0,(X27-134.62)*0.057) -> 0 | AA27: =V27*1.2% -> 0 | AC27: =V27*0.494% -> 0 | AG27: =V27-AD27-AE27-AF27 -> 0 | AH27: =IF(VLOOKUP(AG27,'Table 26'!$A$2:$C$438,2,TRUE)>=VLOOKUP(AG27,'Table 26'!$C$2:$D$438,2,TRUE),MAX(VLOOKUP(AG27,'Table 26'!$A$2:$B$438,2,TRUE),VLOOKUP(AG27,'Table 26'!$C$2:$D$438,2,TRUE)),0) -> 0 | AI27: =X27-AF27 -> 0 | AJ27: =IF(VLOOKUP(AI27,'Table 26'!$E$2:$F$306,2,TRUE)>=VLOOKUP(AI27,'Table 26'!$G$2:$H$306,2,TRUE),MAX(VLOOKUP(AI27,'Table 26'!$E$2:$F$306,2,TRUE),VLOOKUP(AI27,'Table 26'!$G$2:$H$306,2,TRUE)),0) -> 0 | AL27: =Y27+AA27+AC27+AD27+AE27+AF27+AH27+AJ27+AK27 -> 0 | AM27: =V27-AL27 -> 0 | AP27: =AM27+AN27+AO27 -> 0 | AQ27: =V27*0.692% -> 0 | AR27: =O27*5.335 -> 0 | AS27: =2*O27 -> 0 | AT27: =0.04*O27 -> 0 | AV27: =(X27-134.62)*0.057 -> -7.67334 | AW27: =T27*0.04 -> 0
D28: Avril | E28: 25 | V28: =T28+U28 -> 0 | W28: =O28*1.998 -> 0 | X28: =V28+W28 -> 0 | Y28: =IF(AV28<0,0,(X28-134.62)*0.057) -> 0 | AA28: =V28*1.2% -> 0 | AC28: =V28*0.494% -> 0 | AG28: =V28-AD28-AE28-AF28 -> 0 | AH28: =IF(VLOOKUP(AG28,'Table 26'!$A$2:$C$438,2,TRUE)>=VLOOKUP(AG28,'Table 26'!$C$2:$D$438,2,TRUE),MAX(VLOOKUP(AG28,'Table 26'!$A$2:$B$438,2,TRUE),VLOOKUP(AG28,'Table 26'!$C$2:$D$438,2,TRUE)),0) -> 0 | AI28: =X28-AF28 -> 0 | AJ28: =IF(VLOOKUP(AI28,'Table 26'!$E$2:$F$306,2,TRUE)>=VLOOKUP(AI28,'Table 26'!$G$2:$H$306,2,TRUE),MAX(VLOOKUP(AI28,'Table 26'!$E$2:$F$306,2,TRUE),VLOOKUP(AI28,'Table 26'!$G$2:$H$306,2,TRUE)),0) -> 0 | AL28: =Y28+AA28+AC28+AD28+AE28+AF28+AH28+AJ28+AK28 -> 0 | AM28: =V28-AL28 -> 0 | AP28: =AM28+AN28+AO28 -> 0 | AQ28: =V28*0.692% -> 0 | AR28: =O28*5.335 -> 0 | AS28: =2*O28 -> 0 | AT28: =0.04*O28 -> 0 | AV28: =(X28-134.62)*0.057 -> -7.67334 | AW28: =T28*0.04 -> 0
D29: Avril | O29: 0 | V29: =T29+U29 -> 0 | W29: =O29*1.998 -> 0 | X29: =V29+W29 -> 0 | Y29: =IF(AV29<0,0,(X29-134.62)*0.057) -> 0 | AA29: =V29*1.2% -> 0 | AC29: =V29*0.494% -> 0 | AG29: =V29-AD29-AE29-AF29 -> 0 | AH29: =IF(VLOOKUP(AG29,'Table 26'!$A$2:$C$438,2,TRUE)>=VLOOKUP(AG29,'Table 26'!$C$2:$D$438,2,TRUE),MAX(VLOOKUP(AG29,'Table 26'!$A$2:$B$438,2,TRUE),VLOOKUP(AG29,'Table 26'!$C$2:$D$438,2,TRUE)),0) -> 0 | AI29: =X29-AF29 -> 0 | AJ29: =IF(VLOOKUP(AI29,'Table 26'!$E$2:$F$306,2,TRUE)>=VLOOKUP(AI29,'Table 26'!$G$2:$H$306,2,TRUE),MAX(VLOOKUP(AI29,'Table 26'!$E$2:$F$306,2,TRUE),VLOOKUP(AI29,'Table 26'!$G$2:$H$306,2,TRUE)),0) -> 0 | AL29: =Y29+AA29+AC29+AD29+AE29+AF29+AH29+AJ29+AK29 -> 0 | AM29: =V29-AL29 -> 0 | AP29: =AM29+AN29+AO29 -> 0 | AQ29: =V29*0.692% -> 0 | AR29: =O29*5.335 -> 0 | AS29: =2*O29 -> 0 | AT29: =0.04*O29 -> 0 | AV29: =(X29-134.62)*0.057 -> -7.67334 | AW29: =T29*0.04 -> 0
D30: total mois | M30: 0 | N30: 0 | O30: =SUM(O25:O29) -> 0 | T30: =SUM(T25:T29) -> 0 | U30: =SUM(U25:U29) -> 0 | V30: =SUM(V25:V29) -> 0 | W30: =SUM(W25:W29) -> 0 | X30: =SUM(X25:X29) -> 0 | Y30: =SUM(Y25:Y29) -> 0 | Z30: =SUM(Z25:Z29) -> 0 | AA30: =SUM(AA25:AA29) -> 0 | ... AU30: =SUM(AU25:AU29) -> 0 | AW30: =SUM(AW25:AW29) -> 0
AR31: =O31*5.335 -> 0 | AS31: =2*O31 -> 0
C32: 9 | D32: Mai | E32: 2 | M32: 0 | O32: 0 | R32: =P28+P32 -> 0 | S32: =Q28+Q32 -> 0 | V32: =T32+U32 -> 0 | W32: =O32*1.998 -> 0 | X32: =V32+W32 -> 0 | Y32: =IF(AV32<0,0,(X32-134.62)*0.057) -> 0 | AA32: =V32*1.2% -> 0 | AC32: =V32*0.494% -> 0 | AG32: =V32-AD32-AE32-AF32 -> 0 | AH32: =IF(VLOOKUP(AG32,'Table 26'!$A$2:$C$438,2,TRUE)>=VLOOKUP(AG32,'Table 26'!$C$2:$D$438,2,TRUE),MAX(VLOOKUP(AG32,'Table 26'!$A$2:$B$438,2,TRUE),VLOOKUP(AG32,'Table 26'!$C$2:$D$438,2,TRUE)),0) -> 0 | AI32: =X32-AF32 -> 0 | AJ32: =IF(VLOOKUP(AI32,'Table 26'!$E$2:$F$306,2,TRUE)>=VLOOKUP(AI32,'Table 26'!$G$2:$H$306,2,TRUE),MAX(VLOOKUP(AI32,'Table 26'!$E$2:$F$306,2,TRUE),VLOOKUP(AI32,'Table 26'!$G$2:$H$306,2,TRUE)),0) -> 0 | AL32: =Y32+AA32+AC32+AD32+AE32+AF32+AH32+AJ32+AK32 -> 0 | AM32: =V32-AL32 -> 0 | AP32: =AM32+AN32+AO32 -> 0 | AQ32: =V32*0.692% -> 0 | AV32: =(X32-134.62)*0.057 -> -7.67334 | AW32: =T32*0.04 -> 0
D33: Mai | E33: 9 | M33: 0 | O33: 0 | V33: =T33+U33 -> 0 | W33: =O33*1.998 -> 0 | X33: =V33+W33 -> 0 | Y33: =IF(AV33<0,0,(X33-134.62)*0.057) -> 0 | AA33: =V33*1.2% -> 0 | AC33: =V33*0.494% -> 0 | AG33: =V33-AD33-AE33-AF33 -> 0 | AH33: =IF(VLOOKUP(AG33,'Table 26'!$A$2:$C$438,2,TRUE)>=VLOOKUP(AG33,'Table 26'!$C$2:$D$438,2,TRUE),MAX(VLOOKUP(AG33,'Table 26'!$A$2:$B$438,2,TRUE),VLOOKUP(AG33,'Table 26'!$C$2:$D$438,2,TRUE)),0) -> 0 | AI33: =X33-AF33 -> 0 | AJ33: =IF(VLOOKUP(AI33,'Table 26'!$E$2:$F$306,2,TRUE)>=VLOOKUP(AI33,'Table 26'!$G$2:$H$306,2,TRUE),MAX(VLOOKUP(AI33,'Table 26'!$E$2:$F$306,2,TRUE),VLOOKUP(AI33,'Table 26'!$G$2:$H$306,2,TRUE)),0) -> 0 | AL33: =Y33+AA33+AC33+AD33+AE33+AF33+AH33+AJ33+AK33 -> 0 | AM33: =V33-AL33 -> 0 | AP33: =AM33+AN33+AO33 -> 0 | AQ33: =V33*0.692% -> 0 | AR33: =O33*5.335 -> 0 | AS33: =2*O33 -> 0 | AT33: =0.04*O33 -> 0 | AV33: =(X33-134.62)*0.057 -> -7.67334 | AW33: =T33*0.04 -> 0
C34: 10 | D34: Mai | E34: 16 | M34: 0 | O34: 0 | R34: =P33+P34 -> 0 | S34: =Q33+Q34 -> 0 | V34: =T34+U34 -> 0 | W34: =O34*1.998 -> 0 | X34: =V34+W34 -> 0 | Y34: =IF(AV34<0,0,(X34-134.62)*0.057) -> 0 | AA34: =V34*1.2% -> 0 | AC34: =V34*0.494% -> 0 | AG34: =V34-AD34-AE34-AF34 -> 0 | AH34: =IF(VLOOKUP(AG34,'Table 26'!$A$2:$C$438,2,TRUE)>=VLOOKUP(AG34,'Table 26'!$C$2:$D$438,2,TRUE),MAX(VLOOKUP(AG34,'Table 26'!$A$2:$B$438,2,TRUE),VLOOKUP(AG34,'Table 26'!$C$2:$D$438,2,TRUE)),0) -> 0 | AI34: =X34-AF34 -> 0 | AJ34: =IF(VLOOKUP(AI34,'Table 26'!$E$2:$F$306,2,TRUE)>=VLOOKUP(AI34,'Table 26'!$G$2:$H$306,2,TRUE),MAX(VLOOKUP(AI34,'Table 26'!$E$2:$F$306,2,TRUE),VLOOKUP(AI34,'Table 26'!$G$2:$H$306,2,TRUE)),0) -> 0 | AL34: =Y34+AA34+AC34+AD34+AE34+AF34+AH34+AJ34+AK34 -> 0 | AM34: =V34-AL34 -> 0 | AP34: =AM34+AN34+AO34 -> 0 | AQ34: =V34*0.692% -> 0 | AR34: =O34*5.335 -> 0 | AS34: =2*O34 -> 0 | AT34: =0.04*O34 -> 0 | AV34: =(X34-134.62)*0.057 -> -7.67334 | AW34: =T34*0.04 -> 0
D35: Mai | E35: 23 | M35: 0 | O35: 0 | V35: =T35+U35 -> 0 | W35: =O35*1.998 -> 0 | X35: =V35+W35 -> 0 | Y35: =IF(AV35<0,0,(X35-134.62)*0.057) -> 0 | AA35: =V35*1.2% -> 0 | AC35: =V35*0.494% -> 0 | AG35: =V35-AD35-AE35-AF35 -> 0 | AH35: =IF(VLOOKUP(AG35,'Table 26'!$A$2:$C$438,2,TRUE)>=VLOOKUP(AG35,'Table 26'!$C$2:$D$438,2,TRUE),MAX(VLOOKUP(AG35,'Table 26'!$A$2:$B$438,2,TRUE),VLOOKUP(AG35,'Table 26'!$C$2:$D$438,2,TRUE)),0) -> 0 | AI35: =X35-AF35 -> 0 | AJ35: =IF(VLOOKUP(AI35,'Table 26'!$E$2:$F$306,2,TRUE)>=VLOOKUP(AI35,'Table 26'!$G$2:$H$306,2,TRUE),MAX(VLOOKUP(AI35,'Table 26'!$E$2:$F$306,2,TRUE),VLOOKUP(AI35,'Table 26'!$G$2:$H$306,2,TRUE)),0) -> 0 | AL35: =Y35+AA35+AC35+AD35+AE35+AF35+AH35+AJ35+AK35 -> 0 | AM35: =V35-AL35 -> 0 | AP35: =AM35+AN35+AO35 -> 0 | AQ35: =V35*0.692% -> 0 | AR35: =O35*5.335 -> 0 | AS35: =2*O35 -> 0 | AT35: =0.04*O35 -> 0 | AV35: =(X35-134.62)*0.057 -> -7.67334 | AW35: =T35*0.04 -> 0
C36: 11 | D36: Mai | E36: 30 | R36: =P35+P36 -> 0 | S36: =Q35+Q36 -> 0 | V36: =T36+U36 -> 0 | W36: =O36*1.998 -> 0 | X36: =V36+W36 -> 0 | Y36: =IF(AV36<0,0,(X36-134.62)*0.057) -> 0 | AA36: =V36*1.2% -> 0 | AC36: =V36*0.494% -> 0 | AG36: =V36-AD36-AE36-AF36 -> 0 | AH36: =IF(VLOOKUP(AG36,'Table 26'!$A$2:$C$438,2,TRUE)>=VLOOKUP(AG36,'Table 26'!$C$2:$D$438,2,TRUE),MAX(VLOOKUP(AG36,'Table 26'!$A$2:$B$438,2,TRUE),VLOOKUP(AG36,'Table 26'!$C$2:$D$438,2,TRUE)),0) -> 0 | AI36: =X36-AF36 -> 0 | AJ36: =IF(VLOOKUP(AI36,'Table 26'!$E$2:$F$306,2,TRUE)>=VLOOKUP(AI36,'Table 26'!$G$2:$H$306,2,TRUE),MAX(VLOOKUP(AI36,'Table 26'!$E$2:$F$306,2,TRUE),VLOOKUP(AI36,'Table 26'!$G$2:$H$306,2,TRUE)),0) -> 0 | AL36: =Y36+AA36+AC36+AD36+AE36+AF36+AH36+AJ36+AK36 -> 0 | AM36: =V36-AL36 -> 0 | AP36: =AM36+AN36+AO36 -> 0 | AQ36: =V36*0.692% -> 0 | AR36: =O36*5.335 -> 0 | AS36: =2*O36 -> 0 | AT36: =0.04*O36 -> 0 | AV36: =(X36-134.62)*0.057 -> -7.67334 | AW36: =T36*0.04 -> 0
D37: total mois | M37: 0 | N37: 0 | O37: =SUM(O32:O36) -> 0 | T37: =SUM(T32:T36) -> 0 | U37: =SUM(U32:U36) -> 0 | V37: =SUM(V32:V36) -> 0 | W37: =SUM(W32:W36) -> 0 | X37: =SUM(X32:X36) -> 0 | Y37: =SUM(Y32:Y36) -> 0 | Z37: =SUM(Z32:Z36) -> 0 | AA37: =SUM(AA32:AA36) -> 0 | ... AU37: =SUM(AU32:AU36) -> 0 | AW37: =SUM(AW32:AW36) -> 0
AR38: =O38*5.335 -> 0 | AS38: =2*O38 -> 0
D39: Juin | E39: 6 | M39: 0 | O39: 0 | V39: =T39+U39 -> 0 | W39: =O39*1.998 -> 0 | X39: =V39+W39 -> 0 | Y39: =IF(AV39<0,0,(X39-134.62)*0.057) -> 0 | AA39: =V39*1.2% -> 0 | AC39: =V39*0.494% -> 0 | AG39: =V39-AD39-AE39-AF39 -> 0 | AH39: =IF(VLOOKUP(AG39,'Table 26'!$A$2:$C$438,2,TRUE)>=VLOOKUP(AG39,'Table 26'!$C$2:$D$438,2,TRUE),MAX(VLOOKUP(AG39,'Table 26'!$A$2:$B$438,2,TRUE),VLOOKUP(AG39,'Table 26'!$C$2:$D$438,2,TRUE)),0) -> 0 | AI39: =X39-AF39 -> 0 | AJ39: =IF(VLOOKUP(AI39,'Table 26'!$E$2:$F$306,2,TRUE)>=VLOOKUP(AI39,'Table 26'!$G$2:$H$306,2,TRUE),MAX(VLOOKUP(AI39,'Table 26'!$E$2:$F$306,2,TRUE),VLOOKUP(AI39,'Table 26'!$G$2:$H$306,2,TRUE)),0) -> 0 | AL39: =Y39+AA39+AC39+AD39+AE39+AF39+AH39+AJ39+AK39 -> 0 | AM39: =V39-AL39 -> 0 | AP39: =AM39+AN39+AO39 -> 0 | AQ39: =V39*0.692% -> 0 | AV39: =(X39-134.62)*0.057 -> -7.67334 | AW39: =T39*0.04 -> 0
C40: 12 | D40: Juin | E40: 13 | M40: 0 | O40: 0 | R40: =P39+P40 -> 0 | S40: =Q39+Q40 -> 0 | V40: =T40+U40 -> 0 | W40: =O40*1.998 -> 0 | X40: =V40+W40 -> 0 | Y40: =IF(AV40<0,0,(X40-134.62)*0.057) -> 0 | AA40: =V40*1.2% -> 0 | AC40: =V40*0.494% -> 0 | AG40: =V40-AD40-AE40-AF40 -> 0 | AH40: =IF(VLOOKUP(AG40,'Table 26'!$A$2:$C$438,2,TRUE)>=VLOOKUP(AG40,'Table 26'!$C$2:$D$438,2,TRUE),MAX(VLOOKUP(AG40,'Table 26'!$A$2:$B$438,2,TRUE),VLOOKUP(AG40,'Table 26'!$C$2:$D$438,2,TRUE)),0) -> 0 | AI40: =X40-AF40 -> 0 | AJ40: =IF(VLOOKUP(AI40,'Table 26'!$E$2:$F$306,2,TRUE)>=VLOOKUP(AI40,'Table 26'!$G$2:$H$306,2,TRUE),MAX(VLOOKUP(AI40,'Table 26'!$E$2:$F$306,2,TRUE),VLOOKUP(AI40,'Table 26'!$G$2:$H$306,2,TRUE)),0) -> 0 | AL40: =Y40+AA40+AC40+AD40+AE40+AF40+AH40+AJ40+AK40 -> 0 | AM40: =V40-AL40 -> 0 | AP40: =AM40+AN40+AO40 -> 0 | AQ40: =V40*0.692% -> 0 | AR40: =O40*5.335 -> 0 | AS40: =2*O40 -> 0 | AT40: =0.04*O40 -> 0 | AV40: =(X40-134.62)*0.057 -> -7.67334 | AW40: =T40*0.04 -> 0
D41: Juin | E41: 20 | M41: 0 | O41: 0 | V41: =T41+U41 -> 0 | W41: =O41*1.998 -> 0 | X41: =V41+W41 -> 0 | Y41: =IF(AV41<0,0,(X41-134.62)*0.057) -> 0 | AA41: =V41*1.2% -> 0 | AC41: =V41*0.494% -> 0 | AG41: =V41-AD41-AE41-AF41 -> 0 | AH41: =IF(VLOOKUP(AG41,'Table 26'!$A$2:$C$438,2,TRUE)>=VLOOKUP(AG41,'Table 26'!$C$2:$D$438,2,TRUE),MAX(VLOOKUP(AG41,'Table 26'!$A$2:$B$438,2,TRUE),VLOOKUP(AG41,'Table 26'!$C$2:$D$438,2,TRUE)),0) -> 0 | AI41: =X41-AF41 -> 0 | AJ41: =IF(VLOOKUP(AI41,'Table 26'!$E$2:$F$306,2,TRUE)>=VLOOKUP(AI41,'Table 26'!$G$2:$H$306,2,TRUE),MAX(VLOOKUP(AI41,'Table 26'!$E$2:$F$306,2,TRUE),VLOOKUP(AI41,'Table 26'!$G$2:$H$306,2,TRUE)),0) -> 0 | AL41: =Y41+AA41+AC41+AD41+AE41+AF41+AH41+AJ41+AK41 -> 0 | AM41: =V41-AL41 -> 0 | AP41: =AM41+AN41+AO41 -> 0 | AQ41: =V41*0.692% -> 0 | AR41: =O41*5.335 -> 0 | AS41: =2*O41 -> 0 | AT41: =0.04*O41 -> 0 | AV41: =(X41-134.62)*0.057 -> -7.67334 | AW41: =T41*0.04 -> 0
C42: 13 | D42: Juin | E42: 27 | M42: 0 | O42: 0 | R42: =P41+P42 -> 0 | S42: =Q41+Q42 -> 0 | V42: =T42+U42 -> 0 | W42: =O42*1.998 -> 0 | X42: =V42+W42 -> 0 | Y42: =IF(AV42<0,0,(X42-134.62)*0.057) -> 0 | AA42: =V42*1.2% -> 0 | AC42: =V42*0.494% -> 0 | AG42: =V42-AD42-AE42-AF42 -> 0 | AH42: =IF(VLOOKUP(AG42,'Table 26'!$A$2:$C$438,2,TRUE)>=VLOOKUP(AG42,'Table 26'!$C$2:$D$438,2,TRUE),MAX(VLOOKUP(AG42,'Table 26'!$A$2:$B$438,2,TRUE),VLOOKUP(AG42,'Table 26'!$C$2:$D$438,2,TRUE)),0) -> 0 | AI42: =X42-AF42 -> 0 | AJ42: =IF(VLOOKUP(AI42,'Table 26'!$E$2:$F$306,2,TRUE)>=VLOOKUP(AI42,'Table 26'!$G$2:$H$306,2,TRUE),MAX(VLOOKUP(AI42,'Table 26'!$E$2:$F$306,2,TRUE),VLOOKUP(AI42,'Table 26'!$G$2:$H$306,2,TRUE)),0) -> 0 | AL42: =Y42+AA42+AC42+AD42+AE42+AF42+AH42+AJ42+AK42 -> 0 | AM42: =V42-AL42 -> 0 | AP42: =AM42+AN42+AO42 -> 0 | AQ42: =V42*0.692% -> 0 | AR42: =O42*5.335 -> 0 | AS42: =2*O42 -> 0 | AT42: =0.04*O42 -> 0 | AV42: =(X42-134.62)*0.057 -> -7.67334 | AW42: =T42*0.04 -> 0
D43: juin | M43: 0 | O43: 0 | V43: =T43+U43 -> 0 | W43: =O43*1.998 -> 0 | X43: =V43+W43 -> 0 | Y43: =IF(AV43<0,0,(X43-134.62)*0.057) -> 0 | AA43: =V43*1.2% -> 0 | AC43: =V43*0.494% -> 0 | AG43: =V43-AD43-AE43-AF43 -> 0 | AH43: =IF(VLOOKUP(AG43,'Table 26'!$A$2:$C$438,2,TRUE)>=VLOOKUP(AG43,'Table 26'!$C$2:$D$438,2,TRUE),MAX(VLOOKUP(AG43,'Table 26'!$A$2:$B$438,2,TRUE),VLOOKUP(AG43,'Table 26'!$C$2:$D$438,2,TRUE)),0) -> 0 | AI43: =X43-AF43 -> 0 | AJ43: =IF(VLOOKUP(AI43,'Table 26'!$E$2:$F$306,2,TRUE)>=VLOOKUP(AI43,'Table 26'!$G$2:$H$306,2,TRUE),MAX(VLOOKUP(AI43,'Table 26'!$E$2:$F$306,2,TRUE),VLOOKUP(AI43,'Table 26'!$G$2:$H$306,2,TRUE)),0) -> 0 | AL43: =Y43+AA43+AC43+AD43+AE43+AF43+AH43+AJ43+AK43 -> 0 | AM43: =V43-AL43 -> 0 | AP43: =AM43+AN43+AO43 -> 0 | AQ43: =V43*0.692% -> 0 | AR43: =O43*5.335 -> 0 | AS43: =2*O43 -> 0 | AT43: =0.04*O43 -> 0 | AV43: =(X43-134.62)*0.057 -> -7.67334 | AW43: =T43*0.04 -> 0
D44: total mois | M44: 0 | N44: 0 | O44: =SUM(O39:O43) -> 0 | T44: =SUM(T39:T43) -> 0 | U44: =SUM(U39:U43) -> 0 | V44: =SUM(V39:V43) -> 0 | W44: =SUM(W39:W43) -> 0 | X44: =SUM(X39:X43) -> 0 | Y44: =SUM(Y39:Y43) -> 0 | Z44: =SUM(Z39:Z43) -> 0 | AA44: =SUM(AA39:AA43) -> 0 | ... AU44: =SUM(AU39:AU43) -> 0 | AW44: =SUM(AW39:AW43) -> 0
AR45: =O45*5.335 -> 0 | AS45: =2*O45 -> 0
D46: Juillet | E46: 4 | M46: 0 | O46: 0 | V46: =T46+U46 -> 0 | W46: =O46*1.998 -> 0 | X46: =V46+W46 -> 0 | Y46: =IF(AV46<0,0,(X46-134.62)*0.057) -> 0 | AA46: =V46*1.2% -> 0 | AC46: =V46*0.494% -> 0 | AG46: =V46-AD46-AE46-AF46 -> 0 | AH46: =IF(VLOOKUP(AG46,'Table 26'!$A$2:$C$438,2,TRUE)>=VLOOKUP(AG46,'Table 26'!$C$2:$D$438,2,TRUE),MAX(VLOOKUP(AG46,'Table 26'!$A$2:$B$438,2,TRUE),VLOOKUP(AG46,'Table 26'!$C$2:$D$438,2,TRUE)),0) -> 0 | AI46: =X46-AF46 -> 0 | AJ46: =IF(VLOOKUP(AI46,'Table 26'!$E$2:$F$306,2,TRUE)>=VLOOKUP(AI46,'Table 26'!$G$2:$H$306,2,TRUE),MAX(VLOOKUP(AI46,'Table 26'!$E$2:$F$306,2,TRUE),VLOOKUP(AI46,'Table 26'!$G$2:$H$306,2,TRUE)),0) -> 0 | AL46: =Y46+AA46+AC46+AD46+AE46+AF46+AH46+AJ46+AK46 -> 0 | AM46: =V46-AL46 -> 0 | AP46: =AM46+AN46+AO46 -> 0 | AQ46: =V46*0.692% -> 0 | AV46: =(X46-134.62)*0.057 -> -7.67334 | AW46: =T46*0.04 -> 0
C47: 14 | D47: Juillet | E47: 11 | M47: 0 | O47: 0 | R47: =P46+P47 -> 0 | S47: =Q46+Q47 -> 0 | V47: =T47+U47 -> 0 | W47: =O47*1.998 -> 0 | X47: =V47+W47 -> 0 | Y47: =IF(AV47<0,0,(X47-134.62)*0.057) -> 0 | AA47: =V47*1.2% -> 0 | AC47: =V47*0.494% -> 0 | AG47: =V47-AD47-AE47-AF47 -> 0 | AH47: =IF(VLOOKUP(AG47,'Table 26'!$A$2:$C$438,2,TRUE)>=VLOOKUP(AG47,'Table 26'!$C$2:$D$438,2,TRUE),MAX(VLOOKUP(AG47,'Table 26'!$A$2:$B$438,2,TRUE),VLOOKUP(AG47,'Table 26'!$C$2:$D$438,2,TRUE)),0) -> 0 | AI47: =X47-AF47 -> 0 | AJ47: =IF(VLOOKUP(AI47,'Table 26'!$E$2:$F$306,2,TRUE)>=VLOOKUP(AI47,'Table 26'!$G$2:$H$306,2,TRUE),MAX(VLOOKUP(AI47,'Table 26'!$E$2:$F$306,2,TRUE),VLOOKUP(AI47,'Table 26'!$G$2:$H$306,2,TRUE)),0) -> 0 | AL47: =Y47+AA47+AC47+AD47+AE47+AF47+AH47+AJ47+AK47 -> 0 | AM47: =V47-AL47 -> 0 | AP47: =AM47+AN47+AO47 -> 0 | AQ47: =V47*0.692% -> 0 | AR47: =O47*5.335 -> 0 | AS47: =2*O47 -> 0 | AT47: =0.04*O47 -> 0 | AV47: =(X47-134.62)*0.057 -> -7.67334 | AW47: =T47*0.04 -> 0
D48: Juillet | E48: 18 | M48: 0 | O48: 0 | V48: =T48+U48 -> 0 | W48: =O48*1.998 -> 0 | X48: =V48+W48 -> 0 | Y48: =IF(AV48<0,0,(X48-134.62)*0.057) -> 0 | AA48: =V48*1.2% -> 0 | AC48: =V48*0.494% -> 0 | AG48: =V48-AD48-AE48-AF48 -> 0 | AH48: =IF(VLOOKUP(AG48,'Table 26'!$A$2:$C$438,2,TRUE)>=VLOOKUP(AG48,'Table 26'!$C$2:$D$438,2,TRUE),MAX(VLOOKUP(AG48,'Table 26'!$A$2:$B$438,2,TRUE),VLOOKUP(AG48,'Table 26'!$C$2:$D$438,2,TRUE)),0) -> 0 | AI48: =X48-AF48 -> 0 | AJ48: =IF(VLOOKUP(AI48,'Table 26'!$E$2:$F$306,2,TRUE)>=VLOOKUP(AI48,'Table 26'!$G$2:$H$306,2,TRUE),MAX(VLOOKUP(AI48,'Table 26'!$E$2:$F$306,2,TRUE),VLOOKUP(AI48,'Table 26'!$G$2:$H$306,2,TRUE)),0) -> 0 | AL48: =Y48+AA48+AC48+AD48+AE48+AF48+AH48+AJ48+AK48 -> 0 | AM48: =V48-AL48 -> 0 | AP48: =AM48+AN48+AO48 -> 0 | AQ48: =V48*0.692% -> 0 | AR48: =O48*5.335 -> 0 | AS48: =2*O48 -> 0 | AT48: =0.04*O48 -> 0 | AV48: =(X48-134.62)*0.057 -> -7.67334 | AW48: =T48*0.04 -> 0
C49: 15 | D49: Juillet | E49: 25 | M49: 0 | N49: 0 | O49: 0 | R49: =P48+P49 -> 0 | S49: =Q48+Q49 -> 0 | V49: =T49+U49 -> 0 | W49: =O49*1.998 -> 0 | X49: =V49+W49 -> 0 | Y49: =IF(AV49<0,0,(X49-134.62)*0.057) -> 0 | AA49: =V49*1.2% -> 0 | AC49: =V49*0.494% -> 0 | AG49: =V49-AD49-AE49-AF49 -> 0 | AH49: =IF(VLOOKUP(AG49,'Table 26'!$A$2:$C$438,2,TRUE)>=VLOOKUP(AG49,'Table 26'!$C$2:$D$438,2,TRUE),MAX(VLOOKUP(AG49,'Table 26'!$A$2:$B$438,2,TRUE),VLOOKUP(AG49,'Table 26'!$C$2:$D$438,2,TRUE)),0) -> 0 | AI49: =X49-AF49 -> 0 | AJ49: =IF(VLOOKUP(AI49,'Table 26'!$E$2:$F$306,2,TRUE)>=VLOOKUP(AI49,'Table 26'!$G$2:$H$306,2,TRUE),MAX(VLOOKUP(AI49,'Table 26'!$E$2:$F$306,2,TRUE),VLOOKUP(AI49,'Table 26'!$G$2:$H$306,2,TRUE)),0) -> 0 | AL49: =Y49+AA49+AC49+AD49+AE49+AF49+AH49+AJ49+AK49 -> 0 | AM49: =V49-AL49 -> 0 | AP49: =AM49+AN49+AO49 -> 0 | AQ49: =V49*0.692% -> 0 | AR49: =O49*5.335 -> 0 | AS49: =2*O49 -> 0 | AT49: =0.04*O49 -> 0 | AV49: =(X49-134.62)*0.057 -> -7.67334 | AW49: =T49*0.04 -> 0
D50: juillet | V50: =T50+U50 -> 0 | W50: =O50*1.998 -> 0 | X50: =V50+W50 -> 0 | Y50: =IF(AV50<0,0,(X50-134.62)*0.057) -> 0 | AA50: =V50*1.2% -> 0 | AC50: =V50*0.494% -> 0 | AG50: =V50-AD50-AE50-AF50 -> 0 | AH50: =IF(VLOOKUP(AG50,'Table 26'!$A$2:$C$438,2,TRUE)>=VLOOKUP(AG50,'Table 26'!$C$2:$D$438,2,TRUE),MAX(VLOOKUP(AG50,'Table 26'!$A$2:$B$438,2,TRUE),VLOOKUP(AG50,'Table 26'!$C$2:$D$438,2,TRUE)),0) -> 0 | AI50: =X50-AF50 -> 0 | AJ50: =IF(VLOOKUP(AI50,'Table 26'!$E$2:$F$306,2,TRUE)>=VLOOKUP(AI50,'Table 26'!$G$2:$H$306,2,TRUE),MAX(VLOOKUP(AI50,'Table 26'!$E$2:$F$306,2,TRUE),VLOOKUP(AI50,'Table 26'!$G$2:$H$306,2,TRUE)),0) -> 0 | AL50: =Y50+AA50+AC50+AD50+AE50+AF50+AH50+AJ50+AK50 -> 0 | AM50: =V50-AL50 -> 0 | AP50: =AM50+AN50+AO50 -> 0 | AQ50: =V50*0.692% -> 0 | AR50: =O50*5.335 -> 0 | AS50: =2*O50 -> 0 | AT50: =0.04*O50 -> 0 | AV50: =(X50-134.62)*0.057 -> -7.67334 | AW50: =T50*0.04 -> 0
D51: total mois | M51: 0 | N51: 0 | O51: =SUM(O46:O50) -> 0 | T51: =SUM(T46:T50) -> 0 | U51: =SUM(U46:U50) -> 0 | V51: =SUM(V46:V50) -> 0 | W51: =SUM(W46:W50) -> 0 | X51: =SUM(X46:X50) -> 0 | Y51: =SUM(Y46:Y50) -> 0 | Z51: =SUM(Z46:Z50) -> 0 | AA51: =SUM(AA46:AA50) -> 0 | ... AU51: =SUM(AU46:AU50) -> 0 | AW51: =SUM(AW46:AW50) -> 0
AR52: =O52*5.335 -> 0 | AS52: =2*O52 -> 0
D53: Août | E53: 1 | M53: 0 | O53: 0 | V53: =T53+U53 -> 0 | W53: =O53*1.998 -> 0 | X53: =V53+W53 -> 0 | Y53: =IF(AV53<0,0,(X53-134.62)*0.057) -> 0 | AA53: =V53*1.2% -> 0 | AC53: =V53*0.494% -> 0 | AG53: =V53-AD53-AE53-AF53 -> 0 | AH53: =IF(VLOOKUP(AG53,'Table 26'!$A$2:$C$438,2,TRUE)>=VLOOKUP(AG53,'Table 26'!$C$2:$D$438,2,TRUE),MAX(VLOOKUP(AG53,'Table 26'!$A$2:$B$438,2,TRUE),VLOOKUP(AG53,'Table 26'!$C$2:$D$438,2,TRUE)),0) -> 0 | AI53: =X53-AF53 -> 0 | AJ53: =IF(VLOOKUP(AI53,'Table 26'!$E$2:$F$306,2,TRUE)>=VLOOKUP(AI53,'Table 26'!$G$2:$H$306,2,TRUE),MAX(VLOOKUP(AI53,'Table 26'!$E$2:$F$306,2,TRUE),VLOOKUP(AI53,'Table 26'!$G$2:$H$306,2,TRUE)),0) -> 0 | AL53: =Y53+AA53+AC53+AD53+AE53+AF53+AH53+AJ53+AK53 -> 0 | AM53: =V53-AL53 -> 0 | AP53: =AM53+AN53+AO53 -> 0 | AQ53: =V53*0.692% -> 0 | AV53: =(X53-134.62)*0.057 -> -7.67334 | AW53: =T53*0.04 -> 0
C54: 16 | D54: Août | E54: 8 | M54: 0 | O54: 0 | R54: =P53+P54 -> 0 | S54: =Q53+Q54 -> 0 | V54: =T54+U54 -> 0 | W54: =O54*1.998 -> 0 | X54: =V54+W54 -> 0 | Y54: =IF(AV54<0,0,(X54-134.62)*0.057) -> 0 | AA54: =V54*1.2% -> 0 | AC54: =V54*0.494% -> 0 | AG54: =V54-AD54-AE54-AF54 -> 0 | AH54: =IF(VLOOKUP(AG54,'Table 26'!$A$2:$C$438,2,TRUE)>=VLOOKUP(AG54,'Table 26'!$C$2:$D$438,2,TRUE),MAX(VLOOKUP(AG54,'Table 26'!$A$2:$B$438,2,TRUE),VLOOKUP(AG54,'Table 26'!$C$2:$D$438,2,TRUE)),0) -> 0 | AI54: =X54-AF54 -> 0 | AJ54: =IF(VLOOKUP(AI54,'Table 26'!$E$2:$F$306,2,TRUE)>=VLOOKUP(AI54,'Table 26'!$G$2:$H$306,2,TRUE),MAX(VLOOKUP(AI54,'Table 26'!$E$2:$F$306,2,TRUE),VLOOKUP(AI54,'Table 26'!$G$2:$H$306,2,TRUE)),0) -> 0 | AL54: =Y54+AA54+AC54+AD54+AE54+AF54+AH54+AJ54+AK54 -> 0 | AM54: =V54-AL54 -> 0 | AP54: =AM54+AN54+AO54 -> 0 | AQ54: =V54*0.692% -> 0 | AR54: =O54*5.335 -> 0 | AS54: =2*O54 -> 0 | AT54: =0.04*O54 -> 0 | AV54: =(X54-134.62)*0.057 -> -7.67334 | AW54: =T54*0.04 -> 0
D55: Août | E55: 15 | M55: 0 | O55: 0 | V55: =T55+U55 -> 0 | W55: =O55*1.998 -> 0 | X55: =V55+W55 -> 0 | Y55: =IF(AV55<0,0,(X55-134.62)*0.057) -> 0 | AA55: =V55*1.2% -> 0 | AC55: =V55*0.494% -> 0 | AG55: =V55-AD55-AE55-AF55 -> 0 | AH55: =IF(VLOOKUP(AG55,'Table 26'!$A$2:$C$438,2,TRUE)>=VLOOKUP(AG55,'Table 26'!$C$2:$D$438,2,TRUE),MAX(VLOOKUP(AG55,'Table 26'!$A$2:$B$438,2,TRUE),VLOOKUP(AG55,'Table 26'!$C$2:$D$438,2,TRUE)),0) -> 0 | AI55: =X55-AF55 -> 0 | AJ55: =IF(VLOOKUP(AI55,'Table 26'!$E$2:$F$306,2,TRUE)>=VLOOKUP(AI55,'Table 26'!$G$2:$H$306,2,TRUE),MAX(VLOOKUP(AI55,'Table 26'!$E$2:$F$306,2,TRUE),VLOOKUP(AI55,'Table 26'!$G$2:$H$306,2,TRUE)),0) -> 0 | AL55: =Y55+AA55+AC55+AD55+AE55+AF55+AH55+AJ55+AK55 -> 0 | AM55: =V55-AL55 -> 0 | AP55: =AM55+AN55+AO55 -> 0 | AQ55: =V55*0.692% -> 0 | AR55: =O55*5.335 -> 0 | AS55: =2*O55 -> 0 | AT55: =0.04*O55 -> 0 | AV55: =(X55-134.62)*0.057 -> -7.67334 | AW55: =T55*0.04 -> 0
C56: 17 | D56: Août | E56: 22 | M56: 0 | N56: 0 | O56: 0 | R56: =P55+P56 -> 0 | S56: =Q55+Q56 -> 0 | V56: =T56+U56 -> 0 | W56: =O56*1.998 -> 0 | X56: =V56+W56 -> 0 | Y56: =IF(AV56<0,0,(X56-134.62)*0.057) -> 0 | AA56: =V56*1.2% -> 0 | AC56: =V56*0.494% -> 0 | AG56: =V56-AD56-AE56-AF56 -> 0 | AH56: =IF(VLOOKUP(AG56,'Table 26'!$A$2:$C$438,2,TRUE)>=VLOOKUP(AG56,'Table 26'!$C$2:$D$438,2,TRUE),MAX(VLOOKUP(AG56,'Table 26'!$A$2:$B$438,2,TRUE),VLOOKUP(AG56,'Table 26'!$C$2:$D$438,2,TRUE)),0) -> 0 | AI56: =X56-AF56 -> 0 | AJ56: =IF(VLOOKUP(AI56,'Table 26'!$E$2:$F$306,2,TRUE)>=VLOOKUP(AI56,'Table 26'!$G$2:$H$306,2,TRUE),MAX(VLOOKUP(AI56,'Table 26'!$E$2:$F$306,2,TRUE),VLOOKUP(AI56,'Table 26'!$G$2:$H$306,2,TRUE)),0) -> 0 | AL56: =Y56+AA56+AC56+AD56+AE56+AF56+AH56+AJ56+AK56 -> 0 | AM56: =V56-AL56 -> 0 | AP56: =AM56+AN56+AO56 -> 0 | AQ56: =V56*0.692% -> 0 | AR56: =O56*5.335 -> 0 | AS56: =2*O56 -> 0 | AT56: =0.04*O56 -> 0 | AV56: =(X56-134.62)*0.057 -> -7.67334 | AW56: =T56*0.04 -> 0
D57: Août | E57: 29 | O57: 0 | V57: =T57+U57 -> 0 | W57: =O57*1.998 -> 0 | X57: =V57+W57 -> 0 | Y57: =IF(AV57<0,0,(X57-134.62)*0.057) -> 0 | AA57: =V57*1.2% -> 0 | AC57: =V57*0.494% -> 0 | AG57: =V57-AD57-AE57-AF57 -> 0 | AH57: =IF(VLOOKUP(AG57,'Table 26'!$A$2:$C$438,2,TRUE)>=VLOOKUP(AG57,'Table 26'!$C$2:$D$438,2,TRUE),MAX(VLOOKUP(AG57,'Table 26'!$A$2:$B$438,2,TRUE),VLOOKUP(AG57,'Table 26'!$C$2:$D$438,2,TRUE)),0) -> 0 | AI57: =X57-AF57 -> 0 | AJ57: =IF(VLOOKUP(AI57,'Table 26'!$E$2:$F$306,2,TRUE)>=VLOOKUP(AI57,'Table 26'!$G$2:$H$306,2,TRUE),MAX(VLOOKUP(AI57,'Table 26'!$E$2:$F$306,2,TRUE),VLOOKUP(AI57,'Table 26'!$G$2:$H$306,2,TRUE)),0) -> 0 | AL57: =Y57+AA57+AC57+AD57+AE57+AF57+AH57+AJ57+AK57 -> 0 | AM57: =V57-AL57 -> 0 | AP57: =AM57+AN57+AO57 -> 0 | AQ57: =V57*0.692% -> 0 | AR57: =O57*5.335 -> 0 | AS57: =2*O57 -> 0 | AT57: =0.04*O57 -> 0 | AV57: =(X57-134.62)*0.057 -> -7.67334 | AW57: =T57*0.04 -> 0
D58: total mois | M58: 0 | N58: 0 | O58: 0 | T58: =SUM(T53:T57) -> 0 | U58: =SUM(U53:U57) -> 0 | V58: =SUM(V53:V57) -> 0 | W58: =SUM(W53:W57) -> 0 | X58: =SUM(X53:X57) -> 0 | Y58: =SUM(Y53:Y57) -> 0 | Z58: =SUM(Z53:Z57) -> 0 | AA58: =SUM(AA53:AA57) -> 0 | ... AU58: =SUM(AU53:AU57) -> 0 | AW58: =SUM(AW53:AW57) -> 0
AR59: =O59*5.335 -> 0 | AS59: =2*O59 -> 0
C60: 18 | D60: Septembre | E60: 5 | M60: 0 | O60: 0 | R60: =P57+P60 -> 0 | S60: =Q57+Q60 -> 0 | V60: =T60+U60 -> 0 | W60: =O60*1.998 -> 0 | X60: =V60+W60 -> 0 | Y60: =IF(AV60<0,0,(X60-134.62)*0.057) -> 0 | AA60: =V60*1.2% -> 0 | AC60: =V60*0.494% -> 0 | AG60: =V60-AD60-AE60-AF60 -> 0 | AH60: =IF(VLOOKUP(AG60,'Table 26'!$A$2:$C$438,2,TRUE)>=VLOOKUP(AG60,'Table 26'!$C$2:$D$438,2,TRUE),MAX(VLOOKUP(AG60,'Table 26'!$A$2:$B$438,2,TRUE),VLOOKUP(AG60,'Table 26'!$C$2:$D$438,2,TRUE)),0) -> 0 | AI60: =X60-AF60 -> 0 | AJ60: =IF(VLOOKUP(AI60,'Table 26'!$E$2:$F$306,2,TRUE)>=VLOOKUP(AI60,'Table 26'!$G$2:$H$306,2,TRUE),MAX(VLOOKUP(AI60,'Table 26'!$E$2:$F$306,2,TRUE),VLOOKUP(AI60,'Table 26'!$G$2:$H$306,2,TRUE)),0) -> 0 | AL60: =Y60+AA60+AC60+AD60+AE60+AF60+AH60+AJ60+AK60 -> 0 | AM60: =V60-AL60 -> 0 | AP60: =AM60+AN60+AO60 -> 0 | AQ60: =V60*0.692% -> 0 | AV60: =(X60-134.62)*0.057 -> -7.67334 | AW60: =T60*0.04 -> 0
D61: Septembre | E61: 12 | M61: 0 | O61: 0 | V61: =T61+U61 -> 0 | W61: =O61*1.998 -> 0 | X61: =V61+W61 -> 0 | Y61: =IF(AV61<0,0,(X61-134.62)*0.057) -> 0 | AA61: =V61*1.2% -> 0 | AC61: =V61*0.494% -> 0 | AG61: =V61-AD61-AE61-AF61 -> 0 | AH61: =IF(VLOOKUP(AG61,'Table 26'!$A$2:$C$438,2,TRUE)>=VLOOKUP(AG61,'Table 26'!$C$2:$D$438,2,TRUE),MAX(VLOOKUP(AG61,'Table 26'!$A$2:$B$438,2,TRUE),VLOOKUP(AG61,'Table 26'!$C$2:$D$438,2,TRUE)),0) -> 0 | AI61: =X61-AF61 -> 0 | AJ61: =IF(VLOOKUP(AI61,'Table 26'!$E$2:$F$306,2,TRUE)>=VLOOKUP(AI61,'Table 26'!$G$2:$H$306,2,TRUE),MAX(VLOOKUP(AI61,'Table 26'!$E$2:$F$306,2,TRUE),VLOOKUP(AI61,'Table 26'!$G$2:$H$306,2,TRUE)),0) -> 0 | AL61: =Y61+AA61+AC61+AD61+AE61+AF61+AH61+AJ61+AK61 -> 0 | AM61: =V61-AL61 -> 0 | AP61: =AM61+AN61+AO61 -> 0 | AQ61: =V61*0.692% -> 0 | AR61: =O61*5.335 -> 0 | AS61: =2*O61 -> 0 | AT61: =0.04*O61 -> 0 | AV61: =(X61-134.62)*0.057 -> -7.67334 | AW61: =T61*0.04 -> 0
C62: 19 | D62: Septembre | E62: 19 | M62: 0 | N62: 0 | O62: 0 | R62: =P61+P62 -> 0 | S62: =Q61+Q62 -> 0 | V62: =T62+U62 -> 0 | W62: =O62*1.998 -> 0 | X62: =V62+W62 -> 0 | Y62: =IF(AV62<0,0,(X62-134.62)*0.057) -> 0 | AA62: =V62*1.2% -> 0 | AC62: =V62*0.494% -> 0 | AG62: =V62-AD62-AE62-AF62 -> 0 | AH62: =IF(VLOOKUP(AG62,'Table 26'!$A$2:$C$438,2,TRUE)>=VLOOKUP(AG62,'Table 26'!$C$2:$D$438,2,TRUE),MAX(VLOOKUP(AG62,'Table 26'!$A$2:$B$438,2,TRUE),VLOOKUP(AG62,'Table 26'!$C$2:$D$438,2,TRUE)),0) -> 0 | AI62: =X62-AF62 -> 0 | AJ62: =IF(VLOOKUP(AI62,'Table 26'!$E$2:$F$306,2,TRUE)>=VLOOKUP(AI62,'Table 26'!$G$2:$H$306,2,TRUE),MAX(VLOOKUP(AI62,'Table 26'!$E$2:$F$306,2,TRUE),VLOOKUP(AI62,'Table 26'!$G$2:$H$306,2,TRUE)),0) -> 0 | AL62: =Y62+AA62+AC62+AD62+AE62+AF62+AH62+AJ62+AK62 -> 0 | AM62: =V62-AL62 -> 0 | AP62: =AM62+AN62+AO62 -> 0 | AQ62: =V62*0.692% -> 0 | AR62: =O62*5.335 -> 0 | AS62: =2*O62 -> 0 | AT62: =0.04*O62 -> 0 | AV62: =(X62-134.62)*0.057 -> -7.67334 | AW62: =T62*0.04 -> 0
D63: Septembre | E63: 26 | N63: 0 | O63: 0 | V63: =T63+U63 -> 0 | W63: =O63*1.998 -> 0 | X63: =V63+W63 -> 0 | Y63: =IF(AV63<0,0,(X63-134.62)*0.057) -> 0 | AA63: =V63*1.2% -> 0 | AC63: =V63*0.494% -> 0 | AG63: =V63-AD63-AE63-AF63 -> 0 | AH63: =IF(VLOOKUP(AG63,'Table 26'!$A$2:$C$438,2,TRUE)>=VLOOKUP(AG63,'Table 26'!$C$2:$D$438,2,TRUE),MAX(VLOOKUP(AG63,'Table 26'!$A$2:$B$438,2,TRUE),VLOOKUP(AG63,'Table 26'!$C$2:$D$438,2,TRUE)),0) -> 0 | AI63: =X63-AF63 -> 0 | AJ63: =IF(VLOOKUP(AI63,'Table 26'!$E$2:$F$306,2,TRUE)>=VLOOKUP(AI63,'Table 26'!$G$2:$H$306,2,TRUE),MAX(VLOOKUP(AI63,'Table 26'!$E$2:$F$306,2,TRUE),VLOOKUP(AI63,'Table 26'!$G$2:$H$306,2,TRUE)),0) -> 0 | AL63: =Y63+AA63+AC63+AD63+AE63+AF63+AH63+AJ63+AK63 -> 0 | AM63: =V63-AL63 -> 0 | AP63: =AM63+AN63+AO63 -> 0 | AQ63: =V63*0.692% -> 0 | AR63: =O63*5.335 -> 0 | AS63: =2*O63 -> 0 | AT63: =0.04*O63 -> 0 | AV63: =(X63-134.62)*0.057 -> -7.67334 | AW63: =T63*0.04 -> 0
D64: Septembre | M64: 0 | O64: 0 | V64: =T64+U64 -> 0 | W64: =O64*1.998 -> 0 | X64: =V64+W64 -> 0 | Y64: =IF(AV64<0,0,(X64-134.62)*0.057) -> 0 | AA64: =V64*1.2% -> 0 | AC64: =V64*0.494% -> 0 | AG64: =V64-AD64-AE64-AF64 -> 0 | AH64: =IF(VLOOKUP(AG64,'Table 26'!$A$2:$C$438,2,TRUE)>=VLOOKUP(AG64,'Table 26'!$C$2:$D$438,2,TRUE),MAX(VLOOKUP(AG64,'Table 26'!$A$2:$B$438,2,TRUE),VLOOKUP(AG64,'Table 26'!$C$2:$D$438,2,TRUE)),0) -> 0 | AI64: =X64-AF64 -> 0 | AJ64: =IF(VLOOKUP(AI64,'Table 26'!$E$2:$F$306,2,TRUE)>=VLOOKUP(AI64,'Table 26'!$G$2:$H$306,2,TRUE),MAX(VLOOKUP(AI64,'Table 26'!$E$2:$F$306,2,TRUE),VLOOKUP(AI64,'Table 26'!$G$2:$H$306,2,TRUE)),0) -> 0 | AL64: =Y64+AA64+AC64+AD64+AE64+AF64+AH64+AJ64+AK64 -> 0 | AM64: =V64-AL64 -> 0 | AP64: =AM64+AN64+AO64 -> 0 | AQ64: =V64*0.692% -> 0 | AR64: =O64*5.335 -> 0 | AS64: =2*O64 -> 0 | AT64: =0.04*O64 -> 0 | AV64: =(X64-134.62)*0.057 -> -7.67334 | AW64: =T64*0.04 -> 0
D65: total mois | M65: 0 | N65: 0 | O65: =SUM(O60:O64) -> 0 | T65: =SUM(T60:T64) -> 0 | U65: =SUM(U60:U64) -> 0 | V65: =SUM(V60:V64) -> 0 | W65: =SUM(W60:W64) -> 0 | X65: =SUM(X60:X64) -> 0 | Y65: =SUM(Y60:Y64) -> 0 | Z65: =SUM(Z60:Z64) -> 0 | AA65: =SUM(AA60:AA64) -> 0 | ... AU65: =SUM(AU60:AU64) -> 0 | AW65: =SUM(AW60:AW64) -> 0
AR66: =O66*5.335 -> 0 | AS66: =2*O66 -> 0
C67: 20 | D67: Octobre | E67: 3 | R67: =P63+P67 -> 0 | S67: =Q63+Q67 -> 0 | V67: =T67+U67 -> 0 | W67: =O67*1.998 -> 0 | X67: =V67+W67 -> 0 | Y67: =IF(AV67<0,0,(X67-134.62)*0.057) -> 0 | AA67: =V67*1.2% -> 0 | AC67: =V67*0.494% -> 0 | AG67: =V67-AD67-AE67-AF67 -> 0 | AH67: =IF(VLOOKUP(AG67,'Table 26'!$A$2:$C$438,2,TRUE)>=VLOOKUP(AG67,'Table 26'!$C$2:$D$438,2,TRUE),MAX(VLOOKUP(AG67,'Table 26'!$A$2:$B$438,2,TRUE),VLOOKUP(AG67,'Table 26'!$C$2:$D$438,2,TRUE)),0) -> 0 | AI67: =X67-AF67 -> 0 | AJ67: =IF(VLOOKUP(AI67,'Table 26'!$E$2:$F$306,2,TRUE)>=VLOOKUP(AI67,'Table 26'!$G$2:$H$306,2,TRUE),MAX(VLOOKUP(AI67,'Table 26'!$E$2:$F$306,2,TRUE),VLOOKUP(AI67,'Table 26'!$G$2:$H$306,2,TRUE)),0) -> 0 | AL67: =Y67+AA67+AC67+AD67+AE67+AF67+AH67+AJ67+AK67 -> 0 | AM67: =V67-AL67 -> 0 | AP67: =AM67+AN67+AO67 -> 0 | AQ67: =V67*0.692% -> 0 | AV67: =(X67-134.62)*0.057 -> -7.67334 | AW67: =T67*0.04 -> 0
D68: Octobre | E68: 10 | O68: 0 | V68: =T68+U68 -> 0 | W68: =O68*1.998 -> 0 | X68: =V68+W68 -> 0 | Y68: =IF(AV68<0,0,(X68-134.62)*0.057) -> 0 | AA68: =V68*1.2% -> 0 | AC68: =V68*0.494% -> 0 | AG68: =V68-AD68-AE68-AF68 -> 0 | AH68: =IF(VLOOKUP(AG68,'Table 26'!$A$2:$C$438,2,TRUE)>=VLOOKUP(AG68,'Table 26'!$C$2:$D$438,2,TRUE),MAX(VLOOKUP(AG68,'Table 26'!$A$2:$B$438,2,TRUE),VLOOKUP(AG68,'Table 26'!$C$2:$D$438,2,TRUE)),0) -> 0 | AI68: =X68-AF68 -> 0 | AJ68: =IF(VLOOKUP(AI68,'Table 26'!$E$2:$F$306,2,TRUE)>=VLOOKUP(AI68,'Table 26'!$G$2:$H$306,2,TRUE),MAX(VLOOKUP(AI68,'Table 26'!$E$2:$F$306,2,TRUE),VLOOKUP(AI68,'Table 26'!$G$2:$H$306,2,TRUE)),0) -> 0 | AL68: =Y68+AA68+AC68+AD68+AE68+AF68+AH68+AJ68+AK68 -> 0 | AM68: =V68-AL68 -> 0 | AP68: =AM68+AN68+AO68 -> 0 | AQ68: =V68*0.692% -> 0 | AR68: =O68*5.335 -> 0 | AS68: =2*O68 -> 0 | AT68: =0.04*O68 -> 0 | AV68: =(X68-134.62)*0.057 -> -7.67334 | AW68: =T68*0.04 -> 0
C69: 21 | D69: Octobre | E69: 17 | O69: 0 | R69: =P68+P69 -> 0 | S69: =Q68+Q69 -> 0 | V69: =T69+U69 -> 0 | W69: =O69*1.998 -> 0 | X69: =V69+W69 -> 0 | Y69: =IF(AV69<0,0,(X69-134.62)*0.057) -> 0 | AA69: =V69*1.2% -> 0 | AC69: =V69*0.494% -> 0 | AG69: =V69-AD69-AE69-AF69 -> 0 | AH69: =IF(VLOOKUP(AG69,'Table 26'!$A$2:$C$438,2,TRUE)>=VLOOKUP(AG69,'Table 26'!$C$2:$D$438,2,TRUE),MAX(VLOOKUP(AG69,'Table 26'!$A$2:$B$438,2,TRUE),VLOOKUP(AG69,'Table 26'!$C$2:$D$438,2,TRUE)),0) -> 0 | AI69: =X69-AF69 -> 0 | AJ69: =IF(VLOOKUP(AI69,'Table 26'!$E$2:$F$306,2,TRUE)>=VLOOKUP(AI69,'Table 26'!$G$2:$H$306,2,TRUE),MAX(VLOOKUP(AI69,'Table 26'!$E$2:$F$306,2,TRUE),VLOOKUP(AI69,'Table 26'!$G$2:$H$306,2,TRUE)),0) -> 0 | AL69: =Y69+AA69+AC69+AD69+AE69+AF69+AH69+AJ69+AK69 -> 0 | AM69: =V69-AL69 -> 0 | AP69: =AM69+AN69+AO69 -> 0 | AQ69: =V69*0.692% -> 0 | AR69: =O69*5.335 -> 0 | AS69: =2*O69 -> 0 | AT69: =0.04*O69 -> 0 | AV69: =(X69-134.62)*0.057 -> -7.67334 | AW69: =T69*0.04 -> 0
D70: Octobre | E70: 24 | O70: 0 | V70: =T70+U70 -> 0 | W70: =O70*1.998 -> 0 | X70: =V70+W70 -> 0 | Y70: =IF(AV70<0,0,(X70-134.62)*0.057) -> 0 | AA70: =V70*1.2% -> 0 | AC70: =V70*0.494% -> 0 | AG70: =V70-AD70-AE70-AF70 -> 0 | AH70: =IF(VLOOKUP(AG70,'Table 26'!$A$2:$C$438,2,TRUE)>=VLOOKUP(AG70,'Table 26'!$C$2:$D$438,2,TRUE),MAX(VLOOKUP(AG70,'Table 26'!$A$2:$B$438,2,TRUE),VLOOKUP(AG70,'Table 26'!$C$2:$D$438,2,TRUE)),0) -> 0 | AI70: =X70-AF70 -> 0 | AJ70: =IF(VLOOKUP(AI70,'Table 26'!$E$2:$F$306,2,TRUE)>=VLOOKUP(AI70,'Table 26'!$G$2:$H$306,2,TRUE),MAX(VLOOKUP(AI70,'Table 26'!$E$2:$F$306,2,TRUE),VLOOKUP(AI70,'Table 26'!$G$2:$H$306,2,TRUE)),0) -> 0 | AL70: =Y70+AA70+AC70+AD70+AE70+AF70+AH70+AJ70+AK70 -> 0 | AM70: =V70-AL70 -> 0 | AP70: =AM70+AN70+AO70 -> 0 | AQ70: =V70*0.692% -> 0 | AR70: =O70*5.335 -> 0 | AS70: =2*O70 -> 0 | AT70: =0.04*O70 -> 0 | AV70: =(X70-134.62)*0.057 -> -7.67334 | AW70: =T70*0.04 -> 0
C71: 22 | D71: Octobre | E71: 31 | O71: 0 | R71: =P70+P71 -> 0 | S71: =Q70+Q71 -> 0 | V71: =T71+U71 -> 0 | W71: =O71*1.998 -> 0 | X71: =V71+W71 -> 0 | Y71: =IF(AV71<0,0,(X71-134.62)*0.057) -> 0 | AA71: =V71*1.2% -> 0 | AC71: =V71*0.494% -> 0 | AG71: =V71-AD71-AE71-AF71 -> 0 | AH71: =IF(VLOOKUP(AG71,'Table 26'!$A$2:$C$438,2,TRUE)>=VLOOKUP(AG71,'Table 26'!$C$2:$D$438,2,TRUE),MAX(VLOOKUP(AG71,'Table 26'!$A$2:$B$438,2,TRUE),VLOOKUP(AG71,'Table 26'!$C$2:$D$438,2,TRUE)),0) -> 0 | AI71: =X71-AF71 -> 0 | AJ71: =IF(VLOOKUP(AI71,'Table 26'!$E$2:$F$306,2,TRUE)>=VLOOKUP(AI71,'Table 26'!$G$2:$H$306,2,TRUE),MAX(VLOOKUP(AI71,'Table 26'!$E$2:$F$306,2,TRUE),VLOOKUP(AI71,'Table 26'!$G$2:$H$306,2,TRUE)),0) -> 0 | AL71: =Y71+AA71+AC71+AD71+AE71+AF71+AH71+AJ71+AK71 -> 0 | AM71: =V71-AL71 -> 0 | AP71: =AM71+AN71+AO71 -> 0 | AQ71: =V71*0.692% -> 0 | AR71: =O71*5.335 -> 0 | AS71: =2*O71 -> 0 | AT71: =0.04*O71 -> 0 | AV71: =(X71-134.62)*0.057 -> -7.67334 | AW71: =T71*0.04 -> 0
D72: total mois | M72: =SUM(M67:M71) -> 0 | O72: =SUM(O67:O71) -> 0 | T72: =SUM(T67:T71) -> 0 | U72: =SUM(U67:U71) -> 0 | V72: =SUM(V67:V71) -> 0 | W72: =SUM(W67:W71) -> 0 | X72: =SUM(X67:X71) -> 0 | Y72: =SUM(Y67:Y71) -> 0 | Z72: =SUM(Z67:Z71) -> 0 | AA72: =SUM(AA67:AA71) -> 0 | ... AU72: =SUM(AU67:AU71) -> 0 | AW72: =SUM(AW67:AW71) -> 0
V73: =T73+U73 -> 0 | W73: =O73*1.998 -> 0 | X73: =V73+W73 -> 0 | AC73: =V73*0.559% -> 0 | AG73: =V73-AD73-AE73-AF73 -> 0 | AI73: =X73-AF73 -> 0 | AL73: =Y73+AA73+AC73+AD73+AE73+AF73+AH73+AJ73+AK73 -> 0 | AQ73: =V73*0.782% -> 0 | AR73: =O73*5.335 -> 0 | AS73: =2*O73 -> 0
D74: Novembre | E74: 7 | M74: 0 | O74: 0 | V74: =T74+U74 -> 0 | W74: =O74*1.998 -> 0 | X74: =V74+W74 -> 0 | Y74: =IF(AV74<0,0,(X74-134.62)*0.057) -> 0 | AA74: =V74*1.2% -> 0 | AC74: =V74*0.494% -> 0 | AG74: =V74-AD74-AE74-AF74 -> 0 | AH74: =IF(VLOOKUP(AG74,'Table 26'!$A$2:$C$438,2,TRUE)>=VLOOKUP(AG74,'Table 26'!$C$2:$D$438,2,TRUE),MAX(VLOOKUP(AG74,'Table 26'!$A$2:$B$438,2,TRUE),VLOOKUP(AG74,'Table 26'!$C$2:$D$438,2,TRUE)),0) -> 0 | AI74: =X74-AF74 -> 0 | AJ74: =IF(VLOOKUP(AI74,'Table 26'!$E$2:$F$306,2,TRUE)>=VLOOKUP(AI74,'Table 26'!$G$2:$H$306,2,TRUE),MAX(VLOOKUP(AI74,'Table 26'!$E$2:$F$306,2,TRUE),VLOOKUP(AI74,'Table 26'!$G$2:$H$306,2,TRUE)),0) -> 0 | AL74: =Y74+AA74+AC74+AD74+AE74+AF74+AH74+AJ74+AK74 -> 0 | AP74: =AM74+AN74+AO74 -> 0 | AQ74: =V74*0.692% -> 0 | AV74: =(X74-134.62)*0.057 -> -7.67334 | AW74: =T74*0.04 -> 0
C75: 23 | D75: Novembre | E75: 14 | N75: 0 | O75: 0 | R75: =P74+P75 -> 0 | S75: =Q74+Q75 -> 0 | V75: =T75+U75 -> 0 | W75: =O75*1.998 -> 0 | X75: =V75+W75 -> 0 | Y75: =IF(AV75<0,0,(X75-134.62)*0.057) -> 0 | AA75: =V75*1.2% -> 0 | AC75: =V75*0.494% -> 0 | AG75: =V75-AD75-AE75-AF75 -> 0 | AH75: =IF(VLOOKUP(AG75,'Table 26'!$A$2:$C$438,2,TRUE)>=VLOOKUP(AG75,'Table 26'!$C$2:$D$438,2,TRUE),MAX(VLOOKUP(AG75,'Table 26'!$A$2:$B$438,2,TRUE),VLOOKUP(AG75,'Table 26'!$C$2:$D$438,2,TRUE)),0) -> 0 | AI75: =X75-AF75 -> 0 | AJ75: =IF(VLOOKUP(AI75,'Table 26'!$E$2:$F$306,2,TRUE)>=VLOOKUP(AI75,'Table 26'!$G$2:$H$306,2,TRUE),MAX(VLOOKUP(AI75,'Table 26'!$E$2:$F$306,2,TRUE),VLOOKUP(AI75,'Table 26'!$G$2:$H$306,2,TRUE)),0) -> 0 | AL75: =Y75+AA75+AC75+AD75+AE75+AF75+AH75+AJ75+AK75 -> 0 | AP75: =AM75+AN75+AO75 -> 0 | AQ75: =V75*0.692% -> 0 | AR75: =O75*5.335 -> 0 | AS75: =2*O75 -> 0 | AT75: =0.04*O75 -> 0 | AV75: =(X75-134.62)*0.057 -> -7.67334 | AW75: =T75*0.04 -> 0
D76: Novembre | E76: 21 | N76: 0 | O76: 0 | V76: =T76+U76 -> 0 | W76: =O76*1.998 -> 0 | X76: =V76+W76 -> 0 | Y76: =IF(AV76<0,0,(X76-134.62)*0.057) -> 0 | AA76: =V76*1.2% -> 0 | AC76: =V76*0.494% -> 0 | AG76: =V76-AD76-AE76-AF76 -> 0 | AH76: =IF(VLOOKUP(AG76,'Table 26'!$A$2:$C$438,2,TRUE)>=VLOOKUP(AG76,'Table 26'!$C$2:$D$438,2,TRUE),MAX(VLOOKUP(AG76,'Table 26'!$A$2:$B$438,2,TRUE),VLOOKUP(AG76,'Table 26'!$C$2:$D$438,2,TRUE)),0) -> 0 | AI76: =X76-AF76 -> 0 | AJ76: =IF(VLOOKUP(AI76,'Table 26'!$E$2:$F$306,2,TRUE)>=VLOOKUP(AI76,'Table 26'!$G$2:$H$306,2,TRUE),MAX(VLOOKUP(AI76,'Table 26'!$E$2:$F$306,2,TRUE),VLOOKUP(AI76,'Table 26'!$G$2:$H$306,2,TRUE)),0) -> 0 | AL76: =Y76+AA76+AC76+AD76+AE76+AF76+AH76+AJ76+AK76 -> 0 | AP76: =AM76+AN76+AO76 -> 0 | AQ76: =V76*0.692% -> 0 | AR76: =O76*5.335 -> 0 | AS76: =2*O76 -> 0 | AT76: =0.04*O76 -> 0 | AV76: =(X76-134.62)*0.057 -> -7.67334 | AW76: =T76*0.04 -> 0
C77: 24 | D77: Novembre | E77: 28 | N77: 0 | O77: 0 | R77: =P76+P77 -> 0 | S77: =Q76+Q77 -> 0 | V77: =T77+U77 -> 0 | W77: =O77*1.998 -> 0 | X77: =V77+W77 -> 0 | Y77: =IF(AV77<0,0,(X77-134.62)*0.057) -> 0 | AA77: =V77*1.2% -> 0 | AC77: =V77*0.494% -> 0 | AG77: =V77-AD77-AE77-AF77 -> 0 | AH77: =IF(VLOOKUP(AG77,'Table 26'!$A$2:$C$438,2,TRUE)>=VLOOKUP(AG77,'Table 26'!$C$2:$D$438,2,TRUE),MAX(VLOOKUP(AG77,'Table 26'!$A$2:$B$438,2,TRUE),VLOOKUP(AG77,'Table 26'!$C$2:$D$438,2,TRUE)),0) -> 0 | AI77: =X77-AF77 -> 0 | AJ77: =IF(VLOOKUP(AI77,'Table 26'!$E$2:$F$306,2,TRUE)>=VLOOKUP(AI77,'Table 26'!$G$2:$H$306,2,TRUE),MAX(VLOOKUP(AI77,'Table 26'!$E$2:$F$306,2,TRUE),VLOOKUP(AI77,'Table 26'!$G$2:$H$306,2,TRUE)),0) -> 0 | AL77: =Y77+AA77+AC77+AD77+AE77+AF77+AH77+AJ77+AK77 -> 0 | AP77: =AM77+AN77+AO77 -> 0 | AQ77: =V77*0.692% -> 0 | AR77: =O77*5.335 -> 0 | AS77: =2*O77 -> 0 | AT77: =0.04*O77 -> 0 | AV77: =(X77-134.62)*0.057 -> -7.67334 | AW77: =T77*0.04 -> 0
D78: Novembre | N78: 0 | O78: 0 | V78: =T78+U78 -> 0 | W78: =O78*1.998 -> 0 | X78: =V78+W78 -> 0 | Y78: =IF(AV78<0,0,(X78-134.62)*0.057) -> 0 | AA78: =V78*1.2% -> 0 | AC78: =V78*0.494% -> 0 | AG78: =V78-AD78-AE78-AF78 -> 0 | AH78: =IF(VLOOKUP(AG78,'Table 26'!$A$2:$C$438,2,TRUE)>=VLOOKUP(AG78,'Table 26'!$C$2:$D$438,2,TRUE),MAX(VLOOKUP(AG78,'Table 26'!$A$2:$B$438,2,TRUE),VLOOKUP(AG78,'Table 26'!$C$2:$D$438,2,TRUE)),0) -> 0 | AI78: =X78-AF78 -> 0 | AJ78: =IF(VLOOKUP(AI78,'Table 26'!$E$2:$F$306,2,TRUE)>=VLOOKUP(AI78,'Table 26'!$G$2:$H$306,2,TRUE),MAX(VLOOKUP(AI78,'Table 26'!$E$2:$F$306,2,TRUE),VLOOKUP(AI78,'Table 26'!$G$2:$H$306,2,TRUE)),0) -> 0 | AL78: =Y78+AA78+AC78+AD78+AE78+AF78+AH78+AJ78+AK78 -> 0 | AP78: =AM78+AN78+AO78 -> 0 | AQ78: =V78*0.692% -> 0 | AR78: =O78*5.335 -> 0 | AS78: =2*O78 -> 0 | AT78: =0.04*O78 -> 0 | AV78: =(X78-134.62)*0.057 -> -7.67334 | AW78: =T78*0.04 -> 0
D79: total mois | M79: 0 | N79: =SUM(N74:N78) -> 0 | O79: =SUM(O74:O78) -> 0 | T79: =SUM(T74:T78) -> 0 | U79: =SUM(U74:U78) -> 0 | V79: =SUM(V74:V78) -> 0 | W79: =SUM(W74:W78) -> 0 | X79: =SUM(X74:X78) -> 0 | Y79: =SUM(Y74:Y78) -> 0 | Z79: =SUM(Z74:Z78) -> 0 | AA79: =SUM(AA74:AA78) -> 0 | ... AU79: =SUM(AU74:AU78) -> 0 | AW79: =SUM(AW74:AW78) -> 0
AR80: =O80*5.335 -> 0 | AS80: =2*O80 -> 0
D81: Décembre | E81: 5 | M81: 0 | O81: 0 | V81: =T81+U81 -> 0 | W81: =O81*1.998 -> 0 | X81: =V81+W81 -> 0 | Y81: =IF(AV81<0,0,(X81-134.62)*0.057) -> 0 | AA81: =V81*1.2% -> 0 | AC81: =V81*0.494% -> 0 | AG81: =V81-AD81-AE81-AF81 -> 0 | AH81: =IF(VLOOKUP(AG81,'Table 26'!$A$2:$C$438,2,TRUE)>=VLOOKUP(AG81,'Table 26'!$C$2:$D$438,2,TRUE),MAX(VLOOKUP(AG81,'Table 26'!$A$2:$B$438,2,TRUE),VLOOKUP(AG81,'Table 26'!$C$2:$D$438,2,TRUE)),0) -> 0 | AI81: =X81-AF81 -> 0 | AJ81: =IF(VLOOKUP(AI81,'Table 26'!$E$2:$F$306,2,TRUE)>=VLOOKUP(AI81,'Table 26'!$G$2:$H$306,2,TRUE),MAX(VLOOKUP(AI81,'Table 26'!$E$2:$F$306,2,TRUE),VLOOKUP(AI81,'Table 26'!$G$2:$H$306,2,TRUE)),0) -> 0 | AL81: =Y81+AA81+AC81+AD81+AE81+AF81+AH81+AJ81+AK81 -> 0 | AM81: =V81-AL81 -> 0 | AP81: =AM81+AN81+AO81 -> 0 | AQ81: =V81*0.692% -> 0 | AV81: =(X81-134.62)*0.057 -> -7.67334 | AW81: =T81*0.04 -> 0
C82: 25 | D82: Décembre | E82: 12 | N82: 0 | O82: 0 | R82: =P81+P82 -> 0 | S82: =Q81+Q82 -> 0 | V82: =T82+U82 -> 0 | W82: =O82*1.998 -> 0 | X82: =V82+W82 -> 0 | Y82: =IF(AV82<0,0,(X82-134.62)*0.057) -> 0 | AA82: =V82*1.2% -> 0 | AC82: =V82*0.494% -> 0 | AG82: =V82-AD82-AE82-AF82 -> 0 | AH82: =IF(VLOOKUP(AG82,'Table 26'!$A$2:$C$438,2,TRUE)>=VLOOKUP(AG82,'Table 26'!$C$2:$D$438,2,TRUE),MAX(VLOOKUP(AG82,'Table 26'!$A$2:$B$438,2,TRUE),VLOOKUP(AG82,'Table 26'!$C$2:$D$438,2,TRUE)),0) -> 0 | AI82: =X82-AF82 -> 0 | AJ82: =IF(VLOOKUP(AI82,'Table 26'!$E$2:$F$306,2,TRUE)>=VLOOKUP(AI82,'Table 26'!$G$2:$H$306,2,TRUE),MAX(VLOOKUP(AI82,'Table 26'!$E$2:$F$306,2,TRUE),VLOOKUP(AI82,'Table 26'!$G$2:$H$306,2,TRUE)),0) -> 0 | AL82: =Y82+AA82+AC82+AD82+AE82+AF82+AH82+AJ82+AK82 -> 0 | AM82: =V82-AL82 -> 0 | AP82: =AM82+AN82+AO82 -> 0 | AQ82: =V82*0.692% -> 0 | AR82: =O82*5.335 -> 0 | AS82: =2*O82 -> 0 | AT82: =0.04*O82 -> 0 | AV82: =(X82-134.62)*0.057 -> -7.67334 | AW82: =T82*0.04 -> 0
D83: Décembre | E83: 19 | N83: 0 | O83: 0 | V83: =T83+U83 -> 0 | W83: =O83*1.998 -> 0 | X83: =V83+W83 -> 0 | Y83: =IF(AV83<0,0,(X83-134.62)*0.057) -> 0 | AA83: =V83*1.2% -> 0 | AC83: =V83*0.494% -> 0 | AG83: =V83-AD83-AE83-AF83 -> 0 | AH83: =IF(VLOOKUP(AG83,'Table 26'!$A$2:$C$438,2,TRUE)>=VLOOKUP(AG83,'Table 26'!$C$2:$D$438,2,TRUE),MAX(VLOOKUP(AG83,'Table 26'!$A$2:$B$438,2,TRUE),VLOOKUP(AG83,'Table 26'!$C$2:$D$438,2,TRUE)),0) -> 0 | AI83: =X83-AF83 -> 0 | AJ83: =IF(VLOOKUP(AI83,'Table 26'!$E$2:$F$306,2,TRUE)>=VLOOKUP(AI83,'Table 26'!$G$2:$H$306,2,TRUE),MAX(VLOOKUP(AI83,'Table 26'!$E$2:$F$306,2,TRUE),VLOOKUP(AI83,'Table 26'!$G$2:$H$306,2,TRUE)),0) -> 0 | AL83: =Y83+AA83+AC83+AD83+AE83+AF83+AH83+AJ83+AK83 -> 0 | AM83: =V83-AL83 -> 0 | AP83: =AM83+AN83+AO83 -> 0 | AQ83: =V83*0.692% -> 0 | AR83: =O83*5.335 -> 0 | AS83: =2*O83 -> 0 | AT83: =0.04*O83 -> 0 | AV83: =(X83-134.62)*0.057 -> -7.67334 | AW83: =T83*0.04 -> 0
C84: 26 | D84: Décembre | E84: 26 | R84: =P83+P84 -> 0 | S84: =Q83+Q84 -> 0 | V84: =T84+U84 -> 0 | W84: =O84*1.998 -> 0 | X84: =V84+W84 -> 0 | Y84: =IF(AV84<0,0,(X84-134.62)*0.057) -> 0 | AA84: =V84*1.2% -> 0 | AC84: =V84*0.494% -> 0 | AG84: =V84-AD84-AE84-AF84 -> 0 | AH84: =IF(VLOOKUP(AG84,'Table 26'!$A$2:$C$438,2,TRUE)>=VLOOKUP(AG84,'Table 26'!$C$2:$D$438,2,TRUE),MAX(VLOOKUP(AG84,'Table 26'!$A$2:$B$438,2,TRUE),VLOOKUP(AG84,'Table 26'!$C$2:$D$438,2,TRUE)),0) -> 0 | AI84: =X84-AF84 -> 0 | AJ84: =IF(VLOOKUP(AI84,'Table 26'!$E$2:$F$306,2,TRUE)>=VLOOKUP(AI84,'Table 26'!$G$2:$H$306,2,TRUE),MAX(VLOOKUP(AI84,'Table 26'!$E$2:$F$306,2,TRUE),VLOOKUP(AI84,'Table 26'!$G$2:$H$306,2,TRUE)),0) -> 0 | AL84: =Y84+AA84+AC84+AD84+AE84+AF84+AH84+AJ84+AK84 -> 0 | AM84: =V84-AL84 -> 0 | AP84: =AM84+AN84+AO84 -> 0 | AQ84: =V84*0.692% -> 0 | AR84: =O84*5.335 -> 0 | AS84: =2*O84 -> 0 | AT84: =0.04*O84 -> 0 | AV84: =(X84-134.62)*0.057 -> -7.67334 | AW84: =T84*0.04 -> 0
D85: Décembre | M85: 0 | O85: 0 | V85: =T85+U85 -> 0 | W85: =1.879*O85 -> 0 | X85: =V85+W85 -> 0 | Y85: =IF(AV85<0,0,(X85-134.62)*0.057) -> 0 | AA85: =V85*1.2% -> 0 | AC85: =V85*0.494% -> 0 | AG85: =V85-AD85-AE85-AF85 -> 0 | AH85: =IF(VLOOKUP(AG85,'Table 26'!$A$2:$C$438,2,TRUE)>=VLOOKUP(AG85,'Table 26'!$C$2:$D$438,2,TRUE),MAX(VLOOKUP(AG85,'Table 26'!$A$2:$B$438,2,TRUE),VLOOKUP(AG85,'Table 26'!$C$2:$D$438,2,TRUE)),0) -> 0 | AI85: =X85-AF85 -> 0 | AJ85: =IF(VLOOKUP(AI85,'Table 26'!$E$2:$F$306,2,TRUE)>=VLOOKUP(AI85,'Table 26'!$G$2:$H$306,2,TRUE),MAX(VLOOKUP(AI85,'Table 26'!$E$2:$F$306,2,TRUE),VLOOKUP(AI85,'Table 26'!$G$2:$H$306,2,TRUE)),0) -> 0 | AL85: =Y85+AA85+AC85+AD85+AE85+AF85+AH85+AJ85+AK85 -> 0 | AM85: =V85-AL85 -> 0 | AP85: =AM85+AN85+AO85 -> 0 | AQ85: =V85*0.692% -> 0 | AR85: =O85*5.335 -> 0 | AS85: =2*O85 -> 0 | AT85: =0.04*O85 -> 0 | AV85: =(X85-134.62)*0.057 -> -7.67334 | AW85: =T85*0.04 -> 0
D86: total mois | M86: 0 | N86: 0 | O86: =SUM(O81:O85) -> 0 | T86: =SUM(T81:T85) -> 0 | U86: =SUM(U81:U85) -> 0 | V86: =SUM(V81:V85) -> 0 | W86: =SUM(W81:W85) -> 0 | X86: =SUM(X81:X85) -> 0 | Y86: =SUM(Y81:Y85) -> 0 | Z86: =SUM(Z81:Z85) -> 0 | AA86: =SUM(AA81:AA85) -> 0 | ... AU86: =SUM(AU81:AU85) -> 0 | AW86: =SUM(AW81:AW85) -> 0
D88: total année | M88: 0 | N88: 0 | O88: =O9+O16+O23+O30+O37+O44+O51+O58+O65+O72+O79+O86 -> 0 | T88: =T9+T16+T23+T30+T37+T44+T51+T58+T65+T72+T79+T86 -> 1750 | U88: =U9+U16+U23+U30+U37+U44+U51+U58+U65+U72+U79+U86 -> 1750 | V88: =V9+V16+V23+V30+V37+V44+V51+V58+V65+V72+V79+V86 -> 1750 | W88: =W9+W16+W23+W30+W37+W44+W51+W58+W65+W72+W79+W86 -> 1750 | X88: =X9+X16+X23+X30+X37+X44+X51+X58+X65+X72+X79+X86 -> 1834.4033 | Y88: =Y9+Y16+Y23+Y30+Y37+Y44+Y51+Y58+Y65+Y72+Y79+Y86 -> 84.40332 | Z88: =Z9+Z16+Z23+Z30+Z37+Z44+Z51+Z58+Z65+Z72+Z79+Z86 -> 21 | AA88: =AA9+AA16+AA23+AA30+AA37+AA44+AA51+AA58+AA65+AA72+AA79+AA86 -> 21 | ... AW88: =AW9+AW16+AW23+AW30+AW37+AW44+AW51+AW58+AW65+AW72+AW79+AW86 -> 70

Sheet TP E2
F5: Période | H5: 4
F7: du :
F8: au :
F9: Payé le :
F11: Au montant de : | H11: =VLOOKUP($H$5,Empl.2!$C$4:$AW$86,40,FALSE) -> 827.10334
I14: Ces deux colonnes là
B15: Heures et revenus | E15: Déductions à la source
C16: Période | D16: Cumulatif | F16: Montant | G16: Cumulatif
B18: Heures | C18: =VLOOKUP($H$5,Empl.2!$C$4:$AW$86,16,FALSE) -> 30 | E18: Impôt fédéral | F18: =VLOOKUP($H$5,Empl.2!$C$4:$AW$86,32,FALSE) -> 51.6
B19: Salaire reg | C19: =VLOOKUP($H$5,Empl.2!$C$4:$AW$86,18,FALSE) -> 1000 | E19: Impôt provincial | F19: =VLOOKUP($H$5,Empl.2!$C$4:$AW$86,34,FALSE) -> 55.03
B20: Vacances (4%) | C20: =VLOOKUP($H$5,Empl.2!$C$4:$AW$86,47,FALSE) -> 40 | E20: Assurance-emploi | F20: =VLOOKUP($H$5,Empl.2!$C$4:$AW$86,25,FALSE) -> 12
B21: Remb. Km | C21: =VLOOKUP($H$5,Empl.2!$C$4:$AW$86,39,FALSE) -> 0 | E21: RRQ | F21: =VLOOKUP($H$5,Empl.2!$C$4:$AW$86,23,FALSE) -> 49.32666
E22: RQAP | F22: =VLOOKUP($H$5,Empl.2!$C$4:$AW$86,27,FALSE) -> 4.94
B24: Total | C24: =SUM(C19:C21) -> 1040 | F24: =SUM(F18:F23) -> 172.89666
E26: À payer : | F26: =C19+C21-F24 -> 827.10334
B35: Ne pas prendre en compte celui-là!
B37: Description | D37: Période | E37: Cumulatif
B40: Salaire régulier | D40: =C19 -> 1000
B41: Vacances | D41: =C20 -> 40
B42: Heures | D42: =C18 -> 30
B43: Remb. Km | D43: =C21 -> 0

Sheet Empl.3
D1: Mois | E1: SemFin | F1: di | G1: lu | H1: ma | I1: me | J1: je | K1: ve | L1: sa | M1: Rég | N1: hr | O1: HrCCQ | P1: Nbr h. | Q1: S. sem | R1: h. pér | S1: S. pér | T1: Sal. Brut | U1: Vacanc | V1: Total rén | W1: Av.impos | X1: Total | Y1: R.R.Q. | Z1: Cumul. | AA1: AssEmploi | AB1: Gainsass | AC1: RQAP | AD1: PrélCCQ | AE1: cotis.synd | AF1: Avant.Soc | AG1: Sal/admféd | AH1: Impôt féd | AI1: Sal/admpr | AJ1: Impôt prov. | AK1: Vacanc | AL1: Déduction | AM1: TOTAL | AN1: Équip | AO1: Remb. Km | AP1: Sal. net | AQ1: RQAPempl | AR1: av. emp | AS1: txass | AT1: cont sec | AW1: Vac. à payer
D4: janvier | M4: 0 | V4: =T4+U4 -> 0 | W4: =O4*1.93 -> 0 | X4: =V4+W4 -> 0 | Y4: =IF(AV4<0,0,(X4-134.62)*0.057) -> 0 | AA4: =V4*1.2% -> 0 | AC4: =V4*0.494% -> 0 | AG4: =V4-AD4-AE4-AF4 -> 0 | AH4: =IF(VLOOKUP(AG4,'Table 26'!$A$2:$C$438,2,TRUE)>=VLOOKUP(AG4,'Table 26'!$C$2:$D$438,2,TRUE),MAX(VLOOKUP(AG4,'Table 26'!$A$2:$B$438,2,TRUE),VLOOKUP(AG4,'Table 26'!$C$2:$D$438,2,TRUE)),0) -> 0 | AI4: =X4-AF4 -> 0 | AJ4: =IF(VLOOKUP(AI4,'Table 26'!$E$2:$F$306,2,TRUE)>=VLOOKUP(AI4,'Table 26'!$G$2:$H$306,2,TRUE),MAX(VLOOKUP(AI4,'Table 26'!$E$2:$F$306,2,TRUE),VLOOKUP(AI4,'Table 26'!$G$2:$H$306,2,TRUE)),0) -> 0 | AL4: =SUM(AH4+AJ4+AK4+Y4+AA4+AC4+AD4+AE4+AF4) -> 0 | AM4: =V4-AL4 -> 0 | AN4: =O4*0.6 -> 0 | AP4: =AM4+AN4+AO4 -> 0 | AQ4: =V4*0.692% -> 0 | AV4: =(X4-134.62)*0.057 -> -7.67334 | AW4: =T4*0.04 -> 0
D5: janvier | M5: 0 | V5: =T5+U5 -> 0 | W5: =O5*1.93 -> 0 | X5: =V5+W5 -> 0 | Y5: =IF(AV5<0,0,(X5-134.62)*0.057) -> 0 | AA5: =V5*1.2% -> 0 | AC5: =V5*0.494% -> 0 | AG5: =V5-AD5-AE5-AF5 -> 0 | AH5: =IF(VLOOKUP(AG5,'Table 26'!$A$2:$C$438,2,TRUE)>=VLOOKUP(AG5,'Table 26'!$C$2:$D$438,2,TRUE),MAX(VLOOKUP(AG5,'Table 26'!$A$2:$B$438,2,TRUE),VLOOKUP(AG5,'Table 26'!$C$2:$D$438,2,TRUE)),0) -> 0 | AI5: =X5-AF5 -> 0 | AJ5: =IF(VLOOKUP(AI5,'Table 26'!$E$2:$F$306,2,TRUE)>=VLOOKUP(AI5,'Table 26'!$G$2:$H$306,2,TRUE),MAX(VLOOKUP(AI5,'Table 26'!$E$2:$F$306,2,TRUE),VLOOKUP(AI5,'Table 26'!$G$2:$H$306,2,TRUE)),0) -> 0 | AL5: =SUM(AH5+AJ5+AK5+Y5+AA5+AC5+AD5+AE5+AF5) -> 0 | AM5: =V5-AL5 -> 0 | AN5: =O5*0.6 -> 0 | AP5: =AM5+AN5+AO5 -> 0 | AQ5: =V5*0.692% -> 0 | AR5: =O5*5.335 -> 0 | AS5: =2*O5 -> 0 | AT5: =0.04*O5 -> 0 | AV5: =(X5-134.62)*0.057 -> -7.67334 | AW5: =T5*0.04 -> 0
D6: janvier | V6: =T6+U6 -> 0 | X6: =V6+W6 -> 0 | Y6: =IF(AV6<0,0,(X6-134.62)*0.057) -> 0 | AA6: =V6*1.2% -> 0 | AC6: =V6*0.494% -> 0 | AG6: =V6-AD6-AE6-AF6 -> 0 | AH6: =IF(VLOOKUP(AG6,'Table 26'!$A$2:$C$438,2,TRUE)>=VLOOKUP(AG6,'Table 26'!$C$2:$D$438,2,TRUE),MAX(VLOOKUP(AG6,'Table 26'!$A$2:$B$438,2,TRUE),VLOOKUP(AG6,'Table 26'!$C$2:$D$438,2,TRUE)),0) -> 0 | AI6: =X6-AF6 -> 0 | AJ6: =IF(VLOOKUP(AI6,'Table 26'!$E$2:$F$306,2,TRUE)>=VLOOKUP(AI6,'Table 26'!$G$2:$H$306,2,TRUE),MAX(VLOOKUP(AI6,'Table 26'!$E$2:$F$306,2,TRUE),VLOOKUP(AI6,'Table 26'!$G$2:$H$306,2,TRUE)),0) -> 0 | AL6: =SUM(AH6+AJ6+AK6+Y6+AA6+AC6+AD6+AE6+AF6) -> 0 | AM6: =V6-AL6 -> 0 | AP6: =AM6+AN6+AO6 -> 0 | AQ6: =V6*0.692% -> 0 | AR6: =O6*5.335 -> 0 | AS6: =2*O6 -> 0 | AT6: =0.04*O6 -> 0 | AV6: =(X6-134.62)*0.057 -> -7.67334 | AW6: =T6*0.04 -> 0
D7: janvier | M7: 0 | V7: =T7+U7 -> 0 | W7: =O7*1.93 -> 0 | X7: =V7+W7 -> 0 | Y7: =IF(AV7<0,0,(X7-134.62)*0.057) -> 0 | AA7: =V7*1.2% -> 0 | AC7: =V7*0.494% -> 0 | AG7: =V7-AD7-AE7-AF7 -> 0 | AH7: =IF(VLOOKUP(AG7,'Table 26'!$A$2:$C$438,2,TRUE)>=VLOOKUP(AG7,'Table 26'!$C$2:$D$438,2,TRUE),MAX(VLOOKUP(AG7,'Table 26'!$A$2:$B$438,2,TRUE),VLOOKUP(AG7,'Table 26'!$C$2:$D$438,2,TRUE)),0) -> 0 | AJ7: =IF(VLOOKUP(AI7,'Table 26'!$E$2:$F$306,2,TRUE)>=VLOOKUP(AI7,'Table 26'!$G$2:$H$306,2,TRUE),MAX(VLOOKUP(AI7,'Table 26'!$E$2:$F$306,2,TRUE),VLOOKUP(AI7,'Table 26'!$G$2:$H$306,2,TRUE)),0) -> 0 | AL7: =SUM(AH7+AJ7+AK7+Y7+AA7+AC7+AD7+AE7+AF7) -> 0 | AM7: =V7-AL7 -> 0 | AN7: =O7*0.6 -> 0 | AP7: =AM7+AN7+AO7 -> 0 | AQ7: =V7*0.692% -> 0 | AR7: =O7*5.335 -> 0 | AS7: =2*O7 -> 0 | AT7: =0.04*O7 -> 0 | AV7: =(X7-134.62)*0.057 -> -7.67334 | AW7: =T7*0.04 -> 0
D8: janvier | V8: =T8+U8 -> 0 | W8: =O8*1.93 -> 0 | X8: =V8+W8 -> 0 | Y8: =IF(AV8<0,0,(X8-134.62)*0.057) -> 0 | AA8: =V8*1.2% -> 0 | AC8: =V8*0.494% -> 0 | AG8: =V8-AD8-AE8-AF8 -> 0 | AH8: =IF(VLOOKUP(AG8,'Table 26'!$A$2:$C$438,2,TRUE)>=VLOOKUP(AG8,'Table 26'!$C$2:$D$438,2,TRUE),MAX(VLOOKUP(AG8,'Table 26'!$A$2:$B$438,2,TRUE),VLOOKUP(AG8,'Table 26'!$C$2:$D$438,2,TRUE)),0) -> 0 | AI8: =X8-AF8 -> 0 | AJ8: =IF(VLOOKUP(AI8,'Table 26'!$E$2:$F$306,2,TRUE)>=VLOOKUP(AI8,'Table 26'!$G$2:$H$306,2,TRUE),MAX(VLOOKUP(AI8,'Table 26'!$E$2:$F$306,2,TRUE),VLOOKUP(AI8,'Table 26'!$G$2:$H$306,2,TRUE)),0) -> 0 | AL8: =SUM(AH8+AJ8+AK8+Y8+AA8+AC8+AD8+AE8+AF8) -> 0 | AM8: =V8-AL8 -> 0 | AN8: =O8*0.6 -> 0 | AP8: =AM8+AN8+AO8 -> 0 | AQ8: =V8*0.692% -> 0 | AR8: =O8*5.335 -> 0 | AS8: =2*O8 -> 0 | AT8: =0.04*O8 -> 0 | AV8: =(X8-134.62)*0.057 -> -7.67334 | AW8: =T8*0.04 -> 0
D9: Total mois | M9: 0 | N9: 0 | O9: =SUM(O5:O8) -> 0 | T9: =SUM(T4:T8) -> 0 | U9: =SUM(U4:U8) -> 0 | V9: =SUM(V4:V8) -> 0 | W9: =SUM(W4:W8) -> 0 | X9: =SUM(X4:X8) -> 0 | Y9: =SUM(Y4:Y8) -> 0 | Z9: =SUM(Z4:Z8) -> 0 | AA9: =SUM(AA4:AA8) -> 0 | ... AC9: =SUM(AC4:AC8) -> 0 | AE9: =SUM(AE4:AE8) -> 0 | AG9: =SUM(AG4:AG8) -> 0 | AH9: =SUM(AH4:AH8) -> 0 | AI9: =SUM(AI4:AI8) -> 0 | AJ9: =SUM(AJ4:AJ8) -> 0 | AL9: =SUM(AL4:AL8) -> 0 | AM9: =SUM(AM4:AM8) -> 0 | AN9: =SUM(AN4:AN8) -> 0 | AO9: =SUM(AO4:AO8) -> 0 | AP9: =SUM(AP4:AP8) -> 0 | AQ9: =SUM(AQ4:AQ8) -> 0 | AR9: =SUM(AR4:AR8) -> 0 | AS9: =SUM(AS4:AS8) -> 0 | ... AU9: =SUM(AU4:AU8) -> 0 | AW9: =SUM(AW4:AW8) -> 0
D11: Février | E11: 1 | M11: 0 | O11: 0 | P11: 28.75 | Q11: 503.5 | V11: =T11+U11 -> 0 | W11: =O11*1.879 -> 0 | X11: =V11+W11 -> 0 | Y11: =IF(AV11<0,0,(X11-134.62)*0.057) -> 0 | AA11: =V11*1.2% -> 0 | AC11: =V11*0.494% -> 0 | AG11: =V11-AD11-AE11-AF11 -> 0 | AH11: =IF(VLOOKUP(AG11,'Table 26'!$A$2:$C$438,2,TRUE)>=VLOOKUP(AG11,'Table 26'!$C$2:$D$438,2,TRUE),MAX(VLOOKUP(AG11,'Table 26'!$A$2:$B$438,2,TRUE),VLOOKUP(AG11,'Table 26'!$C$2:$D$438,2,TRUE)),0) -> 0 | AI11: =X11-AF11 -> 0 | AJ11: =IF(VLOOKUP(AI11,'Table 26'!$E$2:$F$306,2,TRUE)>=VLOOKUP(AI11,'Table 26'!$G$2:$H$306,2,TRUE),MAX(VLOOKUP(AI11,'Table 26'!$E$2:$F$306,2,TRUE),VLOOKUP(AI11,'Table 26'!$G$2:$H$306,2,TRUE)),0) -> 0 | AL11: =SUM(AH11+AJ11+AK11+Y11+AA11+AC11+AD11+AE11+AF11) -> 0 | AM11: =V11-AL11 -> 0 | AN11: =O11*0.6 -> 0 | AP11: =AM11+AN11+AO11 -> 0 | AQ11: =V11*0.692% -> 0 | AR11: =O11*5.335 -> 0 | AS11: =2*O11 -> 0 | AT11: =0.04*O11 -> 0 | AV11: =(X11-134.62)*0.057 -> -7.67334 | AW11: =T11*0.04 -> 0
C12: 3 | D12: Février | E12: 8 | M12: 0 | P12: 15 | Q12: 270 | R12: =P11+P12 -> 43.75 | S12: =Q11+Q12 -> 773.5 | T12: =Q11+Q12 -> 773.5 | V12: =T12+U12 -> 773.5 | W12: =O12*1.93 -> 0 | X12: =V12+W12 -> 773.5 | Y12: =IF(AV12<0,0,(X12-134.62)*0.057) -> 36.41616 | AA12: =V12*1.2% -> 9.282 | AC12: =V12*0.494% -> 3.82109 | AG12: =V12-AD12-AE12-AF12 -> 773.5 | AH12: =IF(VLOOKUP(AG12,'Table 26'!$A$2:$C$438,2,TRUE)>=VLOOKUP(AG12,'Table 26'!$C$2:$D$438,2,TRUE),MAX(VLOOKUP(AG12,'Table 26'!$A$2:$B$438,2,TRUE),VLOOKUP(AG12,'Table 26'!$C$2:$D$438,2,TRUE)),0) -> 25.6 | AI12: =X12-AF12 -> 773.5 | AJ12: =IF(VLOOKUP(AI12,'Table 26'!$E$2:$F$306,2,TRUE)>=VLOOKUP(AI12,'Table 26'!$G$2:$H$306,2,TRUE),MAX(VLOOKUP(AI12,'Table 26'!$E$2:$F$306,2,TRUE),VLOOKUP(AI12,'Table 26'!$G$2:$H$306,2,TRUE)),0) -> 19.78 | AL12: =SUM(AH12+AJ12+AK12+Y12+AA12+AC12+AD12+AE12+AF12) -> 94.89925 | AM12: =V12-AL12 -> 678.60075 | AN12: =O12*0.6 -> 0 | AO12: 54 | AP12: =AM12+AN12+AO12 -> 732.60075 | AQ12: =V12*0.692% -> 5.35262 | AR12: =O12*5.335 -> 0 | AS12: =2*O12 -> 0 | AT12: =0.04*O12 -> 0 | AV12: =(X12-134.62)*0.057 -> 36.41616 | AW12: =T12*0.04 -> 30.94
D13: Février | E13: 15 | M13: 0 | V13: =T13+U13 -> 0 | W13: =O13*1.93 -> 0 | X13: =V13+W13 -> 0 | Y13: =IF(AV13<0,0,(X13-134.62)*0.057) -> 0 | AA13: =V13*1.2% -> 0 | AC13: =V13*0.494% -> 0 | AG13: =V13-AD13-AE13-AF13 -> 0 | AH13: =IF(VLOOKUP(AG13,'Table 26'!$A$2:$C$438,2,TRUE)>=VLOOKUP(AG13,'Table 26'!$C$2:$D$438,2,TRUE),MAX(VLOOKUP(AG13,'Table 26'!$A$2:$B$438,2,TRUE),VLOOKUP(AG13,'Table 26'!$C$2:$D$438,2,TRUE)),0) -> 0 | AI13: =X13-AF13 -> 0 | AJ13: =IF(VLOOKUP(AI13,'Table 26'!$E$2:$F$306,2,TRUE)>=VLOOKUP(AI13,'Table 26'!$G$2:$H$306,2,TRUE),MAX(VLOOKUP(AI13,'Table 26'!$E$2:$F$306,2,TRUE),VLOOKUP(AI13,'Table 26'!$G$2:$H$306,2,TRUE)),0) -> 0 | AL13: =SUM(AH13+AJ13+AK13+Y13+AA13+AC13+AD13+AE13+AF13) -> 0 | AM13: =V13-AL13 -> 0 | AN13: =O13*0.6 -> 0 | AP13: =AM13+AN13+AO13 -> 0 | AQ13: =V13*0.692% -> 0 | AR13: =O13*5.335 -> 0 | AS13: =2*O13 -> 0 | AT13: =0.04*O13 -> 0 | AV13: =(X13-134.62)*0.057 -> -7.67334 | AW13: =T13*0.04 -> 0
C14: 4 | D14: Février | E14: 22 | M14: 0 | O14: 0 | R14: =P13+P14 -> 0 | S14: =Q13+Q14 -> 0 | V14: =T14+U14 -> 0 | W14: =O14*1.879 -> 0 | X14: =V14+W14 -> 0 | Y14: =IF(AV14<0,0,(X14-134.62)*0.057) -> 0 | AA14: =V14*1.2% -> 0 | AC14: =V14*0.494% -> 0 | AG14: =V14-AD14-AE14-AF14 -> 0 | AH14: =IF(VLOOKUP(AG14,'Table 26'!$A$2:$C$438,2,TRUE)>=VLOOKUP(AG14,'Table 26'!$C$2:$D$438,2,TRUE),MAX(VLOOKUP(AG14,'Table 26'!$A$2:$B$438,2,TRUE),VLOOKUP(AG14,'Table 26'!$C$2:$D$438,2,TRUE)),0) -> 0 | AJ14: =IF(VLOOKUP(AI14,'Table 26'!$E$2:$F$306,2,TRUE)>=VLOOKUP(AI14,'Table 26'!$G$2:$H$306,2,TRUE),MAX(VLOOKUP(AI14,'Table 26'!$E$2:$F$306,2,TRUE),VLOOKUP(AI14,'Table 26'!$G$2:$H$306,2,TRUE)),0) -> 0 | AL14: =SUM(AH14+AJ14+AK14+Y14+AA14+AC14+AD14+AE14+AF14) -> 0 | AM14: =V14-AL14 -> 0 | AN14: =O14*0.6 -> 0 | AP14: =AM14+AN14+AO14 -> 0 | AQ14: =V14*0.692% -> 0 | AR14: =O14*5.335 -> 0 | AS14: =2*O14 -> 0 | AT14: =0.04*O14 -> 0 | AV14: =(X14-134.62)*0.057 -> -7.67334 | AW14: =T14*0.04 -> 0
D15: Février | E15: 29 | AI15: =X15-AF15 -> 0 | AP15: =AM15+AN15+AO15 -> 0
D16: Total mois | M16: 0 | N16: 0 | O16: =SUM(O11:O14) -> 0 | T16: =SUM(T11:T15) -> 773.5 | U16: =SUM(U11:U15) -> 0 | V16: =SUM(V11:V15) -> 773.5 | W16: =SUM(W11:W15) -> 0 | X16: =SUM(X11:X15) -> 773.5 | Y16: =SUM(Y11:Y15) -> 36.41616 | Z16: =SUM(Z11:Z15) -> 0 | AA16: =SUM(AA11:AA15) -> 9.282 | ... AW16: =SUM(AW11:AW15) -> 30.94
C18: 5 | D18: Mars | E18: 7 | M18: 0 | O18: 0 | R18: =P15+P18 -> 0 | S18: =Q18+Q15 -> 0 | V18: =T18+U18 -> 0 | W18: =O18*1.879 -> 0 | X18: =V18+W18 -> 0 | Y18: =IF(AV18<0,0,(X18-134.62)*0.057) -> 0 | AA18: =V18*1.2% -> 0 | AC18: =V18*0.494% -> 0 | AG18: =V18-AD18-AE18-AF18 -> 0 | AH18: =IF(VLOOKUP(AG18,'Table 26'!$A$2:$C$438,2,TRUE)>=VLOOKUP(AG18,'Table 26'!$C$2:$D$438,2,TRUE),MAX(VLOOKUP(AG18,'Table 26'!$A$2:$B$438,2,TRUE),VLOOKUP(AG18,'Table 26'!$C$2:$D$438,2,TRUE)),0) -> 0 | AI18: =X18-AF18 -> 0 | AJ18: =IF(VLOOKUP(AI18,'Table 26'!$E$2:$F$306,2,TRUE)>=VLOOKUP(AI18,'Table 26'!$G$2:$H$306,2,TRUE),MAX(VLOOKUP(AI18,'Table 26'!$E$2:$F$306,2,TRUE),VLOOKUP(AI18,'Table 26'!$G$2:$H$306,2,TRUE)),0) -> 0 | AL18: =SUM(AH18+AJ18+AK18+Y18+AA18+AC18+AD18+AE18+AF18) -> 0 | AM18: =V18-AL18 -> 0 | AN18: =O18*0.6 -> 0 | AP18: =AM18+AN18+AO18 -> 0 | AQ18: =V18*0.692% -> 0 | AV18: =(X18-134.62)*0.057 -> -7.67334 | AW18: =T18*0.04 -> 0
D19: Mars | E19: 14 | M19: 0 | O19: 0 | V19: =T19+U19 -> 0 | W19: =O19*1.879 -> 0 | X19: =V19+W19 -> 0 | Y19: =IF(AV19<0,0,(X19-134.62)*0.057) -> 0 | AA19: =V19*1.2% -> 0 | AC19: =V19*0.494% -> 0 | AG19: =V19-AD19-AE19-AF19 -> 0 | AH19: =IF(VLOOKUP(AG19,'Table 26'!$A$2:$C$438,2,TRUE)>=VLOOKUP(AG19,'Table 26'!$C$2:$D$438,2,TRUE),MAX(VLOOKUP(AG19,'Table 26'!$A$2:$B$438,2,TRUE),VLOOKUP(AG19,'Table 26'!$C$2:$D$438,2,TRUE)),0) -> 0 | AI19: =X19-AF19 -> 0 | AJ19: =IF(VLOOKUP(AI19,'Table 26'!$E$2:$F$306,2,TRUE)>=VLOOKUP(AI19,'Table 26'!$G$2:$H$306,2,TRUE),MAX(VLOOKUP(AI19,'Table 26'!$E$2:$F$306,2,TRUE),VLOOKUP(AI19,'Table 26'!$G$2:$H$306,2,TRUE)),0) -> 0 | AL19: =SUM(AH19+AJ19+AK19+Y19+AA19+AC19+AD19+AE19+AF19) -> 0 | AM19: =V19-AL19 -> 0 | AN19: =O19*0.6 -> 0 | AP19: =AM19+AN19+AO19 -> 0 | AQ19: =V19*0.692% -> 0 | AR19: =O19*5.335 -> 0 | AS19: =2*O19 -> 0 | AT19: =0.04*O19 -> 0 | AV19: =(X19-134.62)*0.057 -> -7.67334 | AW19: =T19*0.04 -> 0
C20: 6 | D20: Mars | E20: 21 | M20: 0 | O20: 0 | R20: =P19+P20 -> 0 | S20: =Q19+Q20 -> 0 | V20: =T20+U20 -> 0 | W20: =O20*1.879 -> 0 | X20: =V20+W20 -> 0 | Y20: =IF(AV20<0,0,(X20-134.62)*0.057) -> 0 | AA20: =V20*1.2% -> 0 | AC20: =V20*0.494% -> 0 | AG20: =V20-AD20-AE20-AF20 -> 0 | AH20: =IF(VLOOKUP(AG20,'Table 26'!$A$2:$C$438,2,TRUE)>=VLOOKUP(AG20,'Table 26'!$C$2:$D$438,2,TRUE),MAX(VLOOKUP(AG20,'Table 26'!$A$2:$B$438,2,TRUE),VLOOKUP(AG20,'Table 26'!$C$2:$D$438,2,TRUE)),0) -> 0 | AI20: =X20-AF20 -> 0 | AJ20: =IF(VLOOKUP(AI20,'Table 26'!$E$2:$F$306,2,TRUE)>=VLOOKUP(AI20,'Table 26'!$G$2:$H$306,2,TRUE),MAX(VLOOKUP(AI20,'Table 26'!$E$2:$F$306,2,TRUE),VLOOKUP(AI20,'Table 26'!$G$2:$H$306,2,TRUE)),0) -> 0 | AL20: =SUM(AH20+AJ20+AK20+Y20+AA20+AC20+AD20+AE20+AF20) -> 0 | AM20: =V20-AL20 -> 0 | AN20: =O20*0.6 -> 0 | AP20: =AM20+AN20+AO20 -> 0 | AQ20: =V20*0.692% -> 0 | AR20: =O20*5.335 -> 0 | AS20: =2*O20 -> 0 | AT20: =0.04*O20 -> 0 | AV20: =(X20-134.62)*0.057 -> -7.67334 | AW20: =T20*0.04 -> 0
D21: Mars | E21: 28 | M21: 0 | O21: 0 | V21: =T21+U21 -> 0 | W21: =O21*1.879 -> 0 | X21: =V21+W21 -> 0 | Y21: =IF(AV21<0,0,(X21-134.62)*0.057) -> 0 | AA21: =V21*1.2% -> 0 | AC21: =V21*0.494% -> 0 | AG21: =V21-AD21-AE21-AF21 -> 0 | AH21: =IF(VLOOKUP(AG21,'Table 26'!$A$2:$C$438,2,TRUE)>=VLOOKUP(AG21,'Table 26'!$C$2:$D$438,2,TRUE),MAX(VLOOKUP(AG21,'Table 26'!$A$2:$B$438,2,TRUE),VLOOKUP(AG21,'Table 26'!$C$2:$D$438,2,TRUE)),0) -> 0 | AJ21: =IF(VLOOKUP(AI21,'Table 26'!$E$2:$F$306,2,TRUE)>=VLOOKUP(AI21,'Table 26'!$G$2:$H$306,2,TRUE),MAX(VLOOKUP(AI21,'Table 26'!$E$2:$F$306,2,TRUE),VLOOKUP(AI21,'Table 26'!$G$2:$H$306,2,TRUE)),0) -> 0 | AL21: =SUM(AH21+AJ21+AK21+Y21+AA21+AC21+AD21+AE21+AF21) -> 0 | AM21: =V21-AL21 -> 0 | AN21: =O21*0.6 -> 0 | AP21: =AM21+AN21+AO21 -> 0 | AQ21: =V21*0.692% -> 0 | AR21: =O21*5.335 -> 0 | AS21: =2*O21 -> 0 | AT21: =0.04*O21 -> 0 | AV21: =(X21-134.62)*0.057 -> -7.67334 | AW21: =T21*0.04 -> 0
D22: Mars | M22: 0 | O22: 0 | V22: =T22+U22 -> 0 | W22: =O22*1.879 -> 0 | X22: =V22+W22 -> 0 | Y22: =IF(AV22<0,0,(X22-134.62)*0.057) -> 0 | AA22: =V22*1.2% -> 0 | AC22: =V22*0.494% -> 0 | AG22: =V22-AD22-AE22-AF22 -> 0 | AH22: =IF(VLOOKUP(AG22,'Table 26'!$A$2:$C$438,2,TRUE)>=VLOOKUP(AG22,'Table 26'!$C$2:$D$438,2,TRUE),MAX(VLOOKUP(AG22,'Table 26'!$A$2:$B$438,2,TRUE),VLOOKUP(AG22,'Table 26'!$C$2:$D$438,2,TRUE)),0) -> 0 | AI22: =X22-AF22 -> 0 | AJ22: =IF(VLOOKUP(AI22,'Table 26'!$E$2:$F$306,2,TRUE)>=VLOOKUP(AI22,'Table 26'!$G$2:$H$306,2,TRUE),MAX(VLOOKUP(AI22,'Table 26'!$E$2:$F$306,2,TRUE),VLOOKUP(AI22,'Table 26'!$G$2:$H$306,2,TRUE)),0) -> 0 | AL22: =SUM(AH22+AJ22+AK22+Y22+AA22+AC22+AD22+AE22+AF22) -> 0 | AM22: =V22-AL22 -> 0 | AN22: =O22*0.6 -> 0 | AP22: =AM22+AN22+AO22 -> 0 | AQ22: =V22*0.692% -> 0 | AR22: =O22*5.335 -> 0 | AS22: =2*O22 -> 0 | AT22: =0.04*O22 -> 0 | AV22: =(X22-134.62)*0.057 -> -7.67334 | AW22: =T22*0.04 -> 0
D23: Total mois | M23: 0 | N23: 0 | O23: 0 | T23: =SUM(T18:T22) -> 0 | U23: =SUM(U18:U22) -> 0 | V23: =SUM(V18:V22) -> 0 | W23: =SUM(W18:W22) -> 0 | X23: =SUM(X18:X22) -> 0 | Y23: =SUM(Y18:Y22) -> 0 | Z23: =SUM(Z18:Z22) -> 0 | AA23: =SUM(AA18:AA22) -> 0 | ... AC23: =SUM(AC18:AC22) -> 0 | AE23: =SUM(AE18:AE22) -> 0 | AG23: =SUM(AG18:AG22) -> 0 | AH23: =SUM(AH18:AH22) -> 0 | AI23: =SUM(AI18:AI22) -> 0 | AJ23: =SUM(AJ18:AJ22) -> 0 | AL23: =SUM(AL18:AL22) -> 0 | AM23: =SUM(AM18:AM22) -> 0 | AN23: =SUM(AN18:AN22) -> 0 | AO23: =SUM(AO18:AO22) -> 0 | AP23: =SUM(AP18:AP22) -> 0 | AQ23: =SUM(AQ18:AQ22) -> 0 | AR23: =SUM(AR18:AR22) -> 0 | AS23: =SUM(AS18:AS22) -> 0 | ... AU23: =SUM(AU18:AU22) -> 0 | AW23: =SUM(AW18:AW22) -> 0
C25: 7 | D25: Avril | E25: 4 | M25: 0 | O25: 0 | R25: =P21+P25 -> 0 | S25: =Q21+Q25 -> 0 | V25: =T25+U25 -> 0 | W25: =O25*1.879 -> 0 | X25: =V25+W25 -> 0 | Y25: =IF(AV25<0,0,(X25-134.62)*0.057) -> 0 | AA25: =V25*1.2% -> 0 | AC25: =V25*0.494% -> 0 | AG25: =V25-AD25-AE25-AF25 -> 0 | AH25: =IF(VLOOKUP(AG25,'Table 26'!$A$2:$C$438,2,TRUE)>=VLOOKUP(AG25,'Table 26'!$C$2:$D$438,2,TRUE),MAX(VLOOKUP(AG25,'Table 26'!$A$2:$B$438,2,TRUE),VLOOKUP(AG25,'Table 26'!$C$2:$D$438,2,TRUE)),0) -> 0 | AI25: =X25-AF25 -> 0 | AJ25: =IF(VLOOKUP(AI25,'Table 26'!$E$2:$F$306,2,TRUE)>=VLOOKUP(AI25,'Table 26'!$G$2:$H$306,2,TRUE),MAX(VLOOKUP(AI25,'Table 26'!$E$2:$F$306,2,TRUE),VLOOKUP(AI25,'Table 26'!$G$2:$H$306,2,TRUE)),0) -> 0 | AL25: =SUM(AH25+AJ25+AK25+Y25+AA25+AC25+AD25+AE25+AF25) -> 0 | AM25: =V25-AL25 -> 0 | AN25: =O25*0.6 -> 0 | AP25: =AM25+AN25+AO25 -> 0 | AQ25: =V25*0.692% -> 0 | AV25: =(X25-134.62)*0.057 -> -7.67334 | AW25: =T25*0.04 -> 0
D26: Avril | E26: 11 | M26: 0 | O26: 0 | V26: =T26+U26 -> 0 | W26: =O26*1.879 -> 0 | X26: =V26+W26 -> 0 | Y26: =IF(AV26<0,0,(X26-134.62)*0.057) -> 0 | AA26: =V26*1.2% -> 0 | AC26: =V26*0.494% -> 0 | AG26: =V26-AD26-AE26-AF26 -> 0 | AH26: =IF(VLOOKUP(AG26,'Table 26'!$A$2:$C$438,2,TRUE)>=VLOOKUP(AG26,'Table 26'!$C$2:$D$438,2,TRUE),MAX(VLOOKUP(AG26,'Table 26'!$A$2:$B$438,2,TRUE),VLOOKUP(AG26,'Table 26'!$C$2:$D$438,2,TRUE)),0) -> 0 | AI26: =X26-AF26 -> 0 | AJ26: =IF(VLOOKUP(AI26,'Table 26'!$E$2:$F$306,2,TRUE)>=VLOOKUP(AI26,'Table 26'!$G$2:$H$306,2,TRUE),MAX(VLOOKUP(AI26,'Table 26'!$E$2:$F$306,2,TRUE),VLOOKUP(AI26,'Table 26'!$G$2:$H$306,2,TRUE)),0) -> 0 | AL26: =SUM(AH26+AJ26+AK26+Y26+AA26+AC26+AD26+AE26+AF26) -> 0 | AM26: =V26-AL26 -> 0 | AN26: =O26*0.6 -> 0 | AP26: =AM26+AN26+AO26 -> 0 | AQ26: =V26*0.692% -> 0 | AR26: =O26*5.335 -> 0 | AS26: =2*O26 -> 0 | AT26: =0.04*O26 -> 0 | AV26: =(X26-134.62)*0.057 -> -7.67334 | AW26: =T26*0.04 -> 0
C27: 8 | D27: Avril | E27: 18 | M27: 0 | O27: 0 | R27: =P26+P27 -> 0 | S27: =Q26+Q27 -> 0 | V27: =T27+U27 -> 0 | W27: =O27*1.879 -> 0 | X27: =V27+W27 -> 0 | Y27: =IF(AV27<0,0,(X27-134.62)*0.057) -> 0 | AA27: =V27*1.2% -> 0 | AC27: =V27*0.494% -> 0 | AG27: =V27-AD27-AE27-AF27 -> 0 | AH27: =IF(VLOOKUP(AG27,'Table 26'!$A$2:$C$438,2,TRUE)>=VLOOKUP(AG27,'Table 26'!$C$2:$D$438,2,TRUE),MAX(VLOOKUP(AG27,'Table 26'!$A$2:$B$438,2,TRUE),VLOOKUP(AG27,'Table 26'!$C$2:$D$438,2,TRUE)),0) -> 0 | AI27: =X27-AF27 -> 0 | AJ27: =IF(VLOOKUP(AI27,'Table 26'!$E$2:$F$306,2,TRUE)>=VLOOKUP(AI27,'Table 26'!$G$2:$H$306,2,TRUE),MAX(VLOOKUP(AI27,'Table 26'!$E$2:$F$306,2,TRUE),VLOOKUP(AI27,'Table 26'!$G$2:$H$306,2,TRUE)),0) -> 0 | AL27: =SUM(AH27+AJ27+AK27+Y27+AA27+AC27+AD27+AE27+AF27) -> 0 | AM27: =V27-AL27 -> 0 | AN27: =O27*0.6 -> 0 | AP27: =AM27+AN27+AO27 -> 0 | AQ27: =V27*0.692% -> 0 | AR27: =O27*5.335 -> 0 | AS27: =2*O27 -> 0 | AT27: =0.04*O27 -> 0 | AV27: =(X27-134.62)*0.057 -> -7.67334 | AW27: =T27*0.04 -> 0
D28: Avril | E28: 25 | V28: =T28+U28 -> 0 | W28: =O28*1.879 -> 0 | X28: =V28+W28 -> 0 | Y28: =IF(AV28<0,0,(X28-134.62)*0.057) -> 0 | AA28: =V28*1.2% -> 0 | AC28: =V28*0.494% -> 0 | AG28: =V28-AD28-AE28-AF28 -> 0 | AH28: =IF(VLOOKUP(AG28,'Table 26'!$A$2:$C$438,2,TRUE)>=VLOOKUP(AG28,'Table 26'!$C$2:$D$438,2,TRUE),MAX(VLOOKUP(AG28,'Table 26'!$A$2:$B$438,2,TRUE),VLOOKUP(AG28,'Table 26'!$C$2:$D$438,2,TRUE)),0) -> 0 | AJ28: =IF(VLOOKUP(AI28,'Table 26'!$E$2:$F$306,2,TRUE)>=VLOOKUP(AI28,'Table 26'!$G$2:$H$306,2,TRUE),MAX(VLOOKUP(AI28,'Table 26'!$E$2:$F$306,2,TRUE),VLOOKUP(AI28,'Table 26'!$G$2:$H$306,2,TRUE)),0) -> 0 | AL28: =SUM(AH28+AJ28+AK28+Y28+AA28+AC28+AD28+AE28+AF28) -> 0 | AM28: =V28-AL28 -> 0 | AN28: =O28*0.6 -> 0 | AP28: =AM28+AN28+AO28 -> 0 | AQ28: =V28*0.692% -> 0 | AR28: =O28*5.335 -> 0 | AS28: =2*O28 -> 0 | AT28: =0.04*O28 -> 0 | AV28: =(X28-134.62)*0.057 -> -7.67334 | AW28: =T28*0.04 -> 0
D29: Avril | M29: 0 | O29: 0 | V29: =T29+U29 -> 0 | W29: =O29*1.879 -> 0 | X29: =V29+W29 -> 0 | Y29: =IF(AV29<0,0,(X29-134.62)*0.057) -> 0 | AA29: =V29*1.2% -> 0 | AC29: =V29*0.494% -> 0 | AG29: =V29-AD29-AE29-AF29 -> 0 | AH29: =IF(VLOOKUP(AG29,'Table 26'!$A$2:$C$438,2,TRUE)>=VLOOKUP(AG29,'Table 26'!$C$2:$D$438,2,TRUE),MAX(VLOOKUP(AG29,'Table 26'!$A$2:$B$438,2,TRUE),VLOOKUP(AG29,'Table 26'!$C$2:$D$438,2,TRUE)),0) -> 0 | AI29: =X29-AF29 -> 0 | AJ29: =IF(VLOOKUP(AI29,'Table 26'!$E$2:$F$306,2,TRUE)>=VLOOKUP(AI29,'Table 26'!$G$2:$H$306,2,TRUE),MAX(VLOOKUP(AI29,'Table 26'!$E$2:$F$306,2,TRUE),VLOOKUP(AI29,'Table 26'!$G$2:$H$306,2,TRUE)),0) -> 0 | AL29: =SUM(AH29+AJ29+AK29+Y29+AA29+AC29+AD29+AE29+AF29) -> 0 | AM29: =V29-AL29 -> 0 | AN29: =O29*0.6 -> 0 | AP29: =AM29+AN29+AO29 -> 0 | AQ29: =V29*0.692% -> 0 | AR29: =O29*5.335 -> 0 | AS29: =2*O29 -> 0 | AT29: =0.04*O29 -> 0 | AV29: =(X29-134.62)*0.057 -> -7.67334 | AW29: =T29*0.04 -> 0
D30: total mois | M30: 0 | N30: 0 | O30: 0 | T30: =SUM(T25:T29) -> 0 | U30: =SUM(U25:U29) -> 0 | V30: =SUM(V25:V29) -> 0 | W30: =SUM(W25:W29) -> 0 | X30: =SUM(X25:X29) -> 0 | Y30: =SUM(Y25:Y29) -> 0 | Z30: =SUM(Z25:Z29) -> 0 | AA30: =SUM(AA25:AA29) -> 0 | ... AC30: =SUM(AC25:AC29) -> 0 | AE30: =SUM(AE25:AE29) -> 0 | AG30: =SUM(AG25:AG29) -> 0 | AH30: =SUM(AH25:AH29) -> 0 | AI30: =SUM(AI25:AI29) -> 0 | AJ30: =SUM(AJ25:AJ29) -> 0 | AL30: =SUM(AL25:AL29) -> 0 | AM30: =SUM(AM25:AM29) -> 0 | AN30: =SUM(AN25:AN29) -> 0 | AO30: =SUM(AO25:AO29) -> 0 | AP30: =SUM(AP25:AP29) -> 0 | AQ30: =SUM(AQ25:AQ29) -> 0 | AR30: =SUM(AR25:AR29) -> 0 | AS30: =SUM(AS25:AS29) -> 0 | ... AU30: =SUM(AU25:AU29) -> 0 | AW30: =SUM(AW25:AW29) -> 0
C32: 9 | D32: Mai | E32: 2 | M32: 0 | O32: 0 | R32: =P28+P32 -> 0 | S32: =Q28+Q32 -> 0 | V32: =T32+U32 -> 0 | W32: =O32*1.879 -> 0 | X32: =V32+W32 -> 0 | Y32: =IF(AV32<0,0,(X32-134.62)*0.057) -> 0 | AA32: =V32*1.2% -> 0 | AC32: =V32*0.494% -> 0 | AG32: =V32-AD32-AE32-AF32 -> 0 | AH32: =IF(VLOOKUP(AG32,'Table 26'!$A$2:$C$438,2,TRUE)>=VLOOKUP(AG32,'Table 26'!$C$2:$D$438,2,TRUE),MAX(VLOOKUP(AG32,'Table 26'!$A$2:$B$438,2,TRUE),VLOOKUP(AG32,'Table 26'!$C$2:$D$438,2,TRUE)),0) -> 0 | AI32: =X32-AF32 -> 0 | AJ32: =IF(VLOOKUP(AI32,'Table 26'!$E$2:$F$306,2,TRUE)>=VLOOKUP(AI32,'Table 26'!$G$2:$H$306,2,TRUE),MAX(VLOOKUP(AI32,'Table 26'!$E$2:$F$306,2,TRUE),VLOOKUP(AI32,'Table 26'!$G$2:$H$306,2,TRUE)),0) -> 0 | AL32: =SUM(AH32+AJ32+AK32+Y32+AA32+AC32+AD32+AE32+AF32) -> 0 | AM32: =V32-AL32 -> 0 | AN32: =O32*0.6 -> 0 | AP32: =AM32+AN32+AO32 -> 0 | AQ32: =V32*0.692% -> 0 | AV32: =(X32-134.62)*0.057 -> -7.67334 | AW32: =T32*0.04 -> 0
D33: Mai | E33: 9 | M33: 0 | O33: 0 | V33: =T33+U33 -> 0 | W33: =O33*1.879 -> 0 | X33: =V33+W33 -> 0 | Y33: =IF(AV33<0,0,(X33-134.62)*0.057) -> 0 | AA33: =V33*1.2% -> 0 | AC33: =V33*0.494% -> 0 | AG33: =V33-AD33-AE33-AF33 -> 0 | AH33: =IF(VLOOKUP(AG33,'Table 26'!$A$2:$C$438,2,TRUE)>=VLOOKUP(AG33,'Table 26'!$C$2:$D$438,2,TRUE),MAX(VLOOKUP(AG33,'Table 26'!$A$2:$B$438,2,TRUE),VLOOKUP(AG33,'Table 26'!$C$2:$D$438,2,TRUE)),0) -> 0 | AI33: =X33-AF33 -> 0 | AJ33: =IF(VLOOKUP(AI33,'Table 26'!$E$2:$F$306,2,TRUE)>=VLOOKUP(AI33,'Table 26'!$G$2:$H$306,2,TRUE),MAX(VLOOKUP(AI33,'Table 26'!$E$2:$F$306,2,TRUE),VLOOKUP(AI33,'Table 26'!$G$2:$H$306,2,TRUE)),0) -> 0 | AL33: =SUM(AH33+AJ33+AK33+Y33+AA33+AC33+AD33+AE33+AF33) -> 0 | AM33: =V33-AL33 -> 0 | AN33: =O33*0.6 -> 0 | AP33: =AM33+AN33+AO33 -> 0 | AQ33: =V33*0.692% -> 0 | AR33: =O33*5.335 -> 0 | AS33: =2*O33 -> 0 | AT33: =0.04*O33 -> 0 | AV33: =(X33-134.62)*0.057 -> -7.67334 | AW33: =T33*0.04 -> 0
C34: 10 | D34: Mai | E34: 16 | M34: 0 | O34: 0 | R34: =P33+P34 -> 0 | S34: =Q33+Q34 -> 0 | V34: =T34+U34 -> 0 | W34: =O34*1.879 -> 0 | X34: =V34+W34 -> 0 | Y34: =IF(AV34<0,0,(X34-134.62)*0.057) -> 0 | AA34: =V34*1.2% -> 0 | AC34: =V34*0.494% -> 0 | AG34: =V34-AD34-AE34-AF34 -> 0 | AH34: =IF(VLOOKUP(AG34,'Table 26'!$A$2:$C$438,2,TRUE)>=VLOOKUP(AG34,'Table 26'!$C$2:$D$438,2,TRUE),MAX(VLOOKUP(AG34,'Table 26'!$A$2:$B$438,2,TRUE),VLOOKUP(AG34,'Table 26'!$C$2:$D$438,2,TRUE)),0) -> 0 | AI34: =X34-AF34 -> 0 | AJ34: =IF(VLOOKUP(AI34,'Table 26'!$E$2:$F$306,2,TRUE)>=VLOOKUP(AI34,'Table 26'!$G$2:$H$306,2,TRUE),MAX(VLOOKUP(AI34,'Table 26'!$E$2:$F$306,2,TRUE),VLOOKUP(AI34,'Table 26'!$G$2:$H$306,2,TRUE)),0) -> 0 | AL34: =SUM(AH34+AJ34+AK34+Y34+AA34+AC34+AD34+AE34+AF34) -> 0 | AM34: =V34-AL34 -> 0 | AN34: =O34*0.6 -> 0 | AP34: =AM34+AN34+AO34 -> 0 | AQ34: =V34*0.692% -> 0 | AR34: =O34*5.335 -> 0 | AS34: =2*O34 -> 0 | AT34: =0.04*O34 -> 0 | AV34: =(X34-134.62)*0.057 -> -7.67334 | AW34: =T34*0.04 -> 0
D35: Mai | E35: 23 | M35: 0 | O35: 0 | V35: =T35+U35 -> 0 | W35: =O35*1.879 -> 0 | X35: =V35+W35 -> 0 | Y35: =IF(AV35<0,0,(X35-134.62)*0.057) -> 0 | AA35: =V35*1.2% -> 0 | AC35: =V35*0.494% -> 0 | AG35: =V35-AD35-AE35-AF35 -> 0 | AH35: =IF(VLOOKUP(AG35,'Table 26'!$A$2:$C$438,2,TRUE)>=VLOOKUP(AG35,'Table 26'!$C$2:$D$438,2,TRUE),MAX(VLOOKUP(AG35,'Table 26'!$A$2:$B$438,2,TRUE),VLOOKUP(AG35,'Table 26'!$C$2:$D$438,2,TRUE)),0) -> 0 | AJ35: =IF(VLOOKUP(AI35,'Table 26'!$E$2:$F$306,2,TRUE)>=VLOOKUP(AI35,'Table 26'!$G$2:$H$306,2,TRUE),MAX(VLOOKUP(AI35,'Table 26'!$E$2:$F$306,2,TRUE),VLOOKUP(AI35,'Table 26'!$G$2:$H$306,2,TRUE)),0) -> 0 | AL35: =SUM(AH35+AJ35+AK35+Y35+AA35+AC35+AD35+AE35+AF35) -> 0 | AM35: =V35-AL35 -> 0 | AN35: =O35*0.6 -> 0 | AP35: =AM35+AN35+AO35 -> 0 | AQ35: =V35*0.692% -> 0 | AR35: =O35*5.335 -> 0 | AS35: =2*O35 -> 0 | AT35: =0.04*O35 -> 0 | AV35: =(X35-134.62)*0.057 -> -7.67334 | AW35: =T35*0.04 -> 0
C36: 11 | D36: Mai | E36: 30 | R36: =P35+P36 -> 0 | S36: =Q35+Q36 -> 0 | V36: =T36+U36 -> 0 | W36: =O36*1.879 -> 0 | X36: =V36+W36 -> 0 | Y36: =IF(AV36<0,0,(X36-134.62)*0.057) -> 0 | AA36: =V36*1.2% -> 0 | AC36: =V36*0.494% -> 0 | AG36: =V36-AD36-AE36-AF36 -> 0 | AH36: =IF(VLOOKUP(AG36,'Table 26'!$A$2:$C$438,2,TRUE)>=VLOOKUP(AG36,'Table 26'!$C$2:$D$438,2,TRUE),MAX(VLOOKUP(AG36,'Table 26'!$A$2:$B$438,2,TRUE),VLOOKUP(AG36,'Table 26'!$C$2:$D$438,2,TRUE)),0) -> 0 | AI36: =X36-AF36 -> 0 | AJ36: =IF(VLOOKUP(AI36,'Table 26'!$E$2:$F$306,2,TRUE)>=VLOOKUP(AI36,'Table 26'!$G$2:$H$306,2,TRUE),MAX(VLOOKUP(AI36,'Table 26'!$E$2:$F$306,2,TRUE),VLOOKUP(AI36,'Table 26'!$G$2:$H$306,2,TRUE)),0) -> 0 | AL36: =SUM(AH36+AJ36+AK36+Y36+AA36+AC36+AD36+AE36+AF36) -> 0 | AM36: =V36-AL36 -> 0 | AN36: =O36*0.6 -> 0 | AP36: =AM36+AN36+AO36 -> 0 | AQ36: =V36*0.692% -> 0 | AR36: =O36*5.335 -> 0 | AS36: =2*O36 -> 0 | AT36: =0.04*O36 -> 0 | AV36: =(X36-134.62)*0.057 -> -7.67334 | AW36: =T36*0.04 -> 0
D37: total mois | M37: 0 | N37: 0 | O37: 0 | T37: =SUM(T32:T36) -> 0 | U37: =SUM(U32:U36) -> 0 | V37: =SUM(V32:V36) -> 0 | W37: =SUM(W32:W36) -> 0 | X37: =SUM(X32:X36) -> 0 | Y37: =SUM(Y32:Y36) -> 0 | Z37: =SUM(Z32:Z36) -> 0 | AA37: =SUM(AA32:AA36) -> 0 | ... AC37: =SUM(AC32:AC36) -> 0 | AE37: =SUM(AE32:AE36) -> 0 | AG37: =SUM(AG32:AG36) -> 0 | AH37: =SUM(AH32:AH36) -> 0 | AI37: =SUM(AI32:AI36) -> 0 | AJ37: =SUM(AJ32:AJ36) -> 0 | AL37: =SUM(AL32:AL36) -> 0 | AM37: =SUM(AM32:AM36) -> 0 | AN37: =SUM(AN32:AN36) -> 0 | AO37: =SUM(AO32:AO36) -> 0 | AP37: =SUM(AP32:AP36) -> 0 | AQ37: =SUM(AQ32:AQ36) -> 0 | AR37: =SUM(AR32:AR36) -> 0 | AS37: =SUM(AS32:AS36) -> 0 | ... AU37: =SUM(AU32:AU36) -> 0 | AW37: =SUM(AW32:AW36) -> 0
D39: Juin | E39: 6 | M39: 0 | O39: 0 | V39: =T39+U39 -> 0 | W39: =O39*1.879 -> 0 | X39: =V39+W39 -> 0 | Y39: =IF(AV39<0,0,(X39-134.62)*0.057) -> 0 | AA39: =V39*1.2% -> 0 | AC39: =V39*0.494% -> 0 | AG39: =V39-AD39-AE39-AF39 -> 0 | AH39: =IF(VLOOKUP(AG39,'Table 26'!$A$2:$C$438,2,TRUE)>=VLOOKUP(AG39,'Table 26'!$C$2:$D$438,2,TRUE),MAX(VLOOKUP(AG39,'Table 26'!$A$2:$B$438,2,TRUE),VLOOKUP(AG39,'Table 26'!$C$2:$D$438,2,TRUE)),0) -> 0 | AI39: =X39-AF39 -> 0 | AJ39: =IF(VLOOKUP(AI39,'Table 26'!$E$2:$F$306,2,TRUE)>=VLOOKUP(AI39,'Table 26'!$G$2:$H$306,2,TRUE),MAX(VLOOKUP(AI39,'Table 26'!$E$2:$F$306,2,TRUE),VLOOKUP(AI39,'Table 26'!$G$2:$H$306,2,TRUE)),0) -> 0 | AL39: =SUM(AH39+AJ39+AK39+Y39+AA39+AC39+AD39+AE39+AF39) -> 0 | AM39: =V39-AL39 -> 0 | AN39: =O39*0.6 -> 0 | AP39: =AM39+AN39+AO39 -> 0 | AQ39: =V39*0.692% -> 0 | AV39: =(X39-134.62)*0.057 -> -7.67334 | AW39: =T39*0.04 -> 0
C40: 12 | D40: Juin | E40: 13 | M40: 0 | O40: 0 | R40: =P39+P40 -> 0 | S40: =Q39+Q40 -> 0 | V40: =T40+U40 -> 0 | W40: =O40*1.879 -> 0 | X40: =V40+W40 -> 0 | Y40: =IF(AV40<0,0,(X40-134.62)*0.057) -> 0 | AA40: =V40*1.2% -> 0 | AC40: =V40*0.494% -> 0 | AG40: =V40-AD40-AE40-AF40 -> 0 | AH40: =IF(VLOOKUP(AG40,'Table 26'!$A$2:$C$438,2,TRUE)>=VLOOKUP(AG40,'Table 26'!$C$2:$D$438,2,TRUE),MAX(VLOOKUP(AG40,'Table 26'!$A$2:$B$438,2,TRUE),VLOOKUP(AG40,'Table 26'!$C$2:$D$438,2,TRUE)),0) -> 0 | AI40: =X40-AF40 -> 0 | AJ40: =IF(VLOOKUP(AI40,'Table 26'!$E$2:$F$306,2,TRUE)>=VLOOKUP(AI40,'Table 26'!$G$2:$H$306,2,TRUE),MAX(VLOOKUP(AI40,'Table 26'!$E$2:$F$306,2,TRUE),VLOOKUP(AI40,'Table 26'!$G$2:$H$306,2,TRUE)),0) -> 0 | AL40: =SUM(AH40+AJ40+AK40+Y40+AA40+AC40+AD40+AE40+AF40) -> 0 | AM40: =V40-AL40 -> 0 | AN40: =O40*0.6 -> 0 | AP40: =AM40+AN40+AO40 -> 0 | AQ40: =V40*0.692% -> 0 | AR40: =O40*5.335 -> 0 | AS40: =2*O40 -> 0 | AT40: =0.04*O40 -> 0 | AV40: =(X40-134.62)*0.057 -> -7.67334 | AW40: =T40*0.04 -> 0
D41: Juin | E41: 20 | M41: 0 | O41: 0 | V41: =T41+U41 -> 0 | W41: =O41*1.879 -> 0 | X41: =V41+W41 -> 0 | Y41: =IF(AV41<0,0,(X41-134.62)*0.057) -> 0 | AA41: =V41*1.2% -> 0 | AC41: =V41*0.494% -> 0 | AG41: =V41-AD41-AE41-AF41 -> 0 | AH41: =IF(VLOOKUP(AG41,'Table 26'!$A$2:$C$438,2,TRUE)>=VLOOKUP(AG41,'Table 26'!$C$2:$D$438,2,TRUE),MAX(VLOOKUP(AG41,'Table 26'!$A$2:$B$438,2,TRUE),VLOOKUP(AG41,'Table 26'!$C$2:$D$438,2,TRUE)),0) -> 0 | AI41: =X41-AF41 -> 0 | AJ41: =IF(VLOOKUP(AI41,'Table 26'!$E$2:$F$306,2,TRUE)>=VLOOKUP(AI41,'Table 26'!$G$2:$H$306,2,TRUE),MAX(VLOOKUP(AI41,'Table 26'!$E$2:$F$306,2,TRUE),VLOOKUP(AI41,'Table 26'!$G$2:$H$306,2,TRUE)),0) -> 0 | AL41: =SUM(AH41+AJ41+AK41+Y41+AA41+AC41+AD41+AE41+AF41) -> 0 | AM41: =V41-AL41 -> 0 | AN41: =O41*0.6 -> 0 | AP41: =AM41+AN41+AO41 -> 0 | AQ41: =V41*0.692% -> 0 | AR41: =O41*5.335 -> 0 | AS41: =2*O41 -> 0 | AT41: =0.04*O41 -> 0 | AV41: =(X41-134.62)*0.057 -> -7.67334 | AW41: =T41*0.04 -> 0
C42: 13 | D42: Juin | E42: 27 | M42: 0 | O42: 0 | R42: =P41+P42 -> 0 | S42: =Q41+Q42 -> 0 | V42: =T42+U42 -> 0 | W42: =O42*1.879 -> 0 | X42: =V42+W42 -> 0 | Y42: =IF(AV42<0,0,(X42-134.62)*0.057) -> 0 | AA42: =V42*1.2% -> 0 | AC42: =V42*0.494% -> 0 | AG42: =V42-AD42-AE42-AF42 -> 0 | AH42: =IF(VLOOKUP(AG42,'Table 26'!$A$2:$C$438,2,TRUE)>=VLOOKUP(AG42,'Table 26'!$C$2:$D$438,2,TRUE),MAX(VLOOKUP(AG42,'Table 26'!$A$2:$B$438,2,TRUE),VLOOKUP(AG42,'Table 26'!$C$2:$D$438,2,TRUE)),0) -> 0 | AJ42: =IF(VLOOKUP(AI42,'Table 26'!$E$2:$F$306,2,TRUE)>=VLOOKUP(AI42,'Table 26'!$G$2:$H$306,2,TRUE),MAX(VLOOKUP(AI42,'Table 26'!$E$2:$F$306,2,TRUE),VLOOKUP(AI42,'Table 26'!$G$2:$H$306,2,TRUE)),0) -> 0 | AL42: =SUM(AH42+AJ42+AK42+Y42+AA42+AC42+AD42+AE42+AF42) -> 0 | AM42: =V42-AL42 -> 0 | AN42: =O42*0.6 -> 0 | AP42: =AM42+AN42+AO42 -> 0 | AQ42: =V42*0.692% -> 0 | AR42: =O42*5.335 -> 0 | AS42: =2*O42 -> 0 | AT42: =0.04*O42 -> 0 | AV42: =(X42-134.62)*0.057 -> -7.67334 | AW42: =T42*0.04 -> 0
D43: juin | M43: 0 | O43: 0 | V43: =T43+U43 -> 0 | W43: =O43*1.879 -> 0 | X43: =V43+W43 -> 0 | Y43: =IF(AV43<0,0,(X43-134.62)*0.057) -> 0 | AA43: =V43*1.2% -> 0 | AC43: =V43*0.494% -> 0 | AG43: =V43-AD43-AE43-AF43 -> 0 | AH43: =IF(VLOOKUP(AG43,'Table 26'!$A$2:$C$438,2,TRUE)>=VLOOKUP(AG43,'Table 26'!$C$2:$D$438,2,TRUE),MAX(VLOOKUP(AG43,'Table 26'!$A$2:$B$438,2,TRUE),VLOOKUP(AG43,'Table 26'!$C$2:$D$438,2,TRUE)),0) -> 0 | AI43: =X43-AF43 -> 0 | AJ43: =IF(VLOOKUP(AI43,'Table 26'!$E$2:$F$306,2,TRUE)>=VLOOKUP(AI43,'Table 26'!$G$2:$H$306,2,TRUE),MAX(VLOOKUP(AI43,'Table 26'!$E$2:$F$306,2,TRUE),VLOOKUP(AI43,'Table 26'!$G$2:$H$306,2,TRUE)),0) -> 0 | AL43: =SUM(AH43+AJ43+AK43+Y43+AA43+AC43+AD43+AE43+AF43) -> 0 | AM43: =V43-AL43 -> 0 | AN43: =O43*0.6 -> 0 | AP43: =AM43+AN43+AO43 -> 0 | AQ43: =V43*0.692% -> 0 | AR43: =O43*5.335 -> 0 | AS43: =2*O43 -> 0 | AT43: =0.04*O43 -> 0 | AV43: =(X43-134.62)*0.057 -> -7.67334 | AW43: =T43*0.04 -> 0
D44: total mois | M44: 0 | N44: 0 | O44: 0 | T44: =SUM(T39:T43) -> 0 | U44: =SUM(U39:U43) -> 0 | V44: =SUM(V39:V43) -> 0 | W44: =SUM(W39:W43) -> 0 | X44: =SUM(X39:X43) -> 0 | Y44: =SUM(Y39:Y43) -> 0 | Z44: =SUM(Z39:Z43) -> 0 | AA44: =SUM(AA39:AA43) -> 0 | ... AC44: =SUM(AC39:AC43) -> 0 | AE44: =SUM(AE39:AE43) -> 0 | AG44: =SUM(AG39:AG43) -> 0 | AH44: =SUM(AH39:AH43) -> 0 | AI44: =SUM(AI39:AI43) -> 0 | AJ44: =SUM(AJ39:AJ43) -> 0 | AL44: =SUM(AL39:AL43) -> 0 | AM44: =SUM(AM39:AM43) -> 0 | AN44: =SUM(AN39:AN43) -> 0 | AO44: =SUM(AO39:AO43) -> 0 | AP44: =SUM(AP39:AP43) -> 0 | AQ44: =SUM(AQ39:AQ43) -> 0 | AR44: =SUM(AR39:AR43) -> 0 | AS44: =SUM(AS39:AS43) -> 0 | ... AU44: =SUM(AU39:AU43) -> 0 | AW44: =SUM(AW39:AW43) -> 0
D46: Juillet | E46: 4 | M46: 0 | O46: 0 | V46: =T46+U46 -> 0 | W46: =O46*1.879 -> 0 | X46: =V46+W46 -> 0 | Y46: =IF(AV46<0,0,(X46-134.62)*0.057) -> 0 | AA46: =V46*1.2% -> 0 | AC46: =V46*0.494% -> 0 | AG46: =V46-AD46-AE46-AF46 -> 0 | AH46: =IF(VLOOKUP(AG46,'Table 26'!$A$2:$C$438,2,TRUE)>=VLOOKUP(AG46,'Table 26'!$C$2:$D$438,2,TRUE),MAX(VLOOKUP(AG46,'Table 26'!$A$2:$B$438,2,TRUE),VLOOKUP(AG46,'Table 26'!$C$2:$D$438,2,TRUE)),0) -> 0 | AI46: =X46-AF46 -> 0 | AJ46: =IF(VLOOKUP(AI46,'Table 26'!$E$2:$F$306,2,TRUE)>=VLOOKUP(AI46,'Table 26'!$G$2:$H$306,2,TRUE),MAX(VLOOKUP(AI46,'Table 26'!$E$2:$F$306,2,TRUE),VLOOKUP(AI46,'Table 26'!$G$2:$H$306,2,TRUE)),0) -> 0 | AL46: =SUM(AH46+AJ46+AK46+Y46+AA46+AC46+AD46+AE46+AF46) -> 0 | AM46: =V46-AL46 -> 0 | AN46: =O46*0.6 -> 0 | AP46: =AM46+AN46+AO46 -> 0 | AQ46: =V46*0.692% -> 0 | AV46: =(X46-134.62)*0.057 -> -7.67334 | AW46: =T46*0.04 -> 0
C47: 14 | D47: Juillet | E47: 11 | M47: 0 | O47: 0 | R47: =P46+P47 -> 0 | S47: =Q46+Q47 -> 0 | V47: =T47+U47 -> 0 | W47: =O47*1.879 -> 0 | X47: =V47+W47 -> 0 | Y47: =IF(AV47<0,0,(X47-134.62)*0.057) -> 0 | AA47: =V47*1.2% -> 0 | AC47: =V47*0.494% -> 0 | AG47: =V47-AD47-AE47-AF47 -> 0 | AH47: =IF(VLOOKUP(AG47,'Table 26'!$A$2:$C$438,2,TRUE)>=VLOOKUP(AG47,'Table 26'!$C$2:$D$438,2,TRUE),MAX(VLOOKUP(AG47,'Table 26'!$A$2:$B$438,2,TRUE),VLOOKUP(AG47,'Table 26'!$C$2:$D$438,2,TRUE)),0) -> 0 | AI47: =X47-AF47 -> 0 | AJ47: =IF(VLOOKUP(AI47,'Table 26'!$E$2:$F$306,2,TRUE)>=VLOOKUP(AI47,'Table 26'!$G$2:$H$306,2,TRUE),MAX(VLOOKUP(AI47,'Table 26'!$E$2:$F$306,2,TRUE),VLOOKUP(AI47,'Table 26'!$G$2:$H$306,2,TRUE)),0) -> 0 | AL47: =SUM(AH47+AJ47+AK47+Y47+AA47+AC47+AD47+AE47+AF47) -> 0 | AM47: =V47-AL47 -> 0 | AN47: =O47*0.6 -> 0 | AP47: =AM47+AN47+AO47 -> 0 | AQ47: =V47*0.692% -> 0 | AR47: =O47*5.335 -> 0 | AS47: =2*O47 -> 0 | AT47: =0.04*O47 -> 0 | AV47: =(X47-134.62)*0.057 -> -7.67334 | AW47: =T47*0.04 -> 0
D48: Juillet | E48: 18 | M48: 0 | O48: 0 | V48: =T48+U48 -> 0 | W48: =O48*1.879 -> 0 | X48: =V48+W48 -> 0 | Y48: =IF(AV48<0,0,(X48-134.62)*0.057) -> 0 | AA48: =V48*1.2% -> 0 | AC48: =V48*0.494% -> 0 | AG48: =V48-AD48-AE48-AF48 -> 0 | AH48: =IF(VLOOKUP(AG48,'Table 26'!$A$2:$C$438,2,TRUE)>=VLOOKUP(AG48,'Table 26'!$C$2:$D$438,2,TRUE),MAX(VLOOKUP(AG48,'Table 26'!$A$2:$B$438,2,TRUE),VLOOKUP(AG48,'Table 26'!$C$2:$D$438,2,TRUE)),0) -> 0 | AI48: =X48-AF48 -> 0 | AJ48: =IF(VLOOKUP(AI48,'Table 26'!$E$2:$F$306,2,TRUE)>=VLOOKUP(AI48,'Table 26'!$G$2:$H$306,2,TRUE),MAX(VLOOKUP(AI48,'Table 26'!$E$2:$F$306,2,TRUE),VLOOKUP(AI48,'Table 26'!$G$2:$H$306,2,TRUE)),0) -> 0 | AL48: =SUM(AH48+AJ48+AK48+Y48+AA48+AC48+AD48+AE48+AF48) -> 0 | AM48: =V48-AL48 -> 0 | AN48: =O48*0.6 -> 0 | AP48: =AM48+AN48+AO48 -> 0 | AQ48: =V48*0.692% -> 0 | AR48: =O48*5.335 -> 0 | AS48: =2*O48 -> 0 | AT48: =0.04*O48 -> 0 | AV48: =(X48-134.62)*0.057 -> -7.67334 | AW48: =T48*0.04 -> 0
C49: 15 | D49: Juillet | E49: 25 | M49: 0 | O49: 0 | R49: =P48+P49 -> 0 | S49: =Q48+Q49 -> 0 | V49: =T49+U49 -> 0 | W49: =O49*1.879 -> 0 | X49: =V49+W49 -> 0 | Y49: =IF(AV49<0,0,(X49-134.62)*0.057) -> 0 | AA49: =V49*1.2% -> 0 | AC49: =V49*0.494% -> 0 | AG49: =V49-AD49-AE49-AF49 -> 0 | AH49: =IF(VLOOKUP(AG49,'Table 26'!$A$2:$C$438,2,TRUE)>=VLOOKUP(AG49,'Table 26'!$C$2:$D$438,2,TRUE),MAX(VLOOKUP(AG49,'Table 26'!$A$2:$B$438,2,TRUE),VLOOKUP(AG49,'Table 26'!$C$2:$D$438,2,TRUE)),0) -> 0 | AJ49: =IF(VLOOKUP(AI49,'Table 26'!$E$2:$F$306,2,TRUE)>=VLOOKUP(AI49,'Table 26'!$G$2:$H$306,2,TRUE),MAX(VLOOKUP(AI49,'Table 26'!$E$2:$F$306,2,TRUE),VLOOKUP(AI49,'Table 26'!$G$2:$H$306,2,TRUE)),0) -> 0 | AL49: =SUM(AH49+AJ49+AK49+Y49+AA49+AC49+AD49+AE49+AF49) -> 0 | AM49: =V49-AL49 -> 0 | AN49: =O49*0.6 -> 0 | AP49: =AM49+AN49+AO49 -> 0 | AQ49: =V49*0.692% -> 0 | AR49: =O49*5.335 -> 0 | AS49: =2*O49 -> 0 | AT49: =0.04*O49 -> 0 | AV49: =(X49-134.62)*0.057 -> -7.67334 | AW49: =T49*0.04 -> 0
D50: juillet | V50: =T50+U50 -> 0 | W50: =O50*1.879 -> 0 | X50: =V50+W50 -> 0 | Y50: =IF(AV50<0,0,(X50-134.62)*0.057) -> 0 | AA50: =V50*1.2% -> 0 | AC50: =V50*0.494% -> 0 | AG50: =V50-AD50-AE50-AF50 -> 0 | AH50: =IF(VLOOKUP(AG50,'Table 26'!$A$2:$C$438,2,TRUE)>=VLOOKUP(AG50,'Table 26'!$C$2:$D$438,2,TRUE),MAX(VLOOKUP(AG50,'Table 26'!$A$2:$B$438,2,TRUE),VLOOKUP(AG50,'Table 26'!$C$2:$D$438,2,TRUE)),0) -> 0 | AI50: =X50-AF50 -> 0 | AJ50: =IF(VLOOKUP(AI50,'Table 26'!$E$2:$F$306,2,TRUE)>=VLOOKUP(AI50,'Table 26'!$G$2:$H$306,2,TRUE),MAX(VLOOKUP(AI50,'Table 26'!$E$2:$F$306,2,TRUE),VLOOKUP(AI50,'Table 26'!$G$2:$H$306,2,TRUE)),0) -> 0 | AL50: =SUM(AH50+AJ50+AK50+Y50+AA50+AC50+AD50+AE50+AF50) -> 0 | AM50: =V50-AL50 -> 0 | AN50: =O50*0.6 -> 0 | AP50: =AM50+AN50+AO50 -> 0 | AQ50: =V50*0.692% -> 0 | AR50: =O50*5.335 -> 0 | AS50: =2*O50 -> 0 | AT50: =0.04*O50 -> 0 | AV50: =(X50-134.62)*0.057 -> -7.67334 | AW50: =T50*0.04 -> 0
D51: total mois | M51: 0 | N51: 0 | O51: 0 | T51: =SUM(T46:T50) -> 0 | U51: =SUM(U46:U50) -> 0 | V51: =SUM(V46:V50) -> 0 | W51: =SUM(W46:W50) -> 0 | X51: =SUM(X46:X50) -> 0 | Y51: =SUM(Y46:Y50) -> 0 | Z51: =SUM(Z46:Z50) -> 0 | AA51: =SUM(AA46:AA50) -> 0 | ... AC51: =SUM(AC46:AC50) -> 0 | AE51: =SUM(AE46:AE50) -> 0 | AG51: =SUM(AG46:AG50) -> 0 | AH51: =SUM(AH46:AH50) -> 0 | AI51: =SUM(AI46:AI50) -> 0 | AJ51: =SUM(AJ46:AJ50) -> 0 | AL51: =SUM(AL46:AL50) -> 0 | AM51: =SUM(AM46:AM50) -> 0 | AN51: =SUM(AN46:AN50) -> 0 | AO51: =SUM(AO46:AO50) -> 0 | AP51: =SUM(AP46:AP50) -> 0 | AQ51: =SUM(AQ46:AQ50) -> 0 | AR51: =SUM(AR46:AR50) -> 0 | AS51: =SUM(AS46:AS50) -> 0 | ... AU51: =SUM(AU46:AU50) -> 0 | AW51: =SUM(AW46:AW50) -> 0
D53: Août | E53: 1 | M53: 0 | O53: 0 | V53: =T53+U53 -> 0 | W53: =O53*1.879 -> 0 | X53: =V53+W53 -> 0 | Y53: =IF(AV53<0,0,(X53-134.62)*0.057) -> 0 | AA53: =V53*1.2% -> 0 | AC53: =V53*0.494% -> 0 | AG53: =V53-AD53-AE53-AF53 -> 0 | AH53: =IF(VLOOKUP(AG53,'Table 26'!$A$2:$C$438,2,TRUE)>=VLOOKUP(AG53,'Table 26'!$C$2:$D$438,2,TRUE),MAX(VLOOKUP(AG53,'Table 26'!$A$2:$B$438,2,TRUE),VLOOKUP(AG53,'Table 26'!$C$2:$D$438,2,TRUE)),0) -> 0 | AI53: =X53-AF53 -> 0 | AJ53: =IF(VLOOKUP(AI53,'Table 26'!$E$2:$F$306,2,TRUE)>=VLOOKUP(AI53,'Table 26'!$G$2:$H$306,2,TRUE),MAX(VLOOKUP(AI53,'Table 26'!$E$2:$F$306,2,TRUE),VLOOKUP(AI53,'Table 26'!$G$2:$H$306,2,TRUE)),0) -> 0 | AL53: =SUM(AH53+AJ53+AK53+Y53+AA53+AC53+AD53+AE53+AF53) -> 0 | AM53: =V53-AL53 -> 0 | AN53: =O53*0.6 -> 0 | AP53: =AM53+AN53+AO53 -> 0 | AQ53: =V53*0.692% -> 0 | AV53: =(X53-134.62)*0.057 -> -7.67334 | AW53: =T53*0.04 -> 0
C54: 16 | D54: Août | E54: 8 | M54: 0 | O54: 0 | R54: =P53+P54 -> 0 | S54: =Q53+Q54 -> 0 | V54: =T54+U54 -> 0 | W54: =O54*1.879 -> 0 | X54: =V54+W54 -> 0 | Y54: =IF(AV54<0,0,(X54-134.62)*0.057) -> 0 | AA54: =V54*1.2% -> 0 | AC54: =V54*0.494% -> 0 | AG54: =V54-AD54-AE54-AF54 -> 0 | AH54: =IF(VLOOKUP(AG54,'Table 26'!$A$2:$C$438,2,TRUE)>=VLOOKUP(AG54,'Table 26'!$C$2:$D$438,2,TRUE),MAX(VLOOKUP(AG54,'Table 26'!$A$2:$B$438,2,TRUE),VLOOKUP(AG54,'Table 26'!$C$2:$D$438,2,TRUE)),0) -> 0 | AI54: =X54-AF54 -> 0 | AJ54: =IF(VLOOKUP(AI54,'Table 26'!$E$2:$F$306,2,TRUE)>=VLOOKUP(AI54,'Table 26'!$G$2:$H$306,2,TRUE),MAX(VLOOKUP(AI54,'Table 26'!$E$2:$F$306,2,TRUE),VLOOKUP(AI54,'Table 26'!$G$2:$H$306,2,TRUE)),0) -> 0 | AL54: =SUM(AH54+AJ54+AK54+Y54+AA54+AC54+AD54+AE54+AF54) -> 0 | AM54: =V54-AL54 -> 0 | AN54: =O54*0.6 -> 0 | AP54: =AM54+AN54+AO54 -> 0 | AQ54: =V54*0.692% -> 0 | AR54: =O54*5.335 -> 0 | AS54: =2*O54 -> 0 | AT54: =0.04*O54 -> 0 | AV54: =(X54-134.62)*0.057 -> -7.67334 | AW54: =T54*0.04 -> 0
D55: Août | E55: 15 | M55: 0 | O55: 0 | V55: =T55+U55 -> 0 | W55: =O55*1.879 -> 0 | X55: =V55+W55 -> 0 | Y55: =IF(AV55<0,0,(X55-134.62)*0.057) -> 0 | AA55: =V55*1.2% -> 0 | AC55: =V55*0.494% -> 0 | AG55: =V55-AD55-AE55-AF55 -> 0 | AH55: =IF(VLOOKUP(AG55,'Table 26'!$A$2:$C$438,2,TRUE)>=VLOOKUP(AG55,'Table 26'!$C$2:$D$438,2,TRUE),MAX(VLOOKUP(AG55,'Table 26'!$A$2:$B$438,2,TRUE),VLOOKUP(AG55,'Table 26'!$C$2:$D$438,2,TRUE)),0) -> 0 | AI55: =X55-AF55 -> 0 | AJ55: =IF(VLOOKUP(AI55,'Table 26'!$E$2:$F$306,2,TRUE)>=VLOOKUP(AI55,'Table 26'!$G$2:$H$306,2,TRUE),MAX(VLOOKUP(AI55,'Table 26'!$E$2:$F$306,2,TRUE),VLOOKUP(AI55,'Table 26'!$G$2:$H$306,2,TRUE)),0) -> 0 | AL55: =SUM(AH55+AJ55+AK55+Y55+AA55+AC55+AD55+AE55+AF55) -> 0 | AM55: =V55-AL55 -> 0 | AN55: =O55*0.6 -> 0 | AP55: =AM55+AN55+AO55 -> 0 | AQ55: =V55*0.692% -> 0 | AR55: =O55*5.335 -> 0 | AS55: =2*O55 -> 0 | AT55: =0.04*O55 -> 0 | AV55: =(X55-134.62)*0.057 -> -7.67334 | AW55: =T55*0.04 -> 0
C56: 17 | D56: Août | E56: 22 | M56: 0 | O56: 0 | R56: =P55+P56 -> 0 | S56: =Q55+Q56 -> 0 | V56: =T56+U56 -> 0 | W56: =O56*1.879 -> 0 | X56: =V56+W56 -> 0 | Y56: =IF(AV56<0,0,(X56-134.62)*0.057) -> 0 | AA56: =V56*1.2% -> 0 | AC56: =V56*0.494% -> 0 | AG56: =V56-AD56-AE56-AF56 -> 0 | AH56: =IF(VLOOKUP(AG56,'Table 26'!$A$2:$C$438,2,TRUE)>=VLOOKUP(AG56,'Table 26'!$C$2:$D$438,2,TRUE),MAX(VLOOKUP(AG56,'Table 26'!$A$2:$B$438,2,TRUE),VLOOKUP(AG56,'Table 26'!$C$2:$D$438,2,TRUE)),0) -> 0 | AJ56: =IF(VLOOKUP(AI56,'Table 26'!$E$2:$F$306,2,TRUE)>=VLOOKUP(AI56,'Table 26'!$G$2:$H$306,2,TRUE),MAX(VLOOKUP(AI56,'Table 26'!$E$2:$F$306,2,TRUE),VLOOKUP(AI56,'Table 26'!$G$2:$H$306,2,TRUE)),0) -> 0 | AL56: =SUM(AH56+AJ56+AK56+Y56+AA56+AC56+AD56+AE56+AF56) -> 0 | AM56: =V56-AL56 -> 0 | AN56: =O56*0.6 -> 0 | AP56: =AM56+AN56+AO56 -> 0 | AQ56: =V56*0.692% -> 0 | AR56: =O56*5.335 -> 0 | AS56: =2*O56 -> 0 | AT56: =0.04*O56 -> 0 | AV56: =(X56-134.62)*0.057 -> -7.67334 | AW56: =T56*0.04 -> 0
D57: Août | E57: 29 | V57: =T57+U57 -> 0 | W57: =O57*1.879 -> 0 | X57: =V57+W57 -> 0 | Y57: =IF(AV57<0,0,(X57-134.62)*0.057) -> 0 | AA57: =V57*1.2% -> 0 | AC57: =V57*0.494% -> 0 | AG57: =V57-AD57-AE57-AF57 -> 0 | AH57: =IF(VLOOKUP(AG57,'Table 26'!$A$2:$C$438,2,TRUE)>=VLOOKUP(AG57,'Table 26'!$C$2:$D$438,2,TRUE),MAX(VLOOKUP(AG57,'Table 26'!$A$2:$B$438,2,TRUE),VLOOKUP(AG57,'Table 26'!$C$2:$D$438,2,TRUE)),0) -> 0 | AI57: =X57-AF57 -> 0 | AJ57: =IF(VLOOKUP(AI57,'Table 26'!$E$2:$F$306,2,TRUE)>=VLOOKUP(AI57,'Table 26'!$G$2:$H$306,2,TRUE),MAX(VLOOKUP(AI57,'Table 26'!$E$2:$F$306,2,TRUE),VLOOKUP(AI57,'Table 26'!$G$2:$H$306,2,TRUE)),0) -> 0 | AL57: =SUM(AH57+AJ57+AK57+Y57+AA57+AC57+AD57+AE57+AF57) -> 0 | AM57: =V57-AL57 -> 0 | AN57: =O57*0.6 -> 0 | AP57: =AM57+AN57+AO57 -> 0 | AQ57: =V57*0.692% -> 0 | AR57: =O57*5.335 -> 0 | AS57: =2*O57 -> 0 | AT57: =0.04*O57 -> 0 | AV57: =(X57-134.62)*0.057 -> -7.67334 | AW57: =T57*0.04 -> 0
D58: total mois | M58: 0 | N58: 0 | O58: 0 | T58: =SUM(T53:T57) -> 0 | U58: =SUM(U53:U57) -> 0 | V58: =SUM(V53:V57) -> 0 | W58: =SUM(W53:W57) -> 0 | X58: =SUM(X53:X57) -> 0 | Y58: =SUM(Y53:Y57) -> 0 | Z58: =SUM(Z53:Z57) -> 0 | AA58: =SUM(AA53:AA57) -> 0 | ... AC58: =SUM(AC53:AC57) -> 0 | AE58: =SUM(AE53:AE57) -> 0 | AG58: =SUM(AG53:AG57) -> 0 | AH58: =SUM(AH53:AH57) -> 0 | AI58: =SUM(AI53:AI57) -> 0 | AJ58: =SUM(AJ53:AJ57) -> 0 | AL58: =SUM(AL53:AL57) -> 0 | AM58: =SUM(AM53:AM57) -> 0 | AN58: =SUM(AN53:AN57) -> 0 | AO58: =SUM(AO53:AO57) -> 0 | AP58: =SUM(AP53:AP57) -> 0 | AQ58: =SUM(AQ53:AQ57) -> 0 | AR58: =SUM(AR53:AR57) -> 0 | AS58: =SUM(AS53:AS57) -> 0 | ... AU58: =SUM(AU53:AU57) -> 0 | AW58: =SUM(AW53:AW57) -> 0
C60: 18 | D60: Septembre | E60: 5 | M60: 0 | O60: 0 | R60: =P57+P60 -> 0 | S60: =Q57+Q60 -> 0 | V60: =T60+U60 -> 0 | W60: =O60*1.879 -> 0 | X60: =V60+W60 -> 0 | Y60: =IF(AV60<0,0,(X60-134.62)*0.057) -> 0 | AA60: =V60*1.2% -> 0 | AC60: =V60*0.494% -> 0 | AG60: =V60-AD60-AE60-AF60 -> 0 | AH60: =IF(VLOOKUP(AG60,'Table 26'!$A$2:$C$438,2,TRUE)>=VLOOKUP(AG60,'Table 26'!$C$2:$D$438,2,TRUE),MAX(VLOOKUP(AG60,'Table 26'!$A$2:$B$438,2,TRUE),VLOOKUP(AG60,'Table 26'!$C$2:$D$438,2,TRUE)),0) -> 0 | AI60: =X60-AF60 -> 0 | AJ60: =IF(VLOOKUP(AI60,'Table 26'!$E$2:$F$306,2,TRUE)>=VLOOKUP(AI60,'Table 26'!$G$2:$H$306,2,TRUE),MAX(VLOOKUP(AI60,'Table 26'!$E$2:$F$306,2,TRUE),VLOOKUP(AI60,'Table 26'!$G$2:$H$306,2,TRUE)),0) -> 0 | AL60: =SUM(AH60+AJ60+AK60+Y60+AA60+AC60+AD60+AE60+AF60) -> 0 | AM60: =V60-AL60 -> 0 | AN60: =O60*0.6 -> 0 | AP60: =AM60+AN60+AO60 -> 0 | AQ60: =V60*0.692% -> 0 | AV60: =(X60-134.62)*0.057 -> -7.67334 | AW60: =T60*0.04 -> 0
D61: Septembre | E61: 12 | M61: 0 | O61: 0 | V61: =T61+U61 -> 0 | W61: =O61*1.879 -> 0 | X61: =V61+W61 -> 0 | Y61: =IF(AV61<0,0,(X61-134.62)*0.057) -> 0 | AA61: =V61*1.2% -> 0 | AC61: =V61*0.494% -> 0 | AG61: =V61-AD61-AE61-AF61 -> 0 | AH61: =IF(VLOOKUP(AG61,'Table 26'!$A$2:$C$438,2,TRUE)>=VLOOKUP(AG61,'Table 26'!$C$2:$D$438,2,TRUE),MAX(VLOOKUP(AG61,'Table 26'!$A$2:$B$438,2,TRUE),VLOOKUP(AG61,'Table 26'!$C$2:$D$438,2,TRUE)),0) -> 0 | AI61: =X61-AF61 -> 0 | AJ61: =IF(VLOOKUP(AI61,'Table 26'!$E$2:$F$306,2,TRUE)>=VLOOKUP(AI61,'Table 26'!$G$2:$H$306,2,TRUE),MAX(VLOOKUP(AI61,'Table 26'!$E$2:$F$306,2,TRUE),VLOOKUP(AI61,'Table 26'!$G$2:$H$306,2,TRUE)),0) -> 0 | AL61: =SUM(AH61+AJ61+AK61+Y61+AA61+AC61+AD61+AE61+AF61) -> 0 | AM61: =V61-AL61 -> 0 | AN61: =O61*0.6 -> 0 | AP61: =AM61+AN61+AO61 -> 0 | AQ61: =V61*0.692% -> 0 | AR61: =O61*5.335 -> 0 | AS61: =2*O61 -> 0 | AT61: =0.04*O61 -> 0 | AV61: =(X61-134.62)*0.057 -> -7.67334 | AW61: =T61*0.04 -> 0
C62: 19 | D62: Septembre | E62: 19 | M62: 0 | O62: 0 | R62: =P61+P62 -> 0 | S62: =Q61+Q62 -> 0 | V62: =T62+U62 -> 0 | W62: =O62*1.879 -> 0 | X62: =V62+W62 -> 0 | Y62: =IF(AV62<0,0,(X62-134.62)*0.057) -> 0 | AA62: =V62*1.2% -> 0 | AC62: =V62*0.494% -> 0 | AG62: =V62-AD62-AE62-AF62 -> 0 | AH62: =IF(VLOOKUP(AG62,'Table 26'!$A$2:$C$438,2,TRUE)>=VLOOKUP(AG62,'Table 26'!$C$2:$D$438,2,TRUE),MAX(VLOOKUP(AG62,'Table 26'!$A$2:$B$438,2,TRUE),VLOOKUP(AG62,'Table 26'!$C$2:$D$438,2,TRUE)),0) -> 0 | AI62: =X62-AF62 -> 0 | AJ62: =IF(VLOOKUP(AI62,'Table 26'!$E$2:$F$306,2,TRUE)>=VLOOKUP(AI62,'Table 26'!$G$2:$H$306,2,TRUE),MAX(VLOOKUP(AI62,'Table 26'!$E$2:$F$306,2,TRUE),VLOOKUP(AI62,'Table 26'!$G$2:$H$306,2,TRUE)),0) -> 0 | AL62: =SUM(AH62+AJ62+AK62+Y62+AA62+AC62+AD62+AE62+AF62) -> 0 | AM62: =V62-AL62 -> 0 | AN62: =O62*0.6 -> 0 | AP62: =AM62+AN62+AO62 -> 0 | AQ62: =V62*0.692% -> 0 | AR62: =O62*5.335 -> 0 | AS62: =2*O62 -> 0 | AT62: =0.04*O62 -> 0 | AV62: =(X62-134.62)*0.057 -> -7.67334 | AW62: =T62*0.04 -> 0
D63: Septembre | E63: 26 | M63: 0 | V63: =T63+U63 -> 0 | W63: =O63*1.879 -> 0 | X63: =V63+W63 -> 0 | Y63: =IF(AV63<0,0,(X63-134.62)*0.057) -> 0 | AA63: =V63*1.2% -> 0 | AC63: =V63*0.494% -> 0 | AG63: =V63-AD63-AE63-AF63 -> 0 | AH63: =IF(VLOOKUP(AG63,'Table 26'!$A$2:$C$438,2,TRUE)>=VLOOKUP(AG63,'Table 26'!$C$2:$D$438,2,TRUE),MAX(VLOOKUP(AG63,'Table 26'!$A$2:$B$438,2,TRUE),VLOOKUP(AG63,'Table 26'!$C$2:$D$438,2,TRUE)),0) -> 0 | AJ63: =IF(VLOOKUP(AI63,'Table 26'!$E$2:$F$306,2,TRUE)>=VLOOKUP(AI63,'Table 26'!$G$2:$H$306,2,TRUE),MAX(VLOOKUP(AI63,'Table 26'!$E$2:$F$306,2,TRUE),VLOOKUP(AI63,'Table 26'!$G$2:$H$306,2,TRUE)),0) -> 0 | AL63: =SUM(AH63+AJ63+AK63+Y63+AA63+AC63+AD63+AE63+AF63) -> 0 | AM63: =V63-AL63 -> 0 | AN63: =O63*0.6 -> 0 | AP63: =AM63+AN63+AO63 -> 0 | AQ63: =V63*0.692% -> 0 | AR63: =O63*5.335 -> 0 | AS63: =2*O63 -> 0 | AT63: =0.04*O63 -> 0 | AV63: =(X63-134.62)*0.057 -> -7.67334 | AW63: =T63*0.04 -> 0
D64: Septembre | M64: 0 | O64: 0 | V64: =T64+U64 -> 0 | W64: =O64*1.879 -> 0 | X64: =V64+W64 -> 0 | Y64: =IF(AV64<0,0,(X64-134.62)*0.057) -> 0 | AA64: =V64*1.2% -> 0 | AC64: =V64*0.494% -> 0 | AG64: =V64-AD64-AE64-AF64 -> 0 | AH64: =IF(VLOOKUP(AG64,'Table 26'!$A$2:$C$438,2,TRUE)>=VLOOKUP(AG64,'Table 26'!$C$2:$D$438,2,TRUE),MAX(VLOOKUP(AG64,'Table 26'!$A$2:$B$438,2,TRUE),VLOOKUP(AG64,'Table 26'!$C$2:$D$438,2,TRUE)),0) -> 0 | AI64: =X64-AF64 -> 0 | AJ64: =IF(VLOOKUP(AI64,'Table 26'!$E$2:$F$306,2,TRUE)>=VLOOKUP(AI64,'Table 26'!$G$2:$H$306,2,TRUE),MAX(VLOOKUP(AI64,'Table 26'!$E$2:$F$306,2,TRUE),VLOOKUP(AI64,'Table 26'!$G$2:$H$306,2,TRUE)),0) -> 0 | AL64: =SUM(AH64+AJ64+AK64+Y64+AA64+AC64+AD64+AE64+AF64) -> 0 | AM64: =V64-AL64 -> 0 | AN64: =O64*0.6 -> 0 | AP64: =AM64+AN64+AO64 -> 0 | AQ64: =V64*0.692% -> 0 | AR64: =O64*5.335 -> 0 | AS64: =2*O64 -> 0 | AT64: =0.04*O64 -> 0 | AV64: =(X64-134.62)*0.057 -> -7.67334 | AW64: =T64*0.04 -> 0
D65: total mois | M65: 0 | N65: 0 | O65: 0 | T65: =SUM(T60:T64) -> 0 | U65: =SUM(U60:U64) -> 0 | V65: =SUM(V60:V64) -> 0 | W65: =SUM(W60:W64) -> 0 | X65: =SUM(X60:X64) -> 0 | Y65: =SUM(Y60:Y64) -> 0 | Z65: =SUM(Z60:Z64) -> 0 | AA65: =SUM(AA60:AA64) -> 0 | ... AC65: =SUM(AC60:AC64) -> 0 | AE65: =SUM(AE60:AE64) -> 0 | AG65: =SUM(AG60:AG64) -> 0 | AH65: =SUM(AH60:AH64) -> 0 | AI65: =SUM(AI60:AI64) -> 0 | AJ65: =SUM(AJ60:AJ64) -> 0 | AL65: =SUM(AL60:AL64) -> 0 | AM65: =SUM(AM60:AM64) -> 0 | AN65: =SUM(AN60:AN64) -> 0 | AO65: =SUM(AO60:AO64) -> 0 | AP65: =SUM(AP60:AP64) -> 0 | AQ65: =SUM(AQ60:AQ64) -> 0 | AR65: =SUM(AR60:AR64) -> 0 | AS65: =SUM(AS60:AS64) -> 0 | ... AU65: =SUM(AU60:AU64) -> 0 | AW65: =SUM(AW60:AW64) -> 0
C67: 20 | D67: Octobre | E67: 3 | M67: 0 | O67: 0 | R67: =P63+P67 -> 0 | S67: =Q63+Q67 -> 0 | V67: =T67+U67 -> 0 | W67: =O67*1.879 -> 0 | X67: =V67+W67 -> 0 | Y67: =IF(AV67<0,0,(X67-134.62)*0.057) -> 0 | AA67: =V67*1.2% -> 0 | AC67: =V67*0.494% -> 0 | AG67: =V67-AD67-AE67-AF67 -> 0 | AH67: =IF(VLOOKUP(AG67,'Table 26'!$A$2:$C$438,2,TRUE)>=VLOOKUP(AG67,'Table 26'!$C$2:$D$438,2,TRUE),MAX(VLOOKUP(AG67,'Table 26'!$A$2:$B$438,2,TRUE),VLOOKUP(AG67,'Table 26'!$C$2:$D$438,2,TRUE)),0) -> 0 | AI67: =X67-AF67 -> 0 | AJ67: =IF(VLOOKUP(AI67,'Table 26'!$E$2:$F$306,2,TRUE)>=VLOOKUP(AI67,'Table 26'!$G$2:$H$306,2,TRUE),MAX(VLOOKUP(AI67,'Table 26'!$E$2:$F$306,2,TRUE),VLOOKUP(AI67,'Table 26'!$G$2:$H$306,2,TRUE)),0) -> 0 | AL67: =SUM(AH67+AJ67+AK67+Y67+AA67+AC67+AD67+AE67+AF67) -> 0 | AM67: =V67-AL67 -> 0 | AN67: =O67*0.6 -> 0 | AP67: =AM67+AN67+AO67 -> 0 | AQ67: =V67*0.692% -> 0 | AV67: =(X67-134.62)*0.057 -> -7.67334 | AW67: =T67*0.04 -> 0
D68: Octobre | E68: 10 | M68: 0 | O68: 0 | V68: =T68+U68 -> 0 | W68: =O68*1.879 -> 0 | X68: =V68+W68 -> 0 | Y68: =IF(AV68<0,0,(X68-134.62)*0.057) -> 0 | AA68: =V68*1.2% -> 0 | AC68: =V68*0.494% -> 0 | AG68: =V68-AD68-AE68-AF68 -> 0 | AH68: =IF(VLOOKUP(AG68,'Table 26'!$A$2:$C$438,2,TRUE)>=VLOOKUP(AG68,'Table 26'!$C$2:$D$438,2,TRUE),MAX(VLOOKUP(AG68,'Table 26'!$A$2:$B$438,2,TRUE),VLOOKUP(AG68,'Table 26'!$C$2:$D$438,2,TRUE)),0) -> 0 | AI68: =X68-AF68 -> 0 | AJ68: =IF(VLOOKUP(AI68,'Table 26'!$E$2:$F$306,2,TRUE)>=VLOOKUP(AI68,'Table 26'!$G$2:$H$306,2,TRUE),MAX(VLOOKUP(AI68,'Table 26'!$E$2:$F$306,2,TRUE),VLOOKUP(AI68,'Table 26'!$G$2:$H$306,2,TRUE)),0) -> 0 | AL68: =SUM(AH68+AJ68+AK68+Y68+AA68+AC68+AD68+AE68+AF68) -> 0 | AM68: =V68-AL68 -> 0 | AN68: =O68*0.6 -> 0 | AP68: =AM68+AN68+AO68 -> 0 | AQ68: =V68*0.692% -> 0 | AR68: =O68*5.335 -> 0 | AS68: =2*O68 -> 0 | AT68: =0.04*O68 -> 0 | AV68: =(X68-134.62)*0.057 -> -7.67334 | AW68: =T68*0.04 -> 0
C69: 21 | D69: Octobre | E69: 17 | M69: 0 | O69: 0 | R69: =P68+P69 -> 0 | S69: =Q68+Q69 -> 0 | V69: =T69+U69 -> 0 | W69: =O69*1.879 -> 0 | X69: =V69+W69 -> 0 | Y69: =IF(AV69<0,0,(X69-134.62)*0.057) -> 0 | AA69: =V69*1.2% -> 0 | AC69: =V69*0.494% -> 0 | AG69: =V69-AD69-AE69-AF69 -> 0 | AH69: =IF(VLOOKUP(AG69,'Table 26'!$A$2:$C$438,2,TRUE)>=VLOOKUP(AG69,'Table 26'!$C$2:$D$438,2,TRUE),MAX(VLOOKUP(AG69,'Table 26'!$A$2:$B$438,2,TRUE),VLOOKUP(AG69,'Table 26'!$C$2:$D$438,2,TRUE)),0) -> 0 | AI69: =X69-AF69 -> 0 | AJ69: =IF(VLOOKUP(AI69,'Table 26'!$E$2:$F$306,2,TRUE)>=VLOOKUP(AI69,'Table 26'!$G$2:$H$306,2,TRUE),MAX(VLOOKUP(AI69,'Table 26'!$E$2:$F$306,2,TRUE),VLOOKUP(AI69,'Table 26'!$G$2:$H$306,2,TRUE)),0) -> 0 | AL69: =SUM(AH69+AJ69+AK69+Y69+AA69+AC69+AD69+AE69+AF69) -> 0 | AM69: =V69-AL69 -> 0 | AN69: =O69*0.6 -> 0 | AP69: =AM69+AN69+AO69 -> 0 | AQ69: =V69*0.692% -> 0 | AR69: =O69*5.335 -> 0 | AS69: =2*O69 -> 0 | AT69: =0.04*O69 -> 0 | AV69: =(X69-134.62)*0.057 -> -7.67334 | AW69: =T69*0.04 -> 0
D70: Octobre | E70: 24 | M70: 0 | O70: 0 | V70: =T70+U70 -> 0 | W70: =O70*1.879 -> 0 | X70: =V70+W70 -> 0 | Y70: =IF(AV70<0,0,(X70-134.62)*0.057) -> 0 | AA70: =V70*1.2% -> 0 | AC70: =V70*0.494% -> 0 | AG70: =V70-AD70-AE70-AF70 -> 0 | AH70: =IF(VLOOKUP(AG70,'Table 26'!$A$2:$C$438,2,TRUE)>=VLOOKUP(AG70,'Table 26'!$C$2:$D$438,2,TRUE),MAX(VLOOKUP(AG70,'Table 26'!$A$2:$B$438,2,TRUE),VLOOKUP(AG70,'Table 26'!$C$2:$D$438,2,TRUE)),0) -> 0 | AJ70: =IF(VLOOKUP(AI70,'Table 26'!$E$2:$F$306,2,TRUE)>=VLOOKUP(AI70,'Table 26'!$G$2:$H$306,2,TRUE),MAX(VLOOKUP(AI70,'Table 26'!$E$2:$F$306,2,TRUE),VLOOKUP(AI70,'Table 26'!$G$2:$H$306,2,TRUE)),0) -> 0 | AL70: =SUM(AH70+AJ70+AK70+Y70+AA70+AC70+AD70+AE70+AF70) -> 0 | AM70: =V70-AL70 -> 0 | AN70: =O70*0.6 -> 0 | AP70: =AM70+AN70+AO70 -> 0 | AQ70: =V70*0.692% -> 0 | AR70: =O70*5.335 -> 0 | AS70: =2*O70 -> 0 | AT70: =0.04*O70 -> 0 | AV70: =(X70-134.62)*0.057 -> -7.67334 | AW70: =T70*0.04 -> 0
C71: 22 | D71: Octobre | E71: 31 | R71: =P70+P71 -> 0 | S71: =Q70+Q71 -> 0 | V71: =T71+U71 -> 0 | W71: =O71*1.879 -> 0 | X71: =V71+W71 -> 0 | Y71: =IF(AV71<0,0,(X71-134.62)*0.057) -> 0 | AA71: =V71*1.2% -> 0 | AC71: =V71*0.494% -> 0 | AG71: =V71-AD71-AE71-AF71 -> 0 | AH71: =IF(VLOOKUP(AG71,'Table 26'!$A$2:$C$438,2,TRUE)>=VLOOKUP(AG71,'Table 26'!$C$2:$D$438,2,TRUE),MAX(VLOOKUP(AG71,'Table 26'!$A$2:$B$438,2,TRUE),VLOOKUP(AG71,'Table 26'!$C$2:$D$438,2,TRUE)),0) -> 0 | AI71: =X71-AF71 -> 0 | AJ71: =IF(VLOOKUP(AI71,'Table 26'!$E$2:$F$306,2,TRUE)>=VLOOKUP(AI71,'Table 26'!$G$2:$H$306,2,TRUE),MAX(VLOOKUP(AI71,'Table 26'!$E$2:$F$306,2,TRUE),VLOOKUP(AI71,'Table 26'!$G$2:$H$306,2,TRUE)),0) -> 0 | AL71: =SUM(AH71+AJ71+AK71+Y71+AA71+AC71+AD71+AE71+AF71) -> 0 | AM71: =V71-AL71 -> 0 | AN71: =O71*0.6 -> 0 | AP71: =AM71+AN71+AO71 -> 0 | AQ71: =V71*0.692% -> 0 | AR71: =O71*5.335 -> 0 | AS71: =2*O71 -> 0 | AT71: =0.04*O71 -> 0 | AV71: =(X71-134.62)*0.057 -> -7.67334 | AW71: =T71*0.04 -> 0
D72: total mois | M72: 0 | N72: 0 | O72: 0 | T72: =SUM(T67:T71) -> 0 | U72: =SUM(U67:U71) -> 0 | V72: =SUM(V67:V71) -> 0 | W72: =SUM(W67:W71) -> 0 | X72: =SUM(X67:X71) -> 0 | Y72: =SUM(Y67:Y71) -> 0 | Z72: =SUM(Z67:Z71) -> 0 | AA72: =SUM(AA67:AA71) -> 0 | ... AC72: =SUM(AC67:AC71) -> 0 | AE72: =SUM(AE67:AE71) -> 0 | AG72: =SUM(AG67:AG71) -> 0 | AH72: =SUM(AH67:AH71) -> 0 | AI72: =SUM(AI67:AI71) -> 0 | AJ72: =SUM(AJ67:AJ71) -> 0 | AL72: =SUM(AL67:AL71) -> 0 | AM72: =SUM(AM67:AM71) -> 0 | AN72: =SUM(AN67:AN71) -> 0 | AO72: =SUM(AO67:AO71) -> 0 | AP72: =SUM(AP67:AP71) -> 0 | AQ72: =SUM(AQ67:AQ71) -> 0 | AR72: =SUM(AR67:AR71) -> 0 | AS72: =SUM(AS67:AS71) -> 0 | ... AU72: =SUM(AU67:AU71) -> 0 | AW72: =SUM(AW67:AW71) -> 0
AR73: =5.165*O73 -> 0
D74: Novembre | E74: 7 | M74: 0 | O74: 0 | V74: =T74+U74 -> 0 | W74: =O74*1.879 -> 0 | X74: =V74+W74 -> 0 | Y74: =IF(AV74<0,0,(X74-134.62)*0.057) -> 0 | AA74: =V74*1.2% -> 0 | AC74: =V74*0.494% -> 0 | AG74: =V74-AD74-AE74-AF74 -> 0 | AH74: =IF(VLOOKUP(AG74,'Table 26'!$A$2:$C$438,2,TRUE)>=VLOOKUP(AG74,'Table 26'!$C$2:$D$438,2,TRUE),MAX(VLOOKUP(AG74,'Table 26'!$A$2:$B$438,2,TRUE),VLOOKUP(AG74,'Table 26'!$C$2:$D$438,2,TRUE)),0) -> 0 | AI74: =X74-AF74 -> 0 | AJ74: =IF(VLOOKUP(AI74,'Table 26'!$E$2:$F$306,2,TRUE)>=VLOOKUP(AI74,'Table 26'!$G$2:$H$306,2,TRUE),MAX(VLOOKUP(AI74,'Table 26'!$E$2:$F$306,2,TRUE),VLOOKUP(AI74,'Table 26'!$G$2:$H$306,2,TRUE)),0) -> 0 | AL74: =SUM(AH74+AJ74+AK74+Y74+AA74+AC74+AD74+AE74+AF74) -> 0 | AM74: =V74-AL74 -> 0 | AN74: =O74*0.6 -> 0 | AP74: =AM74+AN74+AO74 -> 0 | AQ74: =V74*0.692% -> 0 | AV74: =(X74-134.62)*0.057 -> -7.67334 | AW74: =T74*0.04 -> 0
C75: 23 | D75: Novembre | E75: 14 | M75: 0 | O75: 0 | R75: =P74+P75 -> 0 | S75: =Q74+Q75 -> 0 | V75: =T75+U75 -> 0 | W75: =O75*1.879 -> 0 | X75: =V75+W75 -> 0 | Y75: =IF(AV75<0,0,(X75-134.62)*0.057) -> 0 | AA75: =V75*1.2% -> 0 | AC75: =V75*0.494% -> 0 | AG75: =V75-AD75-AE75-AF75 -> 0 | AH75: =IF(VLOOKUP(AG75,'Table 26'!$A$2:$C$438,2,TRUE)>=VLOOKUP(AG75,'Table 26'!$C$2:$D$438,2,TRUE),MAX(VLOOKUP(AG75,'Table 26'!$A$2:$B$438,2,TRUE),VLOOKUP(AG75,'Table 26'!$C$2:$D$438,2,TRUE)),0) -> 0 | AI75: =X75-AF75 -> 0 | AJ75: =IF(VLOOKUP(AI75,'Table 26'!$E$2:$F$306,2,TRUE)>=VLOOKUP(AI75,'Table 26'!$G$2:$H$306,2,TRUE),MAX(VLOOKUP(AI75,'Table 26'!$E$2:$F$306,2,TRUE),VLOOKUP(AI75,'Table 26'!$G$2:$H$306,2,TRUE)),0) -> 0 | AL75: =SUM(AH75+AJ75+AK75+Y75+AA75+AC75+AD75+AE75+AF75) -> 0 | AM75: =V75-AL75 -> 0 | AN75: =O75*0.6 -> 0 | AP75: =AM75+AN75+AO75 -> 0 | AQ75: =V75*0.692% -> 0 | AR75: =O75*5.335 -> 0 | AS75: =2*O75 -> 0 | AT75: =0.04*O75 -> 0 | AV75: =(X75-134.62)*0.057 -> -7.67334 | AW75: =T75*0.04 -> 0
D76: Novembre | E76: 21 | M76: 0 | O76: 0 | V76: =T76+U76 -> 0 | W76: =O76*1.879 -> 0 | X76: =V76+W76 -> 0 | Y76: =IF(AV76<0,0,(X76-134.62)*0.057) -> 0 | AA76: =V76*1.2% -> 0 | AC76: =V76*0.494% -> 0 | AG76: =V76-AD76-AE76-AF76 -> 0 | AH76: =IF(VLOOKUP(AG76,'Table 26'!$A$2:$C$438,2,TRUE)>=VLOOKUP(AG76,'Table 26'!$C$2:$D$438,2,TRUE),MAX(VLOOKUP(AG76,'Table 26'!$A$2:$B$438,2,TRUE),VLOOKUP(AG76,'Table 26'!$C$2:$D$438,2,TRUE)),0) -> 0 | AI76: =X76-AF76 -> 0 | AJ76: =IF(VLOOKUP(AI76,'Table 26'!$E$2:$F$306,2,TRUE)>=VLOOKUP(AI76,'Table 26'!$G$2:$H$306,2,TRUE),MAX(VLOOKUP(AI76,'Table 26'!$E$2:$F$306,2,TRUE),VLOOKUP(AI76,'Table 26'!$G$2:$H$306,2,TRUE)),0) -> 0 | AL76: =SUM(AH76+AJ76+AK76+Y76+AA76+AC76+AD76+AE76+AF76) -> 0 | AM76: =V76-AL76 -> 0 | AN76: =O76*0.6 -> 0 | AP76: =AM76+AN76+AO76 -> 0 | AQ76: =V76*0.692% -> 0 | AR76: =O76*5.335 -> 0 | AS76: =2*O76 -> 0 | AT76: =0.04*O76 -> 0 | AV76: =(X76-134.62)*0.057 -> -7.67334 | AW76: =T76*0.04 -> 0
C77: 24 | D77: Novembre | E77: 28 | M77: 0 | R77: =P76+P77 -> 0 | S77: =Q76+Q77 -> 0 | V77: =T77+U77 -> 0 | W77: =O77*1.926 -> 0 | X77: =V77+W77 -> 0 | Y77: =IF(AV77<0,0,(X77-134.62)*0.057) -> 0 | AA77: =V77*1.2% -> 0 | AC77: =V77*0.494% -> 0 | AG77: =V77-AD77-AE77-AF77 -> 0 | AH77: =IF(VLOOKUP(AG77,'Table 26'!$A$2:$C$438,2,TRUE)>=VLOOKUP(AG77,'Table 26'!$C$2:$D$438,2,TRUE),MAX(VLOOKUP(AG77,'Table 26'!$A$2:$B$438,2,TRUE),VLOOKUP(AG77,'Table 26'!$C$2:$D$438,2,TRUE)),0) -> 0 | AJ77: =IF(VLOOKUP(AI77,'Table 26'!$E$2:$F$306,2,TRUE)>=VLOOKUP(AI77,'Table 26'!$G$2:$H$306,2,TRUE),MAX(VLOOKUP(AI77,'Table 26'!$E$2:$F$306,2,TRUE),VLOOKUP(AI77,'Table 26'!$G$2:$H$306,2,TRUE)),0) -> 0 | AL77: =SUM(AH77+AJ77+AK77+Y77+AA77+AC77+AD77+AE77+AF77) -> 0 | AM77: =V77-AL77 -> 0 | AP77: =AM77+AN77+AO77 -> 0 | AQ77: =V77*0.692% -> 0 | AR77: =O77*5.335 -> 0 | AS77: =2*O77 -> 0 | AT77: =0.04*O77 -> 0 | AV77: =(X77-134.62)*0.057 -> -7.67334 | AW77: =T77*0.04 -> 0
D78: Novembre | V78: =T78+U78 -> 0 | W78: =O78*1.926 -> 0 | X78: =V78+W78 -> 0 | Y78: =IF(AV78<0,0,(X78-134.62)*0.057) -> 0 | AA78: =V78*1.2% -> 0 | AC78: =V78*0.494% -> 0 | AG78: =V78-AD78-AE78-AF78 -> 0 | AH78: =IF(VLOOKUP(AG78,'Table 26'!$A$2:$C$438,2,TRUE)>=VLOOKUP(AG78,'Table 26'!$C$2:$D$438,2,TRUE),MAX(VLOOKUP(AG78,'Table 26'!$A$2:$B$438,2,TRUE),VLOOKUP(AG78,'Table 26'!$C$2:$D$438,2,TRUE)),0) -> 0 | AI78: =X78-AF78 -> 0 | AJ78: =IF(VLOOKUP(AI78,'Table 26'!$E$2:$F$306,2,TRUE)>=VLOOKUP(AI78,'Table 26'!$G$2:$H$306,2,TRUE),MAX(VLOOKUP(AI78,'Table 26'!$E$2:$F$306,2,TRUE),VLOOKUP(AI78,'Table 26'!$G$2:$H$306,2,TRUE)),0) -> 0 | AL78: =SUM(AH78+AJ78+AK78+Y78+AA78+AC78+AD78+AE78+AF78) -> 0 | AM78: =V78-AL78 -> 0 | AN78: =O78*0.6 -> 0 | AP78: =AM78+AN78+AO78 -> 0 | AQ78: =V78*0.692% -> 0 | AR78: =O78*5.335 -> 0 | AS78: =2*O78 -> 0 | AT78: =0.04*O78 -> 0 | AV78: =(X78-134.62)*0.057 -> -7.67334 | AW78: =T78*0.04 -> 0
D79: total mois | M79: 0 | N79: 0 | O79: =SUM(O74:O78) -> 0 | T79: =SUM(T74:T78) -> 0 | U79: =SUM(U74:U78) -> 0 | V79: =SUM(V74:V78) -> 0 | W79: =SUM(W74:W78) -> 0 | X79: =SUM(X74:X78) -> 0 | Y79: =SUM(Y74:Y78) -> 0 | Z79: =SUM(Z74:Z78) -> 0 | AA79: =SUM(AA74:AA78) -> 0 | ... AC79: =SUM(AC74:AC78) -> 0 | AE79: =SUM(AE74:AE78) -> 0 | AG79: =SUM(AG74:AG78) -> 0 | AH79: =SUM(AH74:AH78) -> 0 | AI79: =SUM(AI74:AI78) -> 0 | AJ79: =SUM(AJ74:AJ78) -> 0 | AL79: =SUM(AL74:AL78) -> 0 | AM79: =SUM(AM74:AM78) -> 0 | AN79: =SUM(AN74:AN78) -> 0 | AO79: =SUM(AO74:AO78) -> 0 | AP79: =SUM(AP74:AP78) -> 0 | AQ79: =SUM(AQ74:AQ78) -> 0 | AR79: =SUM(AR74:AR78) -> 0 | AS79: =SUM(AS74:AS78) -> 0 | ... AU79: =SUM(AU74:AU78) -> 0 | AW79: =SUM(AW74:AW78) -> 0
D81: Décembre | E81: 5 | M81: 0 | O81: 0 | V81: =T81+U81 -> 0 | W81: =O81*1.879 -> 0 | X81: =V81+W81 -> 0 | Y81: =IF(AV81<0,0,(X81-134.62)*0.057) -> 0 | AA81: =V81*1.2% -> 0 | AC81: =V81*0.494% -> 0 | AG81: =V81-AD81-AE81-AF81 -> 0 | AH81: =IF(VLOOKUP(AG81,'Table 26'!$A$2:$C$438,2,TRUE)>=VLOOKUP(AG81,'Table 26'!$C$2:$D$438,2,TRUE),MAX(VLOOKUP(AG81,'Table 26'!$A$2:$B$438,2,TRUE),VLOOKUP(AG81,'Table 26'!$C$2:$D$438,2,TRUE)),0) -> 0 | AI81: =X81-AF81 -> 0 | AJ81: =IF(VLOOKUP(AI81,'Table 26'!$E$2:$F$306,2,TRUE)>=VLOOKUP(AI81,'Table 26'!$G$2:$H$306,2,TRUE),MAX(VLOOKUP(AI81,'Table 26'!$E$2:$F$306,2,TRUE),VLOOKUP(AI81,'Table 26'!$G$2:$H$306,2,TRUE)),0) -> 0 | AL81: =SUM(AH81+AJ81+AK81+Y81+AA81+AC81+AD81+AE81+AF81) -> 0 | AM81: =V81-AL81 -> 0 | AN81: =O81*0.6 -> 0 | AP81: =AM81+AN81+AO81 -> 0 | AQ81: =V81*0.692% -> 0 | AV81: =(X81-134.62)*0.057 -> -7.67334 | AW81: =T81*0.04 -> 0
C82: 25 | D82: Décembre | E82: 12 | M82: 0 | O82: 0 | R82: =P81+P82 -> 0 | S82: =Q81+Q82 -> 0 | V82: =T82+U82 -> 0 | W82: =O82*1.879 -> 0 | X82: =V82+W82 -> 0 | Y82: =IF(AV82<0,0,(X82-134.62)*0.057) -> 0 | AA82: =V82*1.2% -> 0 | AC82: =V82*0.494% -> 0 | AG82: =V82-AD82-AE82-AF82 -> 0 | AH82: =IF(VLOOKUP(AG82,'Table 26'!$A$2:$C$438,2,TRUE)>=VLOOKUP(AG82,'Table 26'!$C$2:$D$438,2,TRUE),MAX(VLOOKUP(AG82,'Table 26'!$A$2:$B$438,2,TRUE),VLOOKUP(AG82,'Table 26'!$C$2:$D$438,2,TRUE)),0) -> 0 | AI82: =X82-AF82 -> 0 | AJ82: =IF(VLOOKUP(AI82,'Table 26'!$E$2:$F$306,2,TRUE)>=VLOOKUP(AI82,'Table 26'!$G$2:$H$306,2,TRUE),MAX(VLOOKUP(AI82,'Table 26'!$E$2:$F$306,2,TRUE),VLOOKUP(AI82,'Table 26'!$G$2:$H$306,2,TRUE)),0) -> 0 | AL82: =SUM(AH82+AJ82+AK82+Y82+AA82+AC82+AD82+AE82+AF82) -> 0 | AM82: =V82-AL82 -> 0 | AN82: =O82*0.6 -> 0 | AP82: =AM82+AN82+AO82 -> 0 | AQ82: =V82*0.692% -> 0 | AR82: =O82*5.335 -> 0 | AS82: =2*O82 -> 0 | AT82: =0.04*O82 -> 0 | AV82: =(X82-134.62)*0.057 -> -7.67334 | AW82: =T82*0.04 -> 0
D83: Décembre | E83: 19 | M83: 0 | O83: 0 | V83: =T83+U83 -> 0 | W83: =O83*1.879 -> 0 | X83: =V83+W83 -> 0 | Y83: =IF(AV83<0,0,(X83-134.62)*0.057) -> 0 | AA83: =V83*1.2% -> 0 | AC83: =V83*0.494% -> 0 | AG83: =V83-AD83-AE83-AF83 -> 0 | AH83: =IF(VLOOKUP(AG83,'Table 26'!$A$2:$C$438,2,TRUE)>=VLOOKUP(AG83,'Table 26'!$C$2:$D$438,2,TRUE),MAX(VLOOKUP(AG83,'Table 26'!$A$2:$B$438,2,TRUE),VLOOKUP(AG83,'Table 26'!$C$2:$D$438,2,TRUE)),0) -> 0 | AI83: =X83-AF83 -> 0 | AJ83: =IF(VLOOKUP(AI83,'Table 26'!$E$2:$F$306,2,TRUE)>=VLOOKUP(AI83,'Table 26'!$G$2:$H$306,2,TRUE),MAX(VLOOKUP(AI83,'Table 26'!$E$2:$F$306,2,TRUE),VLOOKUP(AI83,'Table 26'!$G$2:$H$306,2,TRUE)),0) -> 0 | AL83: =SUM(AH83+AJ83+AK83+Y83+AA83+AC83+AD83+AE83+AF83) -> 0 | AM83: =V83-AL83 -> 0 | AN83: =O83*0.6 -> 0 | AP83: =AM83+AN83+AO83 -> 0 | AQ83: =V83*0.692% -> 0 | AR83: =O83*5.335 -> 0 | AS83: =2*O83 -> 0 | AT83: =0.04*O83 -> 0 | AV83: =(X83-134.62)*0.057 -> -7.67334 | AW83: =T83*0.04 -> 0
C84: 26 | D84: Décembre | E84: 26 | M84: 0 | O84: 0 | R84: =P83+P84 -> 0 | S84: =Q83+Q84 -> 0 | V84: =T84+U84 -> 0 | W84: =O84*1.879 -> 0 | X84: =V84+W84 -> 0 | Y84: =IF(AV84<0,0,(X84-134.62)*0.057) -> 0 | AA84: =V84*1.2% -> 0 | AC84: =V84*0.494% -> 0 | AG84: =V84-AD84-AE84-AF84 -> 0 | AH84: =IF(VLOOKUP(AG84,'Table 26'!$A$2:$C$438,2,TRUE)>=VLOOKUP(AG84,'Table 26'!$C$2:$D$438,2,TRUE),MAX(VLOOKUP(AG84,'Table 26'!$A$2:$B$438,2,TRUE),VLOOKUP(AG84,'Table 26'!$C$2:$D$438,2,TRUE)),0) -> 0 | AJ84: =IF(VLOOKUP(AI84,'Table 26'!$E$2:$F$306,2,TRUE)>=VLOOKUP(AI84,'Table 26'!$G$2:$H$306,2,TRUE),MAX(VLOOKUP(AI84,'Table 26'!$E$2:$F$306,2,TRUE),VLOOKUP(AI84,'Table 26'!$G$2:$H$306,2,TRUE)),0) -> 0 | AL84: =SUM(AH84+AJ84+AK84+Y84+AA84+AC84+AD84+AE84+AF84) -> 0 | AM84: =V84-AL84 -> 0 | AN84: =O84*0.6 -> 0 | AP84: =AM84+AN84+AO84 -> 0 | AQ84: =V84*0.692% -> 0 | AR84: =O84*5.335 -> 0 | AS84: =2*O84 -> 0 | AT84: =0.04*O84 -> 0 | AV84: =(X84-134.62)*0.057 -> -7.67334 | AW84: =T84*0.04 -> 0
D85: Décembre | M85: 0 | O85: 0 | V85: =T85+U85 -> 0 | W85: =O85*1.879 -> 0 | X85: =V85+W85 -> 0 | Y85: =IF(AV85<0,0,(X85-134.62)*0.057) -> 0 | AA85: =V85*1.2% -> 0 | AC85: =V85*0.494% -> 0 | AG85: =V85-AD85-AE85-AF85 -> 0 | AH85: =IF(VLOOKUP(AG85,'Table 26'!$A$2:$C$438,2,TRUE)>=VLOOKUP(AG85,'Table 26'!$C$2:$D$438,2,TRUE),MAX(VLOOKUP(AG85,'Table 26'!$A$2:$B$438,2,TRUE),VLOOKUP(AG85,'Table 26'!$C$2:$D$438,2,TRUE)),0) -> 0 | AI85: =X85-AF85 -> 0 | AJ85: =IF(VLOOKUP(AI85,'Table 26'!$E$2:$F$306,2,TRUE)>=VLOOKUP(AI85,'Table 26'!$G$2:$H$306,2,TRUE),MAX(VLOOKUP(AI85,'Table 26'!$E$2:$F$306,2,TRUE),VLOOKUP(AI85,'Table 26'!$G$2:$H$306,2,TRUE)),0) -> 0 | AL85: =SUM(AH85+AJ85+AK85+Y85+AA85+AC85+AD85+AE85+AF85) -> 0 | AM85: =V85-AL85 -> 0 | AN85: =O85*0.6 -> 0 | AP85: =AM85+AN85+AO85 -> 0 | AQ85: =V85*0.692% -> 0 | AR85: =O85*5.335 -> 0 | AS85: =2*O85 -> 0 | AT85: =0.04*O85 -> 0 | AV85: =(X85-134.62)*0.057 -> -7.67334 | AW85: =T85*0.04 -> 0
D86: total mois | M86: 0 | N86: 0 | O86: 0 | T86: =SUM(T81:T85) -> 0 | U86: =SUM(U81:U85) -> 0 | V86: =SUM(V81:V85) -> 0 | W86: =SUM(W81:W85) -> 0 | X86: =SUM(X81:X85) -> 0 | Y86: =SUM(Y81:Y85) -> 0 | Z86: =SUM(Z81:Z85) -> 0 | AA86: =SUM(AA81:AA85) -> 0 | ... AC86: =SUM(AC81:AC85) -> 0 | AE86: =SUM(AE81:AE85) -> 0 | AG86: =SUM(AG81:AG85) -> 0 | AH86: =SUM(AH81:AH85) -> 0 | AI86: =SUM(AI81:AI85) -> 0 | AJ86: =SUM(AJ81:AJ85) -> 0 | AL86: =SUM(AL81:AL85) -> 0 | AM86: =SUM(AM81:AM85) -> 0 | AN86: =SUM(AN81:AN85) -> 0 | AO86: =SUM(AO81:AO85) -> 0 | AP86: =SUM(AP81:AP85) -> 0 | AQ86: =SUM(AQ81:AQ85) -> 0 | AR86: =SUM(AR81:AR85) -> 0 | AS86: =SUM(AS81:AS85) -> 0 | ... AU86: =SUM(AU81:AU85) -> 0 | AW86: =SUM(AW81:AW85) -> 0
D88: total année | M88: 0 | N88: 0 | O88: =O9+O16+O23+O30+O37+O44+O51+O58+O65+O72+O79+O86 -> 0 | T88: =T9+T16+T23+T30+T37+T44+T51+T58+T65+T72+T79+T86 -> 773.5 | U88: =U9+U16+U23+U30+U37+U44+U51+U58+U65+U72+U79+U86 -> 0 | V88: =V9+V16+V23+V30+V37+V44+V51+V58+V65+V72+V79+V86 -> 773.5 | W88: =W9+W16+W23+W30+W37+W44+W51+W58+W65+W72+W79+W86 -> 0 | X88: =X9+X16+X23+X30+X37+X44+X51+X58+X65+X72+X79+X86 -> 773.5 | Y88: =Y9+Y16+Y23+Y30+Y37+Y44+Y51+Y58+Y65+Y72+Y79+Y86 -> 36.41616 | Z88: =Z9+Z16+Z23+Z30+Z37+Z44+Z51+Z58+Z65+Z72+Z79+Z86 -> 0 | AA88: =AA9+AA16+AA23+AA30+AA37+AA44+AA51+AA58+AA65+AA72+AA79+AA86 -> 9.282 | ... AC88: =AC9+AC16+AC23+AC30+AC37+AC44+AC51+AC58+AC65+AC72+AC79+AC86 -> 3.82109 | AE88: =AE9+AE16+AE23+AE30+AE37+AE44+AE51+AE58+AE65+AE72+AE79+AE86 -> 0 | AG88: =AG9+AG16+AG23+AG30+AG37+AG44+AG51+AG58+AG65+AG72+AG79+AG86 -> 773.5 | AH88: =AH9+AH16+AH23+AH30+AH37+AH44+AH51+AH58+AH65+AH72+AH79+AH86 -> 25.6 | AI88: =AI9+AI16+AI23+AI30+AI37+AI44+AI51+AI58+AI65+AI72+AI79+AI86 -> 773.5 | AJ88: =AJ9+AJ16+AJ23+AJ30+AJ37+AJ44+AJ51+AJ58+AJ65+AJ72+AJ79+AJ86 -> 19.78 | AL88: =AL9+AL16+AL23+AL30+AL37+AL44+AL51+AL58+AL65+AL72+AL79+AL86 -> 94.89925 | AM88: =AM9+AM16+AM23+AM30+AM37+AM44+AM51+AM58+AM65+AM72+AM79+AM86 -> 678.60075 | AN88: =AN9+AN16+AN23+AN30+AN37+AN44+AN51+AN58+AN65+AN72+AN79+AN86 -> 0 | AO88: =AO9+AO16+AO23+AO30+AO37+AO44+AO51+AO58+AO65+AO72+AO79+AO86 -> 54 | AP88: =AP9+AP16+AP23+AP30+AP37+AP44+AP51+AP58+AP65+AP72+AP79+AP86 -> 732.60075 | AQ88: =AQ9+AQ16+AQ23+AQ30+AQ37+AQ44+AQ51+AQ58+AQ65+AQ72+AQ79+AQ86 -> 5.35262 | AR88: =AR9+AR16+AR23+AR30+AR37+AR44+AR51+AR58+AR65+AR72+AR79+AR86 -> 0 | AS88: =AS9+AS16+AS23+AS30+AS37+AS44+AS51+AS58+AS65+AS72+AS79+AS86 -> 0 | ... AW88: =AW9+AW16+AW23+AW30+AW37+AW44+AW51+AW58+AW65+AW72+AW79+AW86 -> 30.94

Sheet TP E3
F5: Période | H5: 3
F7: du :
F8: au :
F9: Payé le :
F11: Au montant de : | H11: =VLOOKUP($H$5,Empl.3!$C$4:$AW$86,40,FALSE) -> 732.60075
B14: Heures et revenus | F14: Déductions à la source
C15: Heure | D15: Total | E15: Cumulatif | G15: Montant | H15: Cumulatif
B17: Heures | C17: =VLOOKUP($H$5,Empl.2!$C$4:$AW$86,16,FALSE) -> 30 | F17: Impôt fédéral | G17: =VLOOKUP($H$5,Empl.2!$C$4:$AW$86,32,FALSE) -> 22.6
B18: Salaire reg | D18: =VLOOKUP($H$5,Empl.2!$C$4:$AW$86,18,FALSE) -> 750 | F18: Impôt provincial | G18: =VLOOKUP($H$5,Empl.2!$C$4:$AW$86,34,FALSE) -> 16.85
B19: Vacances (4%) | D19: =VLOOKUP($H$5,Empl.2!$C$4:$AW$86,47,FALSE) -> 30 | F19: Assurance-emploi | G19: =VLOOKUP($H$5,Empl.2!$C$4:$AW$86,25,FALSE) -> 9
B20: Remb. Km | D20: =VLOOKUP($H$5,Empl.2!$C$4:$AW$86,39,FALSE) -> 54 | F20: RRQ | G20: =VLOOKUP($H$5,Empl.2!$C$4:$AW$86,23,FALSE) -> 35.07666
F21: RQAP | G21: =VLOOKUP($H$5,Empl.2!$C$4:$AW$86,27,FALSE) -> 3.705
B23: Total | D23: =SUM(D18:D20) -> 834 | G23: =SUM(G17:G22) -> 87.23166
B25: Description | D25: Période | E25: Cumulatif
B28: Salaire régulier | D28: =D18 -> 750 | E28: =VLOOKUP($H$5,Empl.2!$C$4:$AW$86,18,FALSE) -> 750
B29: Vacances | D29: =D19 -> 30
B30: Heures | D30: =C17 -> 30
B31: Remb. Km | D31: =D20 -> 54
F34: À payer : | G34: =D18+D20-G23 -> 716.76834

Sheet employé3
A1: nom | D1: Mois | E1: SemF | F1: di | G1: lu | H1: ma | I1: me | J1: je | K1: ve | L1: sa | M1: Rég. | N1: sup | O1: Hr | P1: Rénum | Q1: Vacanc | R1: TotalRén. | S1: avant. | T1: total | U1: R.R.Q. | V1: cumul. | W1: AssEmpl | X1: gainsass | Y1: RQAP | Z1: prélCCQ | AA1: Cot.synd | AB1: avant.soc | AC1: sal/admfed | AD1: Impôt féd. | AE1: sal/admprov | AF1: Impôt prov. | AG1: vacanc | AH1: Déduction | AI1: TOTAL | AJ1: équip. | AK1: salairenet | AL1: RQAP | AM1: av.soc.empl | AN1: tx ass | AO1: cont. Sec.
A2: adresse | D2: janvier
A3: ville | D3: janvier | E3: 4
A4: code postale | D4: janvier | E4: 11
A5: téléphone: | D5: janvier | E5: 18
D6: janvier | E6: 25
A7: # assurance sociale : | D7: Total mois
A9: Date de naissance: | D9: Février | E9: 1 | P9: =31.67*O9 -> 0 | Q9: =13%*P9 -> 0 | R9: =P9+Q9 -> 0 | S9: =1.93*O9 -> 0 | T9: =R9+S9 -> 0 | W9: =R9*1.47% -> 0 | Y9: =R9*0.559% -> 0 | Z9: =0.75%*R9 -> 0 | AB9: =1.7*O9 -> 0 | AC9: =R9-Z9-AA9-AB9 -> 0 | AG9: =Q9 -> 0 | AH9: =U9+W9+Y9+Z9+AA9+AB9+AD9+AF9+AG9 -> 0 | AI9: =R9-AH9 -> 0 | AJ9: =0.6*O9 -> 0 | AK9: =AI9+AJ9 -> 0 | AL9: =R9*0.782% -> 0 | AM9: =5.755*O9 -> 0 | AN9: =1.95*O9 -> 0 | AO9: =0.02*O9 -> 0
D10: Février | E10: 8 | P10: =31.67*O10 -> 0 | Q10: =13%*P10 -> 0 | R10: =P10+Q10 -> 0 | S10: =1.93*O10 -> 0 | T10: =R10+S10 -> 0 | W10: =R10*1.47% -> 0 | Y10: =R10*0.559% -> 0 | Z10: =0.75%*R10 -> 0 | AB10: =1.7*O10 -> 0 | AC10: =R10-Z10-AA10-AB10 -> 0 | AG10: =Q10 -> 0 | AH10: =U10+W10+Y10+Z10+AA10+AB10+AD10+AF10+AG10 -> 0 | AI10: =R10-AH10 -> 0 | AJ10: =0.6*O10 -> 0 | AK10: =AI10+AJ10 -> 0 | AL10: =R10*0.782% -> 0 | AM10: =5.755*O10 -> 0 | AN10: =1.95*O10 -> 0 | AO10: =0.02*O10 -> 0
A11: Célibataire | D11: Février | E11: 15 | P11: =31.67*O11 -> 0 | Q11: =13%*P11 -> 0 | R11: =P11+Q11 -> 0 | S11: =1.93*O11 -> 0 | T11: =R11+S11 -> 0 | W11: =R11*1.47% -> 0 | Y11: =R11*0.559% -> 0 | Z11: =0.75%*R11 -> 0 | AB11: =1.7*O11 -> 0 | AC11: =R11-Z11-AA11-AB11 -> 0 | AG11: =Q11 -> 0 | AH11: =U11+W11+Y11+Z11+AA11+AB11+AD11+AF11+AG11 -> 0 | AI11: =R11-AH11 -> 0 | AJ11: =0.6*O11 -> 0 | AK11: =AI11+AJ11 -> 0 | AL11: =R11*0.782% -> 0 | AM11: =5.755*O11 -> 0 | AN11: =1.95*O11 -> 0 | AO11: =0.02*O11 -> 0
A12: nb de dépendant: 0 | D12: Février | E12: 22 | P12: =31.67*O12 -> 0 | Q12: =13%*P12 -> 0 | R12: =P12+Q12 -> 0 | S12: =1.93*O12 -> 0 | T12: =R12+S12 -> 0 | W12: =R12*1.47% -> 0 | Y12: =R12*0.559% -> 0 | Z12: =0.75%*R12 -> 0 | AB12: =1.7*O12 -> 0 | AC12: =R12-Z12-AA12-AB12 -> 0 | AG12: =Q12 -> 0 | AH12: =U12+W12+Y12+Z12+AA12+AB12+AD12+AF12+AG12 -> 0 | AI12: =R12-AH12 -> 0 | AJ12: =0.6*O12 -> 0 | AK12: =AI12+AJ12 -> 0 | AL12: =R12*0.782% -> 0 | AM12: =5.755*O12 -> 0 | AN12: =1.95*O12 -> 0 | AO12: =0.02*O12 -> 0
A13: Déduction: Fédéral: 1 | D13: Total mois | O13: =SUM(O9:O12) -> 0 | P13: =SUM(P9:P12) -> 0 | Q13: =SUM(Q9:Q12) -> 0 | R13: =SUM(R9:R12) -> 0 | S13: =SUM(S9:S12) -> 0 | T13: =SUM(T9:T12) -> 0 | U13: =SUM(U9:U12) -> 0 | V13: =SUM(V9:V12) -> 0 | ... AO13: =SUM(AO9:AO12) -> 0
A14: Provincial: A
D15: Mars | E15: 1 | P15: =O15*31.67 -> 0 | Q15: =P15*13% -> 0 | R15: =P15+Q15 -> 0 | S15: =1.93*O15 -> 0 | T15: =R15+S15 -> 0 | W15: =R15*1.47% -> 0 | Y15: =R15*0.559% -> 0 | Z15: =R15*0.75% -> 0 | AB15: =1.7*O15 -> 0 | AC15: =R15-Z15-AA15-AB15 -> 0 | AG15: =Q15 -> 0 | AH15: =U15+W15+Y15+Z15+AA15+AB15+AD15+AF15+AG15 -> 0 | AI15: =R15-AH15 -> 0 | AJ15: =0.6*O15 -> 0 | AK15: =AI15+AJ15 -> 0 | AL15: =R15*0.782% -> 0 | AM15: =5.755*O15 -> 0 | AN15: =1.95*O15 -> 0 | AO15: =0.02*O15 -> 0
D16: Mars | E16: 8 | P16: =O16*31.67 -> 0 | Q16: =P16*13% -> 0 | R16: =P16+Q16 -> 0 | S16: =1.93*O16 -> 0 | T16: =R16+S16 -> 0 | W16: =R16*1.47% -> 0 | Y16: =R16*0.559% -> 0 | Z16: =R16*0.75% -> 0 | AB16: =1.7*O16 -> 0 | AC16: =R16-Z16-AA16-AB16 -> 0 | AG16: =Q16 -> 0 | AH16: =U16+W16+Y16+Z16+AA16+AB16+AD16+AF16+AG16 -> 0 | AI16: =R16-AH16 -> 0 | AJ16: =0.6*O16 -> 0 | AK16: =AI16+AJ16 -> 0 | AL16: =R16*0.782% -> 0 | AM16: =5.755*O16 -> 0 | AN16: =1.95*O16 -> 0 | AO16: =0.02*O16 -> 0
A17: Genre de travail:Peintre | D17: Mars | E17: 15 | P17: =O17*31.67 -> 0 | Q17: =P17*13% -> 0 | R17: =P17+Q17 -> 0 | S17: =1.93*O17 -> 0 | T17: =R17+S17 -> 0 | W17: =R17*1.47% -> 0 | Y17: =R17*0.559% -> 0 | Z17: =R17*0.75% -> 0 | AB17: =1.7*O17 -> 0 | AC17: =R17-Z17-AA17-AB17 -> 0 | AG17: =Q17 -> 0 | AH17: =U17+W17+Y17+Z17+AA17+AB17+AD17+AF17+AG17 -> 0 | AI17: =R17-AH17 -> 0 | AJ17: =0.6*O17 -> 0 | AK17: =AI17+AJ17 -> 0 | AL17: =R17*0.782% -> 0 | AM17: =5.755*O17 -> 0 | AN17: =1.95*O17 -> 0 | AO17: =0.02*O17 -> 0
A18: Date d'emploi: | D18: Mars | E18: 22 | P18: =O18*31.67 -> 0 | Q18: =P18*13% -> 0 | R18: =P18+Q18 -> 0 | S18: =1.93*O18 -> 0 | T18: =R18+S18 -> 0 | W18: =R18*1.47% -> 0 | Y18: =R18*0.559% -> 0 | Z18: =R18*0.75% -> 0 | AB18: =1.7*O18 -> 0 | AC18: =R18-Z18-AA18-AB18 -> 0 | AG18: =Q18 -> 0 | AH18: =U18+W18+Y18+Z18+AA18+AB18+AD18+AF18+AG18 -> 0 | AI18: =R18-AH18 -> 0 | AJ18: =0.6*O18 -> 0 | AK18: =AI18+AJ18 -> 0 | AL18: =R18*0.782% -> 0 | AM18: =5.755*O18 -> 0 | AN18: =1.95*O18 -> 0 | AO18: =0.02*O18 -> 0
A19: Taux horaire:31,67 | D19: Mars | E19: 29 | P19: =O19*31.67 -> 0 | Q19: =P19*13% -> 0 | R19: =P19+Q19 -> 0 | S19: =1.93*O19 -> 0 | T19: =R19+S19 -> 0 | W19: =R19*1.47% -> 0 | Y19: =R19*0.559% -> 0 | Z19: =R19*0.75% -> 0 | AA19: =((0.06*O19)) -> 0 | AB19: =1.7*O19 -> 0 | AC19: =R19-Z19-AA19-AB19 -> 0 | AG19: =Q19 -> 0 | AH19: =U19+W19+Y19+Z19+AA19+AB19+AD19+AF19+AG19 -> 0 | AI19: =R19-AH19 -> 0 | AJ19: =0.6*O19 -> 0 | AK19: =AI19+AJ19 -> 0 | AL19: =R19*0.782% -> 0 | AM19: =5.755*O19 -> 0 | AN19: =1.95*O19 -> 0 | AO19: =0.02*O19 -> 0
A20: Emploi terminé: | D20: Total mois | O20: =SUM(O15:O19) -> 0 | P20: =SUM(P15:P19) -> 0 | Q20: =SUM(Q15:Q19) -> 0 | R20: =SUM(R15:R19) -> 0 | S20: =SUM(S15:S19) -> 0 | T20: =SUM(T15:T19) -> 0 | U20: =SUM(U15:U19) -> 0 | V20: =SUM(V15:V19) -> 0 | ... AO20: =SUM(AO15:AO19) -> 0
A22: code travail : 350 | D22: Avril | E22: 7
A23: syndicat:0099 | D23: Avril | E23: 5 | P23: =O23*31.67 -> 0 | Q23: =P23*13% -> 0 | R23: =P23+Q23 -> 0 | S23: =1.93*O23 -> 0 | T23: =R23+S23 -> 0 | W23: =R23*1.47% -> 0 | Y23: =R23*0.559% -> 0 | Z23: =R23*0.75% -> 0 | AB23: =1.7*O23 -> 0 | AC23: =R23-Z23-AA23-AB23 -> 0 | AG23: =Q23 -> 0 | AH23: =U23+W23+Y23+Z23+AA23+AB23+AD23+AF23+AG23 -> 0 | AI23: =R23-AH23 -> 0 | AJ23: =0.6*O23 -> 0 | AK23: =AI23+AJ23 -> 0 | AL23: =R23*0.782% -> 0 | AM23: =5.755*O23 -> 0 | AN23: =1.95*O23 -> 0 | AO23: =0.02*O23 -> 0
D24: Avril | E24: 12 | P24: =O24*31.67 -> 0 | Q24: =P24*13% -> 0 | R24: =P24+Q24 -> 0 | S24: =1.93*O24 -> 0 | T24: =R24+S24 -> 0 | W24: =R24*1.47% -> 0 | Y24: =R24*0.559% -> 0 | Z24: =R24*0.75% -> 0 | AB24: =1.7*O24 -> 0 | AC24: =R24-Z24-AA24-AB24 -> 0 | AG24: =Q24 -> 0 | AH24: =U24+W24+Y24+Z24+AA24+AB24+AD24+AF24+AG24 -> 0 | AI24: =R24-AH24 -> 0 | AJ24: =0.6*O24 -> 0 | AK24: =AI24+AJ24 -> 0 | AL24: =R24*0.782% -> 0 | AM24: =5.755*O24 -> 0 | AN24: =1.95*O24 -> 0 | AO24: =0.02*O24 -> 0
D25: Avril | E25: 19 | P25: =O25*31.67 -> 0 | Q25: =P25*13% -> 0 | R25: =P25+Q25 -> 0 | S25: =1.93*O25 -> 0 | T25: =R25+S25 -> 0 | W25: =R25*1.47% -> 0 | Y25: =R25*0.559% -> 0 | Z25: =R25*0.75% -> 0 | AB25: =1.7*O25 -> 0 | AC25: =R25-Z25-AA25-AB25 -> 0 | AG25: =Q25 -> 0 | AH25: =U25+W25+Y25+Z25+AA25+AB25+AD25+AF25+AG25 -> 0 | AI25: =R25-AH25 -> 0 | AJ25: =0.6*O25 -> 0 | AK25: =AI25+AJ25 -> 0 | AL25: =R25*0.782% -> 0 | AM25: =5.755*O25 -> 0 | AN25: =1.95*O25 -> 0 | AO25: =0.02*O25 -> 0
D26: Avril | E26: 26
D27: total mois | O27: =SUM(O22:O26) -> 0 | P27: =SUM(P22:P26) -> 0 | Q27: =SUM(Q22:Q26) -> 0 | R27: =SUM(R22:R26) -> 0 | S27: =SUM(S22:S26) -> 0 | T27: =SUM(T22:T26) -> 0 | U27: =SUM(U22:U26) -> 0 | V27: =SUM(V22:V26) -> 0 | ... AO27: =SUM(AO22:AO26) -> 0
D29: Mai | E29: 3
D30: Mai | E30: 10 | P30: =32.4*O30 -> 0 | Q30: =P30*13% -> 0 | R30: =P30+Q30 -> 0 | S30: =1.93*O30 -> 0 | T30: =R30+S30 -> 0 | W30: =R30*1.47% -> 0 | Y30: =R30*0.559% -> 0 | Z30: =R30*0.75% -> 0 | AB30: =1.7*O30 -> 0 | AC30: =R30-Z30-AA30-AB30 -> 0 | AG30: =Q30 -> 0 | AH30: =SUM(U30+W30+Y30+Z30+AA30+AB30+AD30+AF30+AG30) -> 0 | AI30: =R30-AH30 -> 0 | AJ30: =0.65*O30 -> 0 | AK30: =AI30+AJ30 -> 0 | AL30: =R30*0.782% -> 0 | AM30: =6.075*O30 -> 0 | AN30: =2*O30 -> 0 | AO30: =0.02*O30 -> 0
D31: Mai | E31: 17 | P31: =32.4*O31 -> 0 | Q31: =P31*13% -> 0 | R31: =P31+Q31 -> 0 | S31: =1.93*O31 -> 0 | T31: =R31+S31 -> 0 | W31: =R31*1.47% -> 0 | Y31: =R31*0.559% -> 0 | Z31: =R31*0.75% -> 0 | AB31: =1.7*O31 -> 0 | AC31: =R31-Z31-AA31-AB31 -> 0 | AG31: =Q31 -> 0 | AH31: =SUM(U31+W31+Y31+Z31+AA31+AB31+AD31+AF31+AG31) -> 0 | AI31: =R31-AH31 -> 0 | AJ31: =0.65*O31 -> 0 | AK31: =AI31+AJ31 -> 0 | AL31: =R31*0.782% -> 0 | AM31: =6.075*O31 -> 0 | AN31: =2*O31 -> 0 | AO31: =0.02*O31 -> 0
D32: Mai | E32: 24 | P32: =32.4*O32 -> 0 | Q32: =P32*13% -> 0 | R32: =P32+Q32 -> 0 | S32: =1.93*O32 -> 0 | T32: =R32+S32 -> 0 | W32: =R32*1.47% -> 0 | Y32: =R32*0.559% -> 0 | Z32: =R32*0.75% -> 0 | AB32: =1.7*O32 -> 0 | AC32: =R32-Z32-AA32-AB32 -> 0 | AG32: =Q32 -> 0 | AH32: =SUM(U32+W32+Y32+Z32+AA32+AB32+AD32+AF32+AG32) -> 0 | AI32: =R32-AH32 -> 0 | AJ32: =0.65*O32 -> 0 | AK32: =AI32+AJ32 -> 0 | AL32: =R32*0.782% -> 0 | AM32: =6.075*O32 -> 0 | AN32: =2*O32 -> 0 | AO32: =0.02*O32 -> 0
D33: Mai | E33: 31 | P33: =32.4*O33 -> 0 | Q33: =P33*13% -> 0 | R33: =P33+Q33 -> 0 | S33: =1.93*O33 -> 0 | T33: =R33+S33 -> 0 | W33: =R33*1.47% -> 0 | Y33: =R33*0.559% -> 0 | Z33: =R33*0.75% -> 0 | AB33: =1.7*O33 -> 0 | AC33: =R33-Z33-AA33-AB33 -> 0 | AG33: =Q33 -> 0 | AH33: =SUM(U33+W33+Y33+Z33+AA33+AB33+AD33+AF33+AG33) -> 0 | AI33: =R33-AH33 -> 0 | AJ33: =0.65*O33 -> 0 | AK33: =AI33+AJ33 -> 0 | AL33: =R33*0.782% -> 0 | AM33: =6.075*O33 -> 0 | AN33: =2*O33 -> 0 | AO33: =0.02*O33 -> 0
D34: total mois | O34: =SUM(O29:O33) -> 0 | P34: =SUM(P29:P33) -> 0 | Q34: =SUM(Q29:Q33) -> 0 | R34: =SUM(R29:R33) -> 0 | S34: =SUM(S29:S33) -> 0 | T34: =SUM(T29:T33) -> 0 | U34: =SUM(U29:U33) -> 0 | V34: =SUM(V29:V33) -> 0 | ... AO34: =SUM(AO29:AO33) -> 0
D36: Juin | E36: 7
D37: Juin | E37: 14
D38: Juin | E38: 21
D39: Juin | E39: 28
D40: juin
D41: total mois
D43: Juillet
D44: Juillet | E44: 5
D45: Juillet | E45: 12
D46: Juillet | E46: 19
D47: juillet | E47: 26
D48: total mois
D50: Août | E50: 2
D51: Août | E51: 9
D52: Août | E52: 16
D53: Août | E53: 23
D54: Août | E54: 30
D55: total mois
D57: Septembre | E57: 1
D58: Septembre | E58: 6
D59: Septembre | E59: 13
D60: Septembre | E60: 20
D61: Septembre | E61: 27 | P61: =O61*32.4 -> 0 | Q61: =P61*13% -> 0 | R61: =P61+Q61 -> 0 | S61: =O61*1.902 -> 0 | T61: =R61+S61 -> 0 | Y61: =R61*0.559% -> 0 | Z61: =R61*0.75% -> 0 | AB61: =O61*1.7 -> 0 | AC61: =R61-Z61-AA61-AB61 -> 0 | AE61: =T61-AB61 -> 0 | AG61: =Q61 -> 0 | AH61: =SUM(U61+W61+Y61+Z61+AA61+AB61+AD61+AF61+AG61) -> 0 | AI61: =R61-AH61 -> 0 | AJ61: =0.65*O61 -> 0 | AK61: =AI61+AJ61 -> 0 | AL61: =R61*0.782% -> 0 | AM61: =6.075*O61 -> 0 | AN61: =O61*2 -> 0 | AO61: =0.02*O61 -> 0
D62: total mois
D64: Octobre
D65: Octobre | E65: 4
D66: Octobre | E66: 11
D67: Octobre | E67: 18
D68: Octobre | E68: 25
D69: total mois
D71: Novembre | E71: 1
D72: Novembre | E72: 8
D73: Novembre | E73: 15
D74: Novembre | E74: 22
D75: Novembre | E75: 29
D76: total mois
D78: Décembre | E78: 1
D79: Décembre | E79: 6
D80: Décembre | E80: 13
D81: Décembre | E81: 20
D82: Décembre | E82: 27
D83: total mois
D85: total année | P85: =SUM(P7+P13+P20+P27+P34+P41+P48+P55+P62+P69+P76+P83) -> 0 | Q85: =SUM(Q7+Q13+Q20+Q27+Q34+Q41+Q48+Q55+Q62+Q69+Q76+Q83) -> 0 | R85: =SUM(R7+R13+R20+R27+R34+R41+R48+R55+R62+R69+R76+R83) -> 0 | S85: =SUM(S7+S13+S20+S27+S34+S41+S48+S55+S62+S69+S76+S83) -> 0 | T85: =SUM(T7+T13+T20+T27+T34+T41+T48+T55+T62+T69+T76+T83) -> 0 | U85: =SUM(U7+U13+U20+U27+U34+U41+U48+U55+U62+U69+U76+U83) -> 0 | V85: =SUM(V7+V13+V20+V27+V34+V41+V48+V55+V62+V69+V76+V83) -> 0 | W85: =SUM(W7+W13+W20+W27+W34+W41+W48+W55+W62+W69+W76+W83) -> 0 | ... AO85: =SUM(AO7+AO13+AO20+AO27+AO34+AO41+AO48+AO55+AO62+AO69+AO76+AO83) -> 0

Sheet employé4
